Workbook
Name condicion: #REF!
Name edad: #REF!
Name etnias: #REF!
Name FUENTE_DE_FINANCIACION: Listas!$I$2:$I$6
Name genero: #REF!
Name INDICADOR: #REF!
Name localidad: #REF!
Name META_DEL_PLAN_ESTRATEGICO_ASOCIADA_AL_OBJETIVO_ESTRATEGICO: Listas!$H$2:$H$7
Name META_PLAN_DE_DESARROLLO: Listas!$D$2:$D$14
Name META_SECTOR_DEL_PLAN_DE_DESARROLLO_DISTRITAL: Listas!$D$2:$D$14
Name METAS_PROYECTO_DE_INVERSIÓN: Listas!$F$2:$F$23
Name objetivos: #REF!
Name OBJETIVOS_ESTRATEGICOS: Listas!$G$2:$G$8
Name PROCESOS: Listas!$A$2:$A$17
Name PROGRAMA: Listas!$C$2:$C$7
Name PROPOSITOS: Listas!$B$2:$B$6
Name PROYECTO_DE_INVERSIÓN: Listas!$E$2:$E$7
Name responsable: #REF!
Name SUBSECRETARIA: #REF!
Name tactividad: #REF!
Name tmeta: #REF!

Sheet PORTADA PAI

Sheet Planes Consolidados
A4: PLAN OPERATIVO ASOCIADO (Según Decreto 612 y Guía Distrital) | B4: SUBDIRECCIÓN U OFICINA RESPONSABLE | C4: PROCESO RELACIONADO | D4: Enero Programado % | E4: Enero Ejecutado % | F4: Febrero Programado % | G4: Febrero Ejecutado % | H4: Marzo Programado % | I4: Marzo Ejecutado % | J4: Abril Programado % | K4: Abril Ejecutado % | L4: Mayo Programado % | M4: Mayo Ejecutado % | N4: Junio Programado % | O4: Junio Ejecutado % | P4: Julio Programado % | Q4: Julio Ejecutado % | R4: Agosto Programado % | S4: Agosto Ejecutado % | T4: Septiembre Programado % | U4: Septiembre Ejecutado % | V4: Octubre Programado % | W4: Octubre Ejecutado % | X4: Noviembre Programado % | Y4: Noviembre Ejecutado % | Z4: Diciembre Programado % | AA4: Diciembre Ejecutado % | AB4: EJECUTADO ACUMULADO AÑO % | AC4: PROGRAMADO AÑO %
A5: Plan Institucional de Archivos de la Entidad | B5: Subdirección Administrativa y Financiera | C5: Gestión Documental | D5: 0 | E5: 0 | F5: 0 | G5: 0 | H5: 0.23 | I5: 0.23 | J5: 0 | K5: 0 | L5: 0 | M5: 0 | N5: 0.23 | O5: 0.23 | AB5: =+E5+G5+I5+K5+M5+O5+Q5+S5+U5+W5+Y5+AA5 -> 0.46 | AC5: =+D5+F5+H5+J5+L5+N5+P5+R5+T5+X5+Z5+V5 -> 0.46
A6: Plan Anual de Adquisiciones | B6: Oficina Asesora de Planeación | C6: Todos | D6: 0.4807 | E6: 0.304 | F6: 0.3247 | G6: 0.1868 | H6: 0 | I6: 0 | J6: 0.0017 | K6: 0.0001 | L6: 0.0017 | M6: 0.0004 | N6: 0.0049 | O6: 0.009 | AB6: =+E6+G6+I6+K6+M6+O6+Q6+S6+U6+W6+Y6+AA6 -> 0.5003 | AC6: =+D6+F6+H6+J6+L6+N6+P6+R6+T6+X6+Z6+V6 -> 0.8137
A7: Plan Anual de Provisión de Vacantes y Previsión de Recursos | B7: Subdirección Administrativa y Financiera | C7: Gestión del Talento Humano | D7: 0 | E7: 0 | F7: 0 | G7: 0 | H7: 0 | I7: 0 | J7: 0.33 | K7: 0.33 | L7: 0 | M7: 0 | N7: 0 | O7: 0 | AB7: =+E7+G7+I7+K7+M7+O7+Q7+S7+U7+W7+Y7+AA7 -> 0.33 | AC7: =+D7+F7+H7+J7+L7+N7+P7+R7+T7+X7+Z7+V7 -> 0.33
A8: Plan Estratégico de Talento Humano | B8: Subdirección Administrativa y Financiera | C8: Gestión del Talento Humano | D8: 0 | E8: 0 | F8: 0 | G8: 0 | H8: 0 | I8: 0 | J8: 0.33 | K8: 0.33 | L8: 0 | M8: 0 | N8: 0 | O8: 0 | AB8: =+E8+G8+I8+K8+M8+O8+Q8+S8+U8+W8+Y8+AA8 -> 0.33 | AC8: =+D8+F8+H8+J8+L8+N8+P8+R8+T8+X8+Z8+V8 -> 0.33
A9: Plan Institucional de Capacitación | B9: Subdirección Administrativa y Financiera | C9: Gestión del Talento Humano | D9: 0.11 | E9: 0.11 | F9: 0.11 | G9: 0.05 | H9: 0.05 | I9: 0.05 | J9: 0.11 | K9: 0.11 | L9: 0.11 | M9: 0.11 | N9: 0.07 | O9: 0.07 | AB9: =+E9+G9+I9+K9+M9+O9+Q9+S9+U9+W9+Y9+AA9 -> 0.5 | AC9: =+D9+F9+H9+J9+L9+N9+P9+R9+T9+X9+Z9+V9 -> 0.56
A10: Plan de Bienestar Social e Incentivos | B10: Subdirección Administrativa y Financiera | C10: Gestión del Talento Humano | D10: 0.13 | E10: 0.13 | F10: 0.06 | G10: 0.06 | H10: 0.06 | I10: 0.05 | J10: 0.13 | K10: 0.13 | L10: 0.06 | M10: 0.06 | N10: 0.13 | O10: 0.13 | AB10: =+E10+G10+I10+K10+M10+O10+Q10+S10+U10+W10+Y10+AA10 -> 0.56 | AC10: =+D10+F10+H10+J10+L10+N10+P10+R10+T10+X10+Z10+V10 -> 0.57
A11: Sistema de Gestión y Seguridad de Salud en el Trabajo | B11: Subdirección Administrativa y Financiera | C11: Gestión del Talento Humano | D11: 0.08 | E11: 0.08 | F11: 0.11 | G11: 0.11 | H11: 0.11 | I11: 0.11 | J11: 0.1 | K11: 0.1 | L11: 0.11 | M11: 0.11 | N11: 0.11 | O11: 0.11 | AB11: =+E11+G11+I11+K11+M11+O11+Q11+S11+U11+W11+Y11+AA11 -> 0.62 | AC11: =+D11+F11+H11+J11+L11+N11+P11+R11+T11+X11+Z11+V11 -> 0.62
A12: Programa de Transparencia y Ética Pública | B12: Oficina Asesora de Planeación | C12: Direccionamiento Estratégico | D12: 0.03 | E12: 0.02 | F12: 0.03 | G12: 0.03 | H12: 0.06 | I12: 0.06 | J12: 0.09 | K12: 0.1 | L12: 0.06 | M12: 0.05 | N12: 0.12 | O12: 0.13 | AB12: =+E12+G12+I12+K12+M12+O12+Q12+S12+U12+W12+Y12+AA12 -> 0.39 | AC12: =+D12+F12+H12+J12+L12+N12+P12+R12+T12+X12+Z12+V12 -> 0.39
A13: Plan Estratégico de Tecnologías de la Información y las Comunicaciones | B13: Oficina Asesora de las Tecnologías y las Comunicaciones | C13: Gestión Tecnológica y de la Información | D13: 0 | E13: 0 | F13: 0.17 | G13: 0.17 | H13: 0 | I13: 0 | J13: 0.17 | K13: 0.17 | L13: 0 | M13: 0 | N13: 0.17 | O13: 0.17 | AB13: =+E13+G13+I13+K13+M13+O13+Q13+S13+U13+W13+Y13+AA13 -> 0.51 | AC13: =+D13+F13+H13+J13+L13+N13+P13+R13+T13+X13+Z13+V13 -> 0.51
A14: Plan de Tratamiento de Riesgos de Seguridad y Privacidad de la Información | B14: Oficina Asesora de las Tecnologías y las Comunicaciones | C14: Gestión Tecnológica y de la Información | D14: 0 | E14: 0 | F14: 0.13 | G14: 0.13 | H14: 0 | I14: 0 | J14: 0.25 | K14: 0.25 | L14: 0 | M14: 0 | N14: 0 | O14: 0 | AB14: =+E14+G14+I14+K14+M14+O14+Q14+S14+U14+W14+Y14+AA14 -> 0.38 | AC14: =+D14+F14+H14+J14+L14+N14+P14+R14+T14+X14+Z14+V14 -> 0.38
A15: Plan de Seguridad y Privacidad de la Información | B15: Oficina Asesora de las Tecnologías y las Comunicaciones | C15: Gestión Tecnológica y de la Información | D15: 0 | E15: 0 | F15: 0 | G15: 0 | H15: 0 | I15: 0 | J15: 0.1 | K15: 0.1 | L15: 0.05 | M15: 0.05 | N15: 0.05 | O15: 0.05 | AB15: =+E15+G15+I15+K15+M15+O15+Q15+S15+U15+W15+Y15+AA15 -> 0.2 | AC15: =+D15+F15+H15+J15+L15+N15+P15+R15+T15+X15+Z15+V15 -> 0.2
A16: Plan Institucional de Gestión Ambiental | B16: Oficina Asesora de Planeación | C16: Direccionamiento Estratégico | D16: 0.18 | E16: 0.18 | F16: 0.12 | G16: 0 | H16: 0.18 | I16: 0.18 | J16: 0 | K16: 0 | L16: 0 | M16: 0 | N16: 0.06 | O16: 0.06 | AB16: =+E16+G16+I16+K16+M16+O16+Q16+S16+U16+W16+Y16+AA16 -> 0.42 | AC16: =+D16+F16+H16+J16+L16+N16+P16+R16+T16+X16+Z16+V16 -> 0.54
... A18: Plan de Acción de Participación Ciudadana | B18: Oficina Asesora de Planeación | C18: Participación Ciudadana | D18: 0 | E18: 0 | F18: 0.13 | G18: 0.13 | H18: 0.25 | I18: 0.13 | J18: 0 | K18: 0 | L18: 0 | M18: 0 | N18: 0.25 | O18: 0.37 | AB18: =+E18+G18+I18+K18+M18+O18+Q18+S18+U18+W18+Y18+AA18 -> 0.63 | AC18: =+D18+F18+H18+J18+L18+N18+P18+R18+T18+X18+Z18+V18 -> 0.63
A19: Plan de Integridad | B19: Subdirección Administrativa y Financiera | C19: Gestión del Talento Humano | D19: 0.04 | E19: 0.04 | F19: 0.11 | G19: 0 | H19: 0.07 | I19: 0.04 | J19: 0.14 | K19: 0.14 | L19: 0.11 | M19: 0.04 | N19: 0.11 | O19: 0.13 | AB19: =+E19+G19+I19+K19+M19+O19+Q19+S19+U19+W19+Y19+AA19 -> 0.39 | AC19: =+D19+F19+H19+J19+L19+N19+P19+R20+T20+X19+Z19+V19 -> 0.58
A20: Plan Estratégico de Comunicaciones | B20: Oficina Asesora de Comunicaciones y Relaciones Interinstitucionales | C20: Gestión de las Comunicaciones | D20: 0.08 | E20: 0.08 | F20: 0.08 | G20: 0.08 | H20: 0.09 | I20: 0.09 | J20: 0.06 | K20: 0.06 | L20: 0.06 | M20: 0.06 | N20: 0.06 | O20: 0.06 | AB20: =+E20+G20+I20+K20+M20+O20+Q20+S20+U20+W20+Y20+AA20 -> 0.43 | AC20: =+D20+F20+H20+J20+L20+N20+P20+R21+T21+X20+Z20+V20 -> 0.43
A21: Sistema Integrado de Conservación Documental | B21: Subdirección Administrativa y Financiera | C21: Gestión Documental | D21: 0 | E21: 0 | F21: 0 | G21: 0 | H21: 0 | I21: 0 | J21: 0 | K21: 0 | L21: 0 | M21: 0 | N21: 0 | O21: 0 | AB21: =+E21+G21+I21+K21+M21+O21+Q21+S21+U21+W21+Y21+AA21 -> 0 | AC21: =+D21+F21+H21+J21+L21+N21+P21+R21+T21+X21+Z21+V21 -> 0
A22: Plan Anual de Auditorias | B22: Oficina de Control Interno | C22: Evaluación y Mejora | D22: 0.03 | E22: 0.01 | F22: 0.17 | G22: 0.14 | H22: 0.03 | I22: 0.02 | J22: 0.1 | K22: 0.1 | L22: 0.04 | M22: 0.01 | N22: 0.11 | O22: 0.04 | AB22: =+E22+G22+I22+K22+M22+O22+Q22+S22+U22+W22+Y22+AA22 -> 0.32 | AC22: =+D22+F22+H22+J22+L22+N22+P22+R22+T22+X22+Z22+V22 -> 0.48
A23: Plan de Mantenimiento de las Sedes Administrativas | B23: Subdirección Administrativa y Financiera | C23: Gestión de Apoyo Logístico | D23: 0.08 | E23: 0.08 | F23: 0.08 | G23: 0.08 | H23: 0.08 | I23: 0.08 | J23: 0.08 | K23: 0.08 | L23: 0.08 | M23: 0 | N23: 0.08 | O23: 0 | AB23: =+E23+G23+I23+K23+M23+O23+Q23+S23+U23+W23+Y23+AA23 -> 0.32 | AC23: =+D23+F23+H23+J23+L23+N23+P23+R23+T23+X23+Z23+V23 -> 0.48
A25: Planes Obligatorios por Decreto 612 de 2018 y que se incluirán en el PAI
A26: Planes o Sistemas que no se contemplan en el Decreto 612 de 2018

Sheet Listas
A1: PROCESOS | B1: PROPÓSITO | C1: PROGRAMA | D1: META PLAN DE DESARROLLO | E1: PROYECTO DE INVERSIÓN | F1: META PROYECTO DE INVERSIÓN | G1: OBJETIVOS ESTRATÉGICOS | H1: META DEL PLAN ESTRATÉGICO ASOCIADA AL OBJETIVO ESTRATÉGICO | I1: FUENTE DE FINANCIACIÓN
A2: Direccionamiento estratégico | B2: Construir Bogotá - Región con gobierno abierto, transparente y ciudadanía consciente. | C2: Gestión Pública Efectiva | D2: 5 - Otorgar 12.500 subvenciones y ayudas a la población vulnerable que cumplan los requisitos, para acceder a los servicios funerarios del Distrito. | E2: 7628 - Fortalecimiento efectivo en la gestión institucional Bogotá | F2: 2-Aumentar en al menos un 25% la capacidad en la arquitectura tecnológica, subsanando las necesidades que coadyuven a fortalecer y mantener la misma. | G2: Fortalecimiento institucional | H2: Cumplir con las metas plan de desarrollo y metas proyectos de inversión que se encuentran relacionados en el Cuadro No. 2. Articulación UAESP – Plan de Desarrollo Distrital 2020 – 2024, donde se aborda en materia de inversión las problemáticas identificadas en este documento. | I2: Recursos Administrados
A3: Gestión del Conocimiento y la Innovación | B3: Hacer un nuevo contrato social con igualdad de oportunidades para la inclusión social, productiva y política | C3: Subsidios y Transferencias para la equidad | D3: 278 - Aumentar en un 50 % la capacidad instalada de infraestructura en bóvedas, osarios y cenízaros (BOC) u otros equipamientos en los Cementerios Distritales, promoviendo su revitalización. | E3: 7660 _ Mejoramiento Subenciones y ayudas para dar acceso a los servicios funerarios del distrito destinadas a la población en condición de vulnerabilidad Bogotá | F3: 3- Establecer e implementar 1(Un) patrón de procesos y actividades que aumenten el fortalecimiento organizacional de la unidad. | G3: Participación ciudadana | H3: Implementar las políticas de gestión del Modelo Integrado de Planeación y Gestión - MIPG. | I3: Credito
A4: Participación Ciudadana | B4: Cambiar nuestros hábitos de vida para reverdecer a Bogotá y adaptarnos y mitigar la crisis climática. | C4: Provisión y mejoramiento de servicios públicos | D4: 289 - Actualizar e implementar el Plan Integral de gestión de residuos sólidos PGIRS del Distrito. | E4: 7644 - Ampliación Gestión para la planeación, ampliación y revitalización de los servicios funerarios prestados en los cementerios de propiedad del distrito capital Bogotá | F4: 4-Realizar el 100% de los mantenimientos correctivos, preventivos, adecuaciones y reparaciones a que haya lugar para fortalecer la infraestructura física de las sedes administrativas de la UAESP | G4: Economía circular en el manejo integral de residuos | H4: Mejorar en 1% anual la calificación obtenida en el FURAG en el año inmediatamente anterior. | I4: Recursos del distrito
A5: Gestión de las comunicaciones | B5: Inspirar confianza y legitimidad para vivir sin miedo y ser epicentro de cultura ciudadana, paz y reconciliación. | C5: Ecoeficiencia, reciclaje, manejo de residuos e inclusión de la población recicladora | D5: 291 - Formular e implementar 2 proyectos piloto de aprovechamiento de tratamiento de residuos con fines de valoración energética, En medio reductor o procesos biológicos que garanticen mínimo un 10 % de tratamiento de residuos no aprovechables. | E5: 7569 - Transformación Gestión integral de residuos sólidos hacia una cultura de aprovechamiento y valorización de residuos en el distrito capital Bogotá | F5: 1-Otorgar 12.500 subvenciones o ayudas a la población vulnerable que cumplan los requisitos, para acceder a los servicios funerarios del Distrito | G5: Cultura ciudadana | H5: Aprobación de la modificación del acuerdo 001 de 2012, por el cual se modifica la estructura organizacional de la UAESP, que contemple la generación de unas dependencias con unidades temáticas definidas; por ejemplo, la distinción entre los servicios funerarios y lo relacionado con la prestación del servicio de alumbrado público, la creación de una oficina de participación ciudadana y la revisión y actualización de las funciones de las dependencias; entre otros. | I5: Uso excedente financiero
A6: Gestión Disciplinaria Interna | B6: N/A | C6: Espacio público más seguro y construido colectivamente | D6: 292 - Formular e implementar un modelo de aprovechamiento de residuos para la ciudad, en el que se incluya aprovechamiento de orgánicos – plástico, fortalecimiento a la población recicladora; y supervisión y seguimiento a las ECAS. | E6: 7652 - Fortalecimiento gestión para la eficiencia energética del servicio de alumbrado público Bogotá | F6: 1-Ampliación del 50% de la capacidad instalada de bóvedas, osarios y cenizarios en los cementerios distritales. | G6: Gestión de alumbrado público | H6: Re certificación de calidad por ente certificador. | I6: Otro
A7: Alumbrado Público | C7: N/A | D7: 293 - Garantizar la operación de recolección, barrido y limpieza de los residuos sólidos al sitio de disposición final, en el marco de lo dispuesto en el PGIRS; y la supervisión de la recolección, transporte y almacenamiento temporal para disposición final de los residuos hospitalarios y similares generados en el Distrito Capital. | E7: N/A | F7: 2- Fortalecer 100% la gestión para realizar proyectos de revitalización, modernización, regularización, desarrollo, ampliación, adecuación y/o restauración de los servicios funerarios en los cementerios | G7: Gestión de servicios funerarios | H7: N/A
A8: Servicios Funerarios | D8: 294 - Gestión y recolección de los residuos mixtos en los puntos críticos de la ciudad. | F8: 3-Mejorar 100% la interventoria y supervisión prestación del servicio funerario en los equipamientos del distrito | G8: N/A
A9: Gestión Integral de Residuos | D9: 295 - Gestionar en el terreno del RSDJ la disminución del entierro de residuos y el mayor aprovechamiento con alternativas de transformación en energía y biogás, para que su vida útil no dependa del entierro de residuos sino de los proyectos de aprovechamiento | F9: 1-Separar y tratar el 10% de RPCC / Plantas de tratamiento y aprovechamiento energético.
A10: Gestión Financiera | D10: 296 - Implementar un modelo eficiente y sostenible de gestión de los residuos de demolición y construcción en el Distrito Capital | F10: 2-Hacer monitoreo, seguimiento y control del 90% de toneladas en la disposición de residuos sólidos ordinarios.
A11: Gestión Documental | D11: 297 - Implementar una estrategia de cultura ciudadana para promover la separación en la fuente, el reuso, el reciclaje, valoración y aprovechamiento de residuos ordinarios orgánicos e inorgánicos, contribuyendo a mejorar la gestión sostenible de los residuos generados en la ciudad. | F11: 4-Implementar los 13 programas del PGIRS
A12: Gestión del Talento humano | D12: 335 - Aumentar en un 25% la Modernización a Tecnología Led del parque lumínico distrital compuesto por un total de 356.000 luminarias | F12: 20-Desarrollar 2 consultorías a nivel de factibilidad para el tratamiento y aprovechamiento de residuos
A13: Servicio al Ciudadano | D13: 509 - Fortalecer la gestión institucional y el modelo de gestión de la SDHT, CVP y UAESP . | F13: 24-Implementar el 100% de la primera fase del modelo de aprovechamiento para la ciudad por flujo de residuos enmarcados a la política pública distrital para la gestión de residuos sólidos, priorizando orgánicos, plásticos y RCD.
A14: Gestión de Apoyo Logístico | D14: N/A | F14: 25-Contribuir al 100% de la formalización y fortalecimiento técnico, empresarial y social de los recicladores y sus organizaciones a través de la actualización del registro único de recicladores de ofico - RURO y actualización del registro único de organizaciones de recicladores - RUOR y demás actividades asociadas.
A15: Gestión Tecnológica y de la Información | F15: 26-Realizar el 100% del acompañamiento técnico, administrativo y social para fortalecer la operación y gestión de las ECA o bodegas apoyadas por la entidad a la población recicladora cumpliendo con la normatividad vigente
A16: Gestión de Asuntos Legales | F16: 13-Contratar el 100% del talento humano multidisciplinario para apoyo a la supervisión de la prestación de las actividades concesionadas mediante ASE y gestión de hospitalarios
A17: Evaluación y Mejora | F17: 14-Ejecutar el 100% de los recursos destinados a obligaciones de hacer para el mejoramiento del estandar de calidad y continuidad del servicio público de aseo.
A18: N/A | F18: 16-Remunerar el 100% de la gestión integral de residuos sólidos no cubiertos en la tarifa del servicio público de aseo
F19: 23-Ejecutar el 100% de los recursos destinados a la implementación de un modelo eficiente y sostenible de gestión de residuos.
F20: 28-Implementación de una (1) estrategia de cultura ciudadana para la adecuada gestión de residuos sólidos.
F21: 1-Fortalecer 100 % el seguimiento y control de la prestación del servicio de Alumbrado Público en el Distrito Capital.
F22: 2-Fortalecer 100% la planeación, la gestión y la evaluación de la prestación del servicio de Alumbrado Público en el Distrito Capital, para su modernización
F23: N/A

Sheet Grafica cumplimiento
A1: PLAN OPERATIVO ASOCIADO (Según Decreto 612 y Guía Distrital) | B1: Enero Programado % | C1: Enero Ejecutado % | D1: Febrero Programado % | E1: Febrero Ejecutado % | F1: Marzo Programado % | G1: Marzo Ejecutado % | H1: Abril Programado % | I1: Abril Ejecutado % | J1: Mayo Programado % | K1: Mayo Ejecutado % | L1: Junio Programado % | M1: Junio Ejecutado % | N1: Julio Programado % | O1: Julio Ejecutado % | P1: Agosto Programado % | Q1: Agosto Ejecutado % | R1: Septiembre Programado % | S1: Septiembre Ejecutado % | T1: Octubre Programado % | U1: Octubre Ejecutado % | V1: Noviembre Programado % | W1: Noviembre Ejecutado % | X1: Diciembre Programado % | Y1: Diciembre Ejecutado % | Z1: PRIMER TRIMESTRE | AC1: SEGUNDO TRIMESTRE | AF1: TERCER TRIMESTRE | AI1: CUARTO TRIMESTRE | AL1: EJECUCIÓN ACUMULADA
Z2: % EJECUCIÓN | AA2: % PROGRAMADO | AB2: Nivel de cumplimiento | AC2: % EJECUCIÓN | AD2: % PROGRAMADO | AE2: Nivel de cumplimiento | AF2: % EJECUCIÓN | AG2: % PROGRAMADO | AH2: Nivel de cumplimiento | AI2: % EJECUCIÓN | AJ2: % PROGRAMADO | AK2: Nivel de cumplimiento | AL2: % EJECUCIÓN | AM2: % PROGRAMADO | AN2: Nivel de Cumplimiento | AP2: Intervalo de Cumplimiento (%) | AQ2: Nivel de Desempeño | AR2: Descripción
A3: Plan Institucional de Archivos de la Entidad | B3: 0 | C3: 0 | D3: 0 | E3: 0 | F3: 0.23 | G3: 0.23 | H3: 0 | I3: 0 | J3: 0 | K3: 0 | L3: =+'Planes Consolidados'!N5 -> 0.23 | M3: =+'Planes Consolidados'!O5 -> 0.23 | Z3: =+G3+E3+C3 -> 0.23 | AA3: =+F3+D3+B3 -> 0.23 | AB3: Óptimo | AC3: =+I3+K3+M3 -> 0.23 | AD3: =+H3+J3+L3 -> 0.23 | AE3: Óptimo | AL3: ='Planes Consolidados'!AB5 -> 0.46 | AM3: =+'Planes Consolidados'!AC5 -> 0.46 | AN3: Óptimo | AP3: 0% - 39% | AQ3: Crítico | AR3: Cumplimiento muy bajo, reflejando una desviación importante respecto al objetivo. Este nivel de desempeño indica problemas significativos que requieren atención y acciones correctivas urgentes para evitar un impacto negativo en los resultados generales del objetivo o la actividad.
A4: Plan Anual de Adquisiciones | B4: 0.4807 | C4: 0.304 | D4: 0.3247 | E4: 0.1868 | F4: 0 | G4: 0 | H4: 0.0017 | I4: 0.0001 | J4: 0.0017 | K4: 0.0004 | L4: 0.0049 | M4: 0.009 | Z4: =+G4+E4+C4 -> 0.4908 | AA4: =+F4+D4+B4 -> 0.8054 | AB4: Bajo | AC4: =+I4+K4+M4 -> 0.0095 | AD4: =+H4+J4+L4 -> 0.0083 | AE4: Óptimo | AL4: ='Planes Consolidados'!AB6 -> 0.5003 | AM4: =+'Planes Consolidados'!AC6 -> 0.8137 | AN4: Óptimo | AP4: 40% - 59% | AQ4: Bajo | AR4: Avance insuficiente hacia el cumplimiento de la meta. Este nivel sugiere que, aunque se ha realizado algún progreso, existen deficiencias considerables en el desempeño. Es necesario realizar ajustes importantes en las estrategias o recursos para mejorar el avance y asegurar un mejor rendimiento.
A5: Plan Anual de Provisión de Vacantes y Previsión de Recursos | B5: 0 | C5: 0 | D5: 0 | E5: 0 | F5: 0 | G5: 0 | H5: 0.33 | I5: 0.33 | J5: 0 | K5: 0 | L5: =+'Planes Consolidados'!N7 -> 0 | M5: =+'Planes Consolidados'!O7 -> 0 | Z5: =+G5+E5+C5 -> 0 | AA5: =+F5+D5+B5 -> 0 | AB5: Óptimo | AC5: =+I5+K5+M5 -> 0.33 | AD5: =+H5+J5+L5 -> 0.33 | AE5: Óptimo | AL5: ='Planes Consolidados'!AB7 -> 0.33 | AM5: =+'Planes Consolidados'!AC7 -> 0.33 | AN5: Óptimo | AP5: 60% - 79% | AQ5: Moderado | AR5: Cumplimiento moderado, con un progreso adecuado hacia la meta. Aunque el desempeño está en camino, este nivel muestra que se necesita optimizar procesos o implementar mejoras para asegurar que la actividad o proyecto alcance el nivel satisfactorio en un plazo razonable.
A6: Plan Estratégico de Talento Humano | B6: 0 | C6: 0 | D6: 0 | E6: 0 | F6: 0 | G6: 0 | H6: 0.33 | I6: 0.33 | J6: 0 | K6: 0 | L6: =+'Planes Consolidados'!N8 -> 0 | M6: =+'Planes Consolidados'!O8 -> 0 | Z6: =+G6+E6+C6 -> 0 | AA6: =+F6+D6+B6 -> 0 | AB6: Óptimo | AC6: =+I6+K6+M6 -> 0.33 | AD6: =+H6+J6+L6 -> 0.33 | AE6: Óptimo | AL6: ='Planes Consolidados'!AB8 -> 0.33 | AM6: =+'Planes Consolidados'!AC8 -> 0.33 | AN6: Óptimo | AP6: 80% - 99% | AQ6: Satisfactorio | AR6: Cumplimiento cercano al óptimo. Este nivel indica que el avance es satisfactorio y se encuentra alineado con los objetivos planteados. Aunque quedan ajustes menores por realizar, el desempeño en este rango sugiere que la meta se cumplirá en su totalidad con poco esfuerzo adicional.
A7: Plan Institucional de Capacitación | B7: 0.11 | C7: 0.11 | D7: 0.11 | E7: 0.05 | F7: 0.05 | G7: 0.05 | H7: 0.11 | I7: 0.11 | J7: 0.11 | K7: 0.11 | L7: =+'Planes Consolidados'!N9 -> 0.07 | M7: =+'Planes Consolidados'!O9 -> 0.07 | Z7: =+G7+E7+C7 -> 0.21 | AA7: =+F7+D7+B7 -> 0.27 | AB7: Satisfactorio | AC7: =+I7+K7+M7 -> 0.29 | AD7: =+H7+J7+L7 -> 0.29 | AE7: Óptimo | AL7: ='Planes Consolidados'!AB9 -> 0.5 | AM7: =+'Planes Consolidados'!AC9 -> 0.56 | AN7: Satisfactorio | AP7: 1 | AQ7: Óptimo | AR7: Cumplimiento total de la meta, reflejando un desempeño ideal. En este nivel se considera que la actividad o proyecto ha alcanzado los resultados esperados de manera efectiva y eficiente, cumpliendo completamente con los estándares y objetivos planteados sin necesidad de ajustes adicionales.
A8: Plan de Bienestar Social e incentivos | B8: 0.13 | C8: 0.13 | D8: 0.06 | E8: 0.06 | F8: 0.06 | G8: 0.05 | H8: 0.13 | I8: 0.13 | J8: 0.06 | K8: 0.06 | L8: =+'Planes Consolidados'!N10 -> 0.13 | M8: =+'Planes Consolidados'!O10 -> 0.13 | Z8: =+G8+E8+C8 -> 0.24 | AA8: =+F8+D8+B8 -> 0.25 | AB8: Satisfactorio | AC8: =+I8+K8+M8 -> 0.32 | AD8: =+H8+J8+L8 -> 0.32 | AE8: Óptimo | AL8: ='Planes Consolidados'!AB10 -> 0.56 | AM8: =+'Planes Consolidados'!AC10 -> 0.57 | AN8: Satisfactorio
A9: Sistema de Gestión y Seguridad de Salud en el Trabajo | B9: 0.08 | C9: 0.08 | D9: 0.11 | E9: 0.11 | F9: 0.11 | G9: 0.11 | H9: 0.1 | I9: 0.1 | J9: 0.11 | K9: 0.11 | L9: =+'Planes Consolidados'!N11 -> 0.11 | M9: =+'Planes Consolidados'!O11 -> 0.11 | Z9: =+G9+E9+C9 -> 0.3 | AA9: =+F9+D9+B9 -> 0.3 | AB9: Óptimo | AC9: =+I9+K9+M9 -> 0.32 | AD9: =+H9+J9+L9 -> 0.32 | AE9: Óptimo | AL9: ='Planes Consolidados'!AB11 -> 0.62 | AM9: =+'Planes Consolidados'!AC11 -> 0.62 | AN9: =IF(AL9<0.4,"Crítico", IF(AL9<0.6,"Bajo", IF(AL9<0.8,"Moderado", IF(AL9<1,"Satisfactorio", "Óptimo")))) -> Moderado
A10: Programa de Transparencia y Ética Pública | B10: 0.03 | C10: 0.02 | D10: 0.03 | E10: 0.03 | F10: 0.06 | G10: 0.06 | H10: 0.09 | I10: 0.1 | J10: 0.06 | K10: 0.05 | L10: 0.12 | M10: 0.13 | Z10: =+G10+E10+C10 -> 0.11 | AA10: =+F10+D10+B10 -> 0.12 | AB10: Satisfactorio | AC10: =+I10+K10+M10 -> 0.28 | AD10: =+H10+J10+L10 -> 0.27 | AE10: Satisfactorio | AL10: ='Planes Consolidados'!AB12 -> 0.39 | AM10: =+'Planes Consolidados'!AC12 -> 0.39 | AN10: Óptimo
A11: Plan Estratégico de Tecnologías de la Información y las Comunicaciones | B11: 0 | C11: 0 | D11: 0.17 | E11: 0.17 | F11: 0 | G11: 0 | H11: 0.17 | I11: 0.17 | J11: 0 | K11: 0 | L11: =+'Planes Consolidados'!N13 -> 0.17 | M11: =+'Planes Consolidados'!O13 -> 0.17 | Z11: =+G11+E11+C11 -> 0.17 | AA11: =+F11+D11+B11 -> 0.17 | AB11: Óptimo | AC11: =+I11+K11+M11 -> 0.34 | AD11: =+H11+J11+L11 -> 0.34 | AE11: Óptimo | AL11: ='Planes Consolidados'!AB13 -> 0.51 | AM11: =+'Planes Consolidados'!AC13 -> 0.51 | AN11: Óptimo
A12: Plan de Tratamiento de Riesgos de Seguridad y Privacidad de la Información | B12: 0 | C12: 0 | D12: 0.13 | E12: 0.13 | F12: 0 | G12: 0 | H12: 0.25 | I12: 0.25 | J12: 0 | K12: 0 | L12: =+'Planes Consolidados'!N14 -> 0 | M12: =+'Planes Consolidados'!O14 -> 0 | Z12: =+G12+E12+C12 -> 0.13 | AA12: =+F12+D12+B12 -> 0.13 | AB12: Óptimo | AC12: =+I12+K12+M12 -> 0.25 | AD12: =+H12+J12+L12 -> 0.25 | AE12: Óptimo | AL12: ='Planes Consolidados'!AB14 -> 0.38 | AM12: =+'Planes Consolidados'!AC14 -> 0.38 | AN12: Óptimo
A13: Plan de Seguridad y Privacidad de la Información | B13: 0 | C13: 0 | D13: 0 | E13: 0 | F13: 0 | G13: 0 | H13: 0.1 | I13: 0.1 | J13: 0.05 | K13: 0.05 | L13: =+'Planes Consolidados'!N15 -> 0.05 | M13: =+'Planes Consolidados'!O15 -> 0.05 | Z13: =+G13+E13+C13 -> 0 | AA13: =+F13+D13+B13 -> 0 | AB13: Óptimo | AC13: =+I13+K13+M13 -> 0.2 | AD13: =+H13+J13+L13 -> 0.2 | AE13: Óptimo | AL13: ='Planes Consolidados'!AB15 -> 0.2 | AM13: =+'Planes Consolidados'!AC15 -> 0.2 | AN13: Óptimo
A14: Plan Institucional de Gestión Ambiental | B14: 0.18 | C14: 0.18 | D14: 0.12 | E14: 0 | F14: 0.18 | G14: 0.18 | H14: 0 | I14: 0 | J14: 0 | K14: 0 | L14: =+'Planes Consolidados'!N16 -> 0.06 | M14: =+'Planes Consolidados'!O16 -> 0.06 | Z14: =+G14+E14+C14 -> 0.36 | AA14: =+F14+D14+B14 -> 0.48 | AB14: Moderado | AC14: =+I14+K14+M14 -> 0.06 | AD14: =+H14+J14+L14 -> 0.06 | AE14: Óptimo | AL14: ='Planes Consolidados'!AB16 -> 0.42 | AM14: =+'Planes Consolidados'!AC16 -> 0.54 | AN14: Moderado
A15: Plan Integral de Movilidad Sostenible | B15: 0 | C15: 0 | D15: 0 | E15: 0 | F15: 0.2 | G15: 0.2 | H15: 0 | I15: 0 | J15: 0 | K15: 0 | L15: =+'Planes Consolidados'!N17 -> 0.2 | M15: =+'Planes Consolidados'!O17 -> 0.2 | Z15: =+G15+E15+C15 -> 0.2 | AA15: =+F15+D15+B15 -> 0.2 | AB15: Óptimo | AC15: =+I15+K15+M15 -> 0.2 | AD15: =+H15+J15+L15 -> 0.2 | AE15: Óptimo | AL15: ='Planes Consolidados'!AB17 -> 0.4 | AM15: =+'Planes Consolidados'!AC17 -> 0.4 | AN15: Óptimo
A16: Plan de Acción de Participación Ciudadana | B16: 0 | C16: 0 | D16: 0.13 | E16: 0.13 | F16: 0.25 | G16: 0.13 | H16: 0 | I16: 0 | J16: 0 | K16: 0 | L16: =+'Planes Consolidados'!N18 -> 0.25 | M16: =+'Planes Consolidados'!O18 -> 0.37 | Z16: =+G16+E16+C16 -> 0.26 | AA16: =+F16+D16+B16 -> 0.38 | AB16: Moderado | AC16: =+I16+K16+M16 -> 0.37 | AD16: =+H16+J16+L16 -> 0.25 | AE16: Óptimo | AL16: ='Planes Consolidados'!AB18 -> 0.63 | AM16: =+'Planes Consolidados'!AC18 -> 0.63 | AN16: Óptimo
A17: Plan de Integridad | B17: 0.04 | C17: 0.04 | D17: 0.11 | E17: 0 | F17: 0.07 | G17: 0.04 | H17: 0.14 | I17: 0.14 | J17: 0.11 | K17: 0.05 | L17: =+'Planes Consolidados'!N19 -> 0.11 | M17: =+'Planes Consolidados'!O19 -> 0.13 | Z17: =+G17+E17+C17 -> 0.08 | AA17: =+F17+D17+B17 -> 0.22 | AB17: Bajo | AC17: =+I17+K17+M17 -> 0.32 | AD17: =+H17+J17+L17 -> 0.36 | AE17: Satisfactorio | AL17: ='Planes Consolidados'!AB19 -> 0.39 | AM17: =+'Planes Consolidados'!AC19 -> 0.58 | AN17: Bajo
A18: Plan Estratégico de Comunicaciones | B18: 0.08 | C18: 0.08 | D18: 0.08 | E18: 0.08 | F18: 0.09 | G18: 0.09 | H18: 0.06 | I18: 0.06 | J18: 0.06 | K18: 0.06 | L18: =+'Planes Consolidados'!N20 -> 0.06 | M18: =+'Planes Consolidados'!O20 -> 0.06 | Z18: =+G18+E18+C18 -> 0.25 | AA18: =+F18+D18+B18 -> 0.25 | AB18: Óptimo | AC18: =+I18+K18+M18 -> 0.18 | AD18: =+H18+J18+L18 -> 0.18 | AE18: Óptimo | AL18: ='Planes Consolidados'!AB20 -> 0.43 | AM18: =+'Planes Consolidados'!AC20 -> 0.43 | AN18: Óptimo
A19: Sistema Integrado de Conservación Documental | B19: 0 | C19: 0 | D19: 0 | E19: 0 | F19: 0 | G19: 0 | H19: 0 | I19: 0 | J19: 0 | K19: 0 | L19: =+'Planes Consolidados'!N21 -> 0 | M19: =+'Planes Consolidados'!O21 -> 0 | Z19: =+G19+E19+C19 -> 0 | AA19: =+F19+D19+B19 -> 0 | AB19: Óptimo | AC19: =+I19+K19+M19 -> 0 | AD19: =+H19+J19+L19 -> 0 | AE19: Óptimo | AL19: ='Planes Consolidados'!AB21 -> 0 | AM19: =+'Planes Consolidados'!AC21 -> 0 | AN19: Óptimo
A20: Plan Anual de Auditorias | B20: 0.03 | C20: 0.01 | D20: 0.17 | E20: 0.14 | F20: 0.03 | G20: 0.02 | H20: 0.1 | I20: 0.1 | J20: 0.04 | K20: 0.01 | L20: =+'Planes Consolidados'!N22 -> 0.11 | M20: =+'Planes Consolidados'!O22 -> 0.04 | Z20: =+G20+E20+C20 -> 0.17 | AA20: =+F20+D20+B20 -> 0.23 | AB20: Satisfactorio | AC20: =+I20+K20+M20 -> 0.15 | AD20: =+H20+J20+L20 -> 0.25 | AE20: Moderado | AL20: ='Planes Consolidados'!AB22 -> 0.32 | AM20: =+'Planes Consolidados'!AC22 -> 0.48 | AN20: Moderado
A21: Plan de Mantenimiento de las Sedes Administrativas | B21: 0.08 | C21: 0.08 | D21: 0.08 | E21: 0.08 | F21: 0.08 | G21: 0.08 | H21: 0.08 | I21: 0.08 | J21: 0.08 | K21: 0 | L21: 0.08 | M21: 0 | Z21: =+G21+E21+C21 -> 0.24 | AA21: =+F21+D21+B21 -> 0.24 | AB21: Óptimo | AC21: =+I21+K21+M21 -> 0.08 | AD21: =+H21+J21+L21 -> 0.24 | AE21: Bajo | AL21: ='Planes Consolidados'!AB23 -> 0.32 | AM21: =+'Planes Consolidados'!AC23 -> 0.48 | AN21: Óptimo

Sheet PAA 
B1: Plan Anual de Adquisiciones
B4: OBJETIVO: | C4: Realizar el seguimiento a la ejecución del Plan Anual de Adquisiciones, con el propósito de evidenciar el avance y el grado de cumplimiento de la contratación programada, así como la ejecución presupuestal asociada, garantizando de esta manera la oportunidad y eficiencia en el logro de los objetivos Institucionales.
B7: FORMULACIÓN ANUAL | F7: PRIMERA LÍNEA DE DEFENSA (Reporte Subdirecciones/ Oficinas) | U7: PRIMERA LÍNEA DE DEFENSA (Reporte Subdirecciones/ Oficinas) | AI7: PRIMERA LÍNEA DE DEFENSA (Reporte Subdirecciones/ Oficinas) | AV7: PRIMERA LÍNEA DE DEFENSA (Reporte Subdirecciones/ Oficinas) | BI7: PRIMERA LÍNEA DE DEFENSA (Reporte Subdirecciones/ Oficinas) | BV7: PRIMERA LÍNEA DE DEFENSA (Reporte Subdirecciones/ Oficinas) | CI7: PRIMERA LÍNEA DE DEFENSA (Reporte Subdirecciones/ Oficinas) | DN7: SEGUIMIENTO SEGUNDA LÍNEA DE DEFENSA | DZ7: SEGUIMIENTO TERCERA LÍNEA DE DEFENSA
B8: PROGRAMACIÓN ANUAL | F8: ENERO | U8: FEBRERO | AI8: MARZO | AV8: ABRIL | BI8: MAYO | BV8: JUNIO | CI8: JULIO | DN8: Seguimiento Segunda Línea de Defensa
B9: Subdirección / Oficina | C9: Producto o Entregable (Mensual) (SAF y OAP) | D9: Total objetos incluidos en el PAA programado (diligencia OAP) | E9: Presupuesto inicial programado para la vigiencia PAA (diligencia OAP) | F9: Versión PAA (Última publicada en el SECOP del mes reportado- reporta OAP): | U9: Versión PAA (Última publicada en el SECOP del mes reportado- reporta OAP): | AI9: Versión PAA (Última publicada en el SECOP del mes reportado- reporta OAP): | AV9: Versión PAA (Última publicada en el SECOP del mes reportado- reporta OAP): | BI9: Versión PAA (Última publicada en el SECOP del mes reportado- reporta OAP): | BV9: Versión PAA (Última publicada en el SECOP del mes reportado- reporta OAP): | CI9: Versión PAA (Última publicada en el SECOP del mes reportado- reporta OAP): | DN9: Enero | DO9: Febrero | DP9: Marzo | DQ9: Abril | DR9: Mayo | DS9: Junio | DT9: Julio | DU9: Agosto | DV9: Septiembre | DW9: Octubre | DX9: Noviembre | DY9: Diciembre | DZ9: PRIMER SEMESTRE | EA9: SEGUNDO SEMESTRE
F10: LÍNEAS Y PRESUPUESTO NUEVO | J10: Objetos programados (diligencia / oficina / subdireccion ) | L10: Objetos Contratados | Q10: Argumentación | U10: Objetos programados (diligencia / oficina / subdireccion ) | Y10: Objetos Contratados | AE10: Argumentación | AI10: Objetos programados (diligencia / oficina / subdireccion ) | AM10: Objetos Contratados | AR10: Argumentación | AV10: Objetos programados (diligencia / oficina / subdireccion ) | AZ10: Objetos Contratados | BE10: Argumentación | BI10: Objetos programados (diligencia / oficina / subdireccion ) | BM10: Objetos Contratados | BR10: Argumentación | BV10: Objetos programados (diligencia / oficina / subdireccion ) | BZ10: Objetos Contratados | CE10: Argumentación | CI10: Objetos programados (diligencia / oficina / subdireccion ) | CM10: Objetos Contratados | CR10: Argumentación
F11: Lineas nuevas en el PAA | G11: Valor de lineas nuevas | H11: Total lineas (Inicial programadas mas lineas nuevas por mes ) | I11: Total presupuesto inicial mas lineas nuevas por mes | J11: Cantidad de lineas programadas para el mes (Diligencian Subdirecciones/Oficina) | K11: Presupuesto programado para el mes -PAA | L11: Cantidad de lineas contratadas en el mes de reporte | M11: % de ejecución (cantidad de lineas contratadas/ cantidad de lineas programadas en el mes) | N11: Presupuesto contratado en el mes -PAA | O11: % de ejecución (presupuesto contratado en el mes/ presupuesto programado en el mes) | P11: Valor de objetos programado y no contratado | Q11: Justificación de objetos no contratados o sobrecontratación (solución cuando aplique) (Diligencia Subdirecciones y Oficinas) | S11: Justificación de modificaciones al PAA (en el mes reportado) (Diligencia Subdirecciones / Oficinas) | U11: =H11 -> Total lineas (Inicial programadas mas lineas nuevas por mes ) | V11: =I11 -> Total presupuesto inicial mas lineas nuevas por mes | W11: Cantidad de lineas programadas para el mes (Diligencian Subdirecciones/Oficina) | X11: Presupuesto programado para el mes -PAA | Y11: Cantidad de lineas contratadas en el mes de reporte | Z11: % de ejecución (cantidad de lineas contratadas/ cantidad de lineas programadas en el mes) | AA11: Presupuesto contratado en el mes -PAA | AB11: % de ejecución (presupuesto contratado en el mes/ presupuesto programado en el mes) | AD11: Valor de objetos programado y no contratado | AE11: Justificación de objetos no contratados o sobrecontratación (solución cuando aplique) (Diligencia Subdirecciones y Oficinas) | AG11: Justificación de modificaciones al PAA (en el mes reportado) (Diligencia Subdirecciones / Oficinas) | AI11: Total lineas (Inicial programadas mas lineas nuevas por mes ) | AJ11: Total presupuesto inicial mas lineas nuevas por mes | AK11: Cantidad de lineas programadas para el mes (Diligencian Subdirecciones/Oficina) | AL11: Presupuesto programado para el mes -PAA | AM11: Cantidad de lineas contratadas en el mes de reporte | AN11: % de ejecución (cantidad de lineas contratadas/ cantidad de lineas programadas en el mes) | AO11: Presupuesto contratado en el mes -PAA | AP11: % de ejecución (presupuesto contratado en el mes/ presupuesto programado en el mes) | AQ11: Valor de objetos programado y no contratado | AR11: Justificación de objetos no contratados o sobrecontratación (solución cuando aplique) (Diligencia Subdirecciones y Oficinas) | AT11: Justificación de modificaciones al PAA (en el mes reportado) (Diligencia Subdirecciones / Oficinas) | AV11: Total lineas (Inicial programadas mas lineas nuevas por mes ) | AW11: Total presupuesto inicial mas lineas nuevas por mes | AX11: Cantidad de lineas programadas para el mes (Diligencian Subdirecciones/Oficina) | AY11: Presupuesto programado para el mes -PAA | AZ11: Cantidad de lineas contratadas en el mes de reporte | BA11: % de ejecución (cantidad de lineas contratadas/ cantidad de lineas programadas en el mes) | BB11: Presupuesto contratado en el mes -PAA | BC11: % de ejecución (presupuesto contratado en el mes/ presupuesto programado en el mes) | BD11: Valor de objetos programado y no contratado | BE11: Justificación de objetos no contratados o sobrecontratación (solución cuando aplique) (Diligencia Subdirecciones y Oficinas) | BG11: Justificación de modificaciones al PAA (en el mes reportado) (Diligencia Subdirecciones / Oficinas) | BI11: Total lineas (Inicial programadas mas lineas nuevas por mes ) | BJ11: Total presupuesto inicial mas lineas nuevas por mes | BK11: Cantidad de lineas programadas para el mes (Diligencian Subdirecciones/Oficina) | BL11: Presupuesto programado para el mes -PAA | BM11: Cantidad de lineas contratadas en el mes de reporte | BN11: % de ejecución (cantidad de lineas contratadas/ cantidad de lineas programadas en el mes) | BO11: Presupuesto contratado en el mes -PAA | BP11: % de ejecución (presupuesto contratado en el mes/ presupuesto programado en el mes) | BQ11: Valor de objetos programado y no contratado | BR11: Justificación de objetos no contratados o sobrecontratación (solución cuando aplique) (Diligencia Subdirecciones y Oficinas) | BT11: Justificación de modificaciones al PAA (en el mes reportado) (Diligencia Subdirecciones / Oficinas) | BV11: Total lineas (Inicial programadas mas lineas nuevas por mes ) | BW11: Total presupuesto inicial mas lineas nuevas por mes | BX11: Cantidad de lineas programadas para el mes (Diligencian Subdirecciones/Oficina) | BY11: Presupuesto programado para el mes -PAA | BZ11: Cantidad de lineas contratadas en el mes de reporte | CA11: % de ejecución (cantidad de lineas contratadas/ cantidad de lineas programadas en el mes) | CB11: Presupuesto contratado en el mes -PAA | CC11: % de ejecución (presupuesto contratado en el mes/ presupuesto programado en el mes) | CD11: Valor de objetos programado y no contratado | CE11: Justificación de objetos no contratados o sobrecontratación (solución cuando aplique) (Diligencia Subdirecciones y Oficinas) | CG11: Justificación de modificaciones al PAA (en el mes reportado) (Diligencia Subdirecciones / Oficinas) | CI11: Total lineas (Inicial programadas mas lineas nuevas por mes ) | CJ11: Total presupuesto inicial mas lineas nuevas por mes | CK11: Cantidad de lineas programadas para el mes (Diligencian Subdirecciones/Oficina) | CL11: Presupuesto programado para el mes -PAA | CM11: Cantidad de lineas contratadas en el mes de reporte | CN11: % de ejecución (cantidad de lineas contratadas/ cantidad de lineas programadas en el mes) | CO11: Presupuesto contratado en el mes -PAA | CP11: % de ejecución (presupuesto contratado en el mes/ presupuesto programado en el mes) | CQ11: Valor de objetos programado y no contratado | CR11: Justificación de objetos no contratados o sobrecontratación (solución cuando aplique) (Diligencia Subdirecciones y Oficinas) | CT11: Justificación de modificaciones al PAA (en el mes reportado) (Diligencia Subdirecciones / Oficinas) | CV11: Acumulado Total lineas (Inicial programadas más lineas nuevas por mes) por trimestre (Enero- febrero- Marzo) | CW11: Acumulado del Total del presupuesto inicial mas lineas nuevas por mes por trimestre (Enero- febrero- Marzo) | CX11: Acumulado de Cantidad de lineas programadas para el trimestre (Enero- febrero- Marzo) | CY11: Acumulado de Presupuesto programado para el trimestre -PAA (Enero- febrero- Marzo) | CZ11: Acumulado de Cantidad de lineas contratadas en el trimestre (Enero- febrero- Marzo) | DA11: Acumulado de % de ejecución (cantidad de lineas contratadas/ cantidad de lineas programadas en el trimestre)(Enero- febrero- Marzo) | DB11: Acumulado de Presupuesto contratado en el trimestre -PAA (Enero- febrero- Marzo) | DC11: Acumulado de % de ejecución (presupuesto contratado en el trimestre/ presupuesto programado en el trimestre) (Enero- febrero- Marzo) | DD11: Acumulado del Valor de los objetos programado y no contratado en el trimestre (Enero- febrero- Marzo) | DE11: Acumulado Total lineas (Inicial programadas más lineas nuevas por mes) por trimestre (Abril, Mayo, Junio) | DF11: Acumulado del Total del presupuesto inicial mas lineas nuevas por mes por por trimestre (Abril, Mayo, Junio) | DG11: Acumulado de Cantidad de lineas programadas para el trimestre (Abril, Mayo, Junio) | DH11: Acumulado de Presupuesto programado para el trimestre -PAA (Abril, Mayo, Junio) | DI11: Acumulado de Cantidad de lineas contratadas en el trimestre ( Abril, Mayo, Junio) | DJ11: Acumulado de % de ejecución (cantidad de lineas contratadas/ cantidad de lineas programadas en el trimstre) (Abril, Mayo, Junio) | DK11: Acumulado de Presupuesto contratado en el trimestre -PAA (Abril, Mayo, Junio) | DL11: Acumulado de % de ejecución (presupuesto contratado en el trimestre/ presupuesto programado en el trimestre) (Abril, Mayo, Junio) | DM11: Acumulado del Valor de los objetos programado y no contratado en el trimestre (Abril, Mayo, Junio)
B12: Dirección General (DG) | C12: *Matriz de seguimiento presupuestal (OAP) *Informe de certificados de recursos registrados (emitido por la SAF) *Plan anual de adquisiciones publicado en SECOP II (Ultima version publicada del mes a reportar) | D12: 9 | E12: 959190000 | F12: 6 | G12: 350650000 | H12: 15 | I12: =+E12+G12 -> 1309840000 | J12: 14 | K12: 1273090000 | L12: 0 | M12: =+L12/J12 -> 0 | N12: 0 | O12: =+N12/K12 -> 0 | P12: =IF(N12>K12,0,K12-N12) -> 1273090000 | Q12: De las 14 líneas que la Dirección General tenía programadas para el mes de enero 8 líneas: fueron contradas en este mes: "CONTABLEMENTE 6 LINEAS EJECUTADAS MES DE ENERO Y LAS 2 RESTANTES MES DE FEBRERO" 3 líneas: solicitaremos la actualización del PAA, puesto que estas líneas seran contratadas en julio. 3 líneas: solicitaremos la eliminación de estas líneas. | S12: Las modificaciones al PAA se efectuaron con el fin de garantizar la alineación entre la planeación y las necesidades contractuales reales de la Dirección General | U12: =H12 -> 15 | V12: =I12 -> 1309840000 | W12: 0 | X12: 0 | Y12: 0 | Z12: =IF(AND(W12=0,Y12>0),"Ejecucion Presupuesto No Programada",Y12/W12) -> #DIV/0! | AA12: 0 | AB12: =IF(AND(X12=0,AA12>0),"Ejecucion Presupuesto No Programada",AA12/X12) -> #DIV/0! | AD12: =IF(AA12>X12,0,X12-AA12) -> 0 | AE12: En el mes de febrero de 2026 no hubo ejecución de líneas de contratación. De igual manera dentro de la programación anual vigente no se encontraban previstas. | AG12: No se realizaron modificaciones | AI12: =H12 -> 15 | AJ12: =I12 -> 1309840000 | AK12: 0 | AL12: 0 | AM12: 0 | AN12: =IF(AND(AK12=0,AM12=0),0,IF(AND(AK12=0,AM12>0),"Ejecucion Presupuesto No Programada",AM12/AK12)) -> 0 | AO12: 0 | AP12: =IF(AND(AL12=0,AO12=0),0,IF(AND(AL12=0,AO12>0),"Ejecucion Presupuesto No Programada",AO12/AL12)) -> 0 | AQ12: =IF(AO12>AL12,0,AL12-AO12) -> 0 | AR12: En el mes de marzo de 2026 no hubo ejecución de líneas de contratación. De igual manera dentro de la programación anual vigente no se encontraban previstas. | AT12: No se realizaron modificaciones | AV12: 15 | AW12: 1309840000 | AX12: 0 | AY12: 0 | AZ12: 0 | BA12: =IF(AND(AX12=0,AZ12=0),0,IF(AND(AX12=0,AZ12>0),"Ejecucion Presupuesto No Programada",AZ12/AX12)) -> 0 | BB12: 0 | BC12: =IF(AND(AY12=0,BB12=0),0,IF(AND(AY12=0,BB12>0),"Ejecucion Presupuesto No Programada",BB12/AY12)) -> 0 | BD12: =IF(BB12>AY12,0,AY12-BB12) -> 0 | BE12: En el mes de abril de 2026 no hubo ejecución de líneas de contratación. De igual manera dentro de la programación anual vigente no se encontraban previstas. | BG12: No se realizaron modificaciones | BI12: 13 | BJ12: 1080740000 | BK12: 0 | BL12: 0 | BM12: 0 | BN12: =IF(AND(BK12=0,BM12=0),0,IF(AND(BK12=0,BM12>0),"Ejecucion Presupuesto No Programada",BM12/BK12)) -> 0 | BO12: 0 | BP12: =IF(AND(BL12=0,BO12=0),0,IF(AND(BL12=0,BO12>0),"Ejecucion Presupuesto No Programada",BO12/BL12)) -> 0 | BQ12: =IF(BO12>BL12,0,BL12-BO12) -> 0 | BR12: En el mes de mayo de 2026 no hubo ejecución de líneas de contratación. | BT12: Las modificaciones al PAA se efectuaron con el fin de garantizar la alineación entre la planeación y las necesidades contractuales reales de la Dirección General. | BV12: 13 | BW12: 1080740000 | BX12: 0 | BY12: 0 | BZ12: 0 | CA12: =IF(AND(BX12=0,BZ12=0),0,IF(AND(BX12=0,BZ12>0),"Ejecucion Presupuesto No Programada",BZ12/BX12)) -> 0 | CB12: 0 | CC12: =IF(AND(BY12=0,CB12=0),0,IF(AND(BY12=0,CB12>0),"Ejecucion Presupuesto No Programada",CB12/BY12)) -> 0 | CD12: =IF(CB12>BY12,0,BY12-CB12) -> 0 | CE12: En el mes de junio de 2026 no hubo ejecución de líneas de contratación. De igual manera dentro de la programación anual vigente no se encontraban previstas. | CG12: No se realizaron modificaciones | CV12: =AI12 -> 15 | CW12: =AJ12 -> 1309840000 | CX12: =J12+W12+AK12 -> 14 | CY12: =K12+X12+AL12 -> 1273090000 | CZ12: =L12+Y12+AM12 -> 0 | DA12: =IFERROR(CZ12/CX12,0) -> 0 | DB12: =N12+AA12+AO12 -> 0 | DC12: =IFERROR(DB12/CY12,0) -> 0 | DD12: =P12+AD12+AQ12 -> 1273090000 | DE12: =BV12 -> 13 | DF12: =BW12 -> 1080740000 | DG12: =AX12+BK12+BX12 -> 0 | DH12: =AY12+BL12+BY12 -> 0 | DI12: =AZ12+BM12+BZ12 -> 0 | DJ12: =IFERROR(DI12/DG12,0) -> 0 | DK12: =BB12+BO12+CB12 -> 0 | DL12: =IFERROR(DK12/DH12,0) -> 0 | DM12: =BD12+BQ12+CD12 -> 0 | DN12: En enero, la Dirección General incorporó 6 líneas nuevas al PAA por $350.650.000, alcanzando un total de 15 líneas y $1.309.840.000. Se programaron 14 líneas, de las cuales se ejecutaron 6 (43%) por $582.400.000 (46%). Se gestionaron 8 líneas (6 ejecutadas en enero y 2 en febrero). Adicionalmente, se identificaron 3 líneas para reprogramación en julio y 3 para eliminación, lo que generó ajustes al PAA para mejorar la alineación con las necesidades reales. | DO12: En febrero no se programaron ni ejecutaron líneas dentro del PAA; sin embargo, se presentó ejecución presupuestal no programada por $182.700.000. No se realizaron modificaciones al PAA. | DP12: En marzo no se programaron ni ejecutaron líneas de contratación, manteniéndose sin cambios el PAA (15 líneas por $1.309.840.000). Tampoco se realizaron modificaciones. | DQ12: Durante el mes de abril de 2026 no se presentó ejecución de líneas de contratación, teniendo en cuenta que estas no se encontraban previstas dentro de la programación anual vigente. Así mismo, informa que no se realizaron modificaciones al Plan Anual de Adquisiciones PAA. | DR12: Durante el mes de mayo de 2026, la Dirección General no registró ejecución de líneas de contratación, toda vez que, de acuerdo con la programación anual vigente del Plan Anual de Adquisiciones (PAA), no se encontraban previstas contrataciones para este periodo. Asimismo, las modificaciones realizadas al PAA obedecieron a la necesidad de garantizar la alineación entre la planeación institucional y las necesidades contractuales reales de la dependencia, sin que ello afectara el cumplimiento de la programación establecida. | DS12: En junio de 2026, la Dirección General no registró ejecución de líneas de contratación, debido a que no se encontraban programados procesos contractuales para el periodo evaluado dentro del Plan Anual de Adquisiciones PAA. En consecuencia, no se realizaron modificaciones al PAA durante el mes objeto de seguimiento. | DZ12: 27/07/2026 DPRV: Para efectos del presente seguimiento se tomó como criterio de evaluación la versión 14 del Plan Anual de Adquisiciones —PAA—, identificada por la Entidad como la versión vigente con corte al 30 de junio de 2026. A partir de esta versión se contrastó la programación contractual con la información reportada por las dependencias, los registros de ejecución y el monitoreo efectuado por la Oficina Asesora de Planeación. De acuerdo con la consolidación de la matriz de seguimiento, se registra un avance físico preliminar del 82,4 %, correspondiente a 439 líneas contratadas frente a 533 programadas, mientras que la ejecución presupuestal alcanza aproximadamente el 49,3 %, con $35.382.967.069 contratados de $71.776.491.590 programados. Estos resultados evidencian que, aunque se gestionó una proporción importante de las necesidades contractuales previstas, permanecen pendientes procesos con una participación presupuestal significativa, especialmente aquellos programados durante el segundo trimestre. Al desagregar la ejecución presupuestal por dependencia, los mayores rezagos se concentran principalmente en la Subdirección de Disposición Final, la Subdirección de Servicios Funerarios y Alumbrado Público —particularmente en el componente de Alumbrado Público— y la Subdirección Administrativa y Financiera; seguidas por la Subdirección de Asuntos Legales y el componente de Servicios Funerarios. Estas dependencias presentan las mayores diferencias acumuladas entre los recursos programados y los efectivamente contratados durante el semestre, asociadas principalmente a procesos de alta cuantía que permanecían en estructuración, trámite precontractual, reprogramación o pendientes de contratación. En consecuencia, se requiere priorizar su seguimiento durante el segundo semestre, estableciendo para cada proceso pendiente las causas del rezago, la etapa alcanzada y la fecha prevista para su contratación
B13: Oficina Asesora de Comunicaciones y Relaciones Interinstitucionales (OACRI) | C13: *Matriz de seguimiento presupuestal (OAP) *Informe de certificados de recursos registrados (emitido por la SAF) *Plan anual de adquisiciones publicado en SECOP II (Ultima version publicada del mes a reportar) | D13: 20 | E13: 1087263500 | F13: 4 | G13: 473811500 | H13: =+D13+F13 -> 24 | I13: =+E13+G13 -> 1561075000 | J13: 17 | K13: 1261425000 | L13: 2 | M13: =+L13/J13 -> 0.11764706 | N13: 288000000 | O13: =+N13/K13 -> 0.22831322 | P13: =IF(N13>K13,0,K13-N13) -> 973425000 | Q13: Del total de las 20 líneas programadas para la OACRI: 10 lineas se contrataron durante el mes de enero 3 líneas que son minima cuantia pendientes 7 líneas para contratar en el mes de julio | S13: Las modificaciones al PAA se efectuaron con el fin de garantizar la alineación entre la planeación y las necesidades contractuales | U13: =H13 -> 24 | V13: =I13 -> 1561075000 | W13: 1 | X13: 50000000 | Y13: 9 | Z13: =IF(AND(W13=0,Y13>0),"Ejecucion Presupuesto No Programada",Y13/W13) -> 9 | AA13: 567225000 | AB13: =IF(AND(X13=0,AA13>0),"Ejecucion Presupuesto No Programada",AA13/X13) -> 11.3445 | AD13: =IF(AA13>X13,0,X13-AA13) -> 0 | AE13: No se realizaron procesos de contratación en el periodo | AG13: No se realizaron modificaciones | AI13: 18 | AJ13: 1273825000 | AK13: 4 | AL13: 271000000 | AM13: 0 | AN13: =IF(AND(AK13=0,AM13=0),0,IF(AND(AK13=0,AM13>0),"Ejecucion Presupuesto No Programada",AM13/AK13)) -> 0 | AO13: 0 | AP13: =IF(AND(AL13=0,AO13=0),0,IF(AND(AL13=0,AO13>0),"Ejecucion Presupuesto No Programada",AO13/AL13)) -> 0 | AQ13: =IF(AO13>AL13,0,AL13-AO13) -> 271000000 | AR13: En el mes de marzo de 2026 no hubo ejecución de líneas de contratación. De igual manera dentro de la programación anual vigente no se encontraban previstas. | AT13: No se realizaron modificaciones | AV13: 16 | AW13: 1223825000 | AX13: 0 | AY13: 0 | AZ13: 0 | BA13: =IF(AND(AX13=0,AZ13=0),0,IF(AND(AX13=0,AZ13>0),"Ejecucion Presupuesto No Programada",AZ13/AX13)) -> 0 | BB13: 0 | BC13: =IF(AND(AY13=0,BB13=0),0,IF(AND(AY13=0,BB13>0),"Ejecucion Presupuesto No Programada",BB13/AY13)) -> 0 | BD13: =IF(BB13>AY13,0,AY13-BB13) -> 0 | BE13: En el mes de abril de 2026 no hubo ejecución de líneas de contratación. De igual manera dentro de la programación anual vigente no se encontraban previstas. | BG13: No se realizaron modificaciones | BI13: 16 | BJ13: 1223825000 | BK13: 0 | BL13: 0 | BM13: 0 | BN13: =IF(AND(BK13=0,BM13=0),0,IF(AND(BK13=0,BM13>0),"Ejecucion Presupuesto No Programada",BM13/BK13)) -> 0 | BO13: 0 | BP13: =IF(AND(BL13=0,BO13=0),0,IF(AND(BL13=0,BO13>0),"Ejecucion Presupuesto No Programada",BO13/BL13)) -> 0 | BQ13: =IF(BO13>BL13,0,BL13-BO13) -> 0 | BR13: En el mes de mayo de 2026 no hubo ejecución de líneas de contratación. De igual manera dentro de la programación anual vigente no se encontraban previstas. | BT13: No se realizaron modificaciones | BV13: 16 | BW13: 1223825000 | BX13: 1 | BY13: 143000000 | BZ13: 0 | CA13: =IF(AND(BX13=0,BZ13=0),0,IF(AND(BX13=0,BZ13>0),"Ejecucion Presupuesto No Programada",BZ13/BX13)) -> 0 | CB13: 0 | CC13: =IF(AND(BY13=0,CB13=0),0,IF(AND(BY13=0,CB13>0),"Ejecucion Presupuesto No Programada",CB13/BY13)) -> 0 | CD13: =IF(CB13>BY13,0,BY13-CB13) -> 143000000 | CE13: En el mes de junio de 2026 no hubo ejecución de líneas de contratación. De igual manera dentro de la programación anual vigente no se encontraban previstas. | CG13: No se realizaron modificaciones | CV13: =AI13 -> 18 | CW13: =AJ13 -> 1273825000 | CX13: =J13+W13+AK13 -> 22 | CY13: =K13+X13+AL13 -> 1582425000 | CZ13: =L13+Y13+AM13 -> 11 | DA13: =IFERROR(CZ13/CX13,0) -> 0.5 | DB13: =N13+AA13+AO13 -> 855225000 | DC13: =IFERROR(DB13/CY13,0) -> 0.54045215 | DD13: =P13+AD13+AQ13 -> 1244425000 | DE13: =BV13 -> 16 | DF13: =BW13 -> 1223825000 | DG13: =AX13+BK13+BX13 -> 1 | DH13: =AY13+BL13+BY13 -> 143000000 | DI13: =AZ13+BM13+BZ13 -> 0 | DJ13: =IFERROR(DI13/DG13,0) -> 0 | DK13: =BB13+BO13+CB13 -> 0 | DL13: =IFERROR(DK13/DH13,0) -> 0 | DM13: =BD13+BQ13+CD13 -> 143000000 | DN13: En enero, la OACRI incorporó 4 líneas nuevas al PAA por $473.811.500, alcanzando un total de 24 líneas y un presupuesto de $1.561.075.000. Se programaron 17 líneas, de las cuales se ejecutaron 2 (12%) por $288.000.000 (23%). Aunque operativamente se gestionaron 10 líneas, quedaron 3 pendientes por mínima cuantía y 7 reprogramadas para julio, lo que evidencia una ejecución baja frente a lo planificado y un alto valor ($973.425.000) de recursos no contratados. | DO13: En febrero se programó 1 línea por $50.000.000, sin embargo, no se adelantaron procesos de contratación asociados a esta programación. A pesar de ello, se registró ejecución presupuestal no programada por $567.225.000, lo que generó una sobreejecución frente a lo previsto. No se realizaron modificaciones al PAA | DP13: Para marzo, el PAA se ajustó a 18 líneas por $1.273.825.000, programándose 4 líneas por $271.000.000, sin que se registrara ejecución (0%). No se realizaron modificaciones al PAA y la no ejecución responde a que las actividades no estaban previstas para el periodo. | DQ13: Durante el mes de abril de 2026 no se registró ejecución de líneas de contratación, teniendo en cuenta que dentro de la Programación Anual vigente no se encontraban actividades programadas para dicho periodo. Así mismo, se informa que durante el mes reportado no se realizaron modificaciones a la programación establecida. | DR13: Durante el mes de mayo de 2026, la Oficina Asesora de Comunicaciones y Relaciones Interinstitucionales OACRI, contó con un presupuesto programado acumulado de $1.223.825.000, correspondiente a 16 líneas programadas. No obstante, durante el período evaluado no se registró ejecución de líneas de contratación, toda vez que no se encontraban previstas contrataciones dentro de la programación vigente para el mes, por lo que la ejecución física y presupuestal fue del 0 %. Así mismo, se informa que durante el período evaluado no se realizaron modificaciones al Plan Anual de Adquisiciones PAA, manteniéndose la programación inicialmente establecida. | DS13: Durante el mes de junio de 2026, la Oficina Asesora de Comunicaciones y Relaciones Interinstitucionales OACRI, no registró ejecución de líneas de contratación, debido a que en la programación anual vigente no se encontraban previstas contrataciones para dicho periodo. Asimismo, no se realizaron modificaciones al Plan Anual de Adquisiciones PAA, manteniéndose la programación inicialmente aprobada para la vigencia. | DZ13: 27/07/2026 DPRV: Para efectos del presente seguimiento se tomó como criterio de evaluación la versión 14 del Plan Anual de Adquisiciones —PAA—, identificada por la Entidad como la versión vigente con corte al 30 de junio de 2026. A partir de esta versión se contrastó la programación contractual con la información reportada por las dependencias, los registros de ejecución y el monitoreo efectuado por la Oficina Asesora de Planeación. De acuerdo con la consolidación de la matriz de seguimiento, se registra un avance físico preliminar del 82,4 %, correspondiente a 439 líneas contratadas frente a 533 programadas, mientras que la ejecución presupuestal alcanza aproximadamente el 49,3 %, con $35.382.967.069 contratados de $71.776.491.590 programados. Estos resultados evidencian que, aunque se gestionó una proporción importante de las necesidades contractuales previstas, permanecen pendientes procesos con una participación presupuestal significativa, especialmente aquellos programados durante el segundo trimestre. Al desagregar la ejecución presupuestal por dependencia, los mayores rezagos se concentran principalmente en la Subdirección de Disposición Final, la Subdirección de Servicios Funerarios y Alumbrado Público —particularmente en el componente de Alumbrado Público— y la Subdirección Administrativa y Financiera; seguidas por la Subdirección de Asuntos Legales y el componente de Servicios Funerarios. Estas dependencias presentan las mayores diferencias acumuladas entre los recursos programados y los efectivamente contratados durante el semestre, asociadas principalmente a procesos de alta cuantía que permanecían en estructuración, trámite precontractual, reprogramación o pendientes de contratación. En consecuencia, se requiere priorizar su seguimiento durante el segundo semestre, estableciendo para cada proceso pendiente las causas del rezago, la etapa alcanzada y la fecha prevista para su contratación
B14: Oficina Asesora de Planeación (OAP) | C14: *Matriz de seguimiento presupuestal (OAP) *Informe de certificados de recursos registrados (emitido por la SAF) *Plan anual de adquisiciones publicado en SECOP II (Ultima version publicada del mes a reportar) | D14: 25 | E14: 1685975500 | F14: -5 | G14: -133375500 | H14: =+D14+F14 -> 20 | I14: =+E14+G14 -> 1552600000 | J14: 20 | K14: 1552600000 | L14: 5 | M14: =+L14/J14 -> 0.25 | N14: 476000000 | O14: =+N14/K14 -> 0.30658251 | P14: =IF(N14>K14,0,K14-N14) -> 1076600000 | Q14: Durante el mes de enero de 2026 se evidencia una variación correspondiente a cinco (5) líneas de contratación, por un valor de $133.375.500. No obstante, se mantiene un total programado y ejecutado de veinte (20) líneas de contratación por valor de $1.552.600.000. Así mismo, se registra un cumplimiento del 25% equivalente a $476.000.000, quedando un saldo pendiente por ejecutar correspondiente al 31%, equivalente a $1.076.600.000. | S14: No se realizaron modificaciones a la programación vigente. | U14: =H14 -> 20 | V14: =I14 -> 1552600000 | W14: 0 | X14: 0 | Y14: 14 | Z14: =IF(AND(W14=0,Y14>0),"Ejecucion Presupuesto No Programada",Y14/W14) -> Ejecucion Presupuesto No Programada | AA14: 1058250000 | AB14: =IF(AND(X14=0,AA14>0),"Ejecucion Presupuesto No Programada",AA14/X14) -> Ejecucion Presupuesto No Programada | AD14: =IF(AA14>X14,0,X14-AA14) -> 0 | AE14: Durante el mes de febrero de 2026 se mantuvo la programación de veinte (20) líneas de contratación contempladas dentro del Plan Anual de Adquisiciones. No obstante, para el periodo reportado no se encontraba prevista programación presupuestal. Sin embargo, se registró ejecución en catorce (14) líneas de contratación, correspondiente a actividades ejecutadas bajo la modalidad de ejecución presupuestal no programada. | AG14: No se realizaron modificaciones | AI14: =H14 -> 20 | AJ14: =I14 -> 1552600000 | AK14: 1 | AL14: 16000000 | AM14: 0 | AN14: =IF(AND(AK14=0,AM14=0),0,IF(AND(AK14=0,AM14>0),"Ejecucion Presupuesto No Programada",AM14/AK14)) -> 0 | AO14: 0 | AP14: =IF(AND(AL14=0,AO14=0),0,IF(AND(AL14=0,AO14>0),"Ejecucion Presupuesto No Programada",AO14/AL14)) -> 0 | AQ14: =IF(AO14>AL14,0,AL14-AO14) -> 16000000 | AR14: Durante el mes de marzo de 2026 se contó con una programación de veinte (20) líneas de contratación. Así mismo, se registró una (1) actividad programada para ejecución durante el periodo reportado. Sin embargo, no se presentó avance en la ejecución de las actividades programadas. | AT14: No se realizaron modificaciones | AV14: 20 | AW14: 1552600000 | AX14: 0 | AY14: 0 | AZ14: 1 | BA14: =IF(AND(AX14=0,AZ14=0),0,IF(AND(AX14=0,AZ14>0),"Ejecucion Presupuesto No Programada",AZ14/AX14)) -> Ejecucion Presupuesto No Programada | BB14: 7938352 | BC14: =IF(AND(AY14=0,BB14=0),0,IF(AND(AY14=0,BB14>0),"Ejecucion Presupuesto No Programada",BB14/AY14)) -> Ejecucion Presupuesto No Programada | BD14: =IF(BB14>AY14,0,AY14-BB14) -> 0 | BE14: Durante el mes de abril de 2026 se mantuvo la programación de veinte (20) líneas de contratación dentro del Plan Anual de Adquisiciones. No obstante, para el periodo reportado no se encontraba prevista programación presupuestal. | BG14: No se realizaron modificaciones | BI14: 20 | BJ14: 1552600000 | BK14: 0 | BL14: 0 | BM14: 0 | BN14: =IF(AND(BK14=0,BM14=0),0,IF(AND(BK14=0,BM14>0),"Ejecucion Presupuesto No Programada",BM14/BK14)) -> 0 | BO14: 0 | BP14: =IF(AND(BL14=0,BO14=0),0,IF(AND(BL14=0,BO14>0),"Ejecucion Presupuesto No Programada",BO14/BL14)) -> 0 | BQ14: =IF(BO14>BL14,0,BL14-BO14) -> 0 | BR14: Durante el mes de mayo de 2026, la Oficina Asesora de Planeación OAP, contó con un presupuesto programado acumulado de $1.552.600.000, correspondiente a 20 líneas programadas. Sin embargo, para el período evaluado no se registraron líneas contratadas ni ejecución presupuestal asociada, evidenciándose 0 líneas contratadas, una ejecución física del 0 % y una ejecución presupuestal del 0 %. En consecuencia, la totalidad del presupuesto programado para el mes, equivalente a $1.552.600.000, permanece sin contratar, reflejando que no se adelantaron procesos contractuales asociados a las líneas programadas durante el período de análisis. | BT14: No se realizaron modificaciones | BV14: 20 | BW14: 1552600000 | BX14: 0 | BY14: 0 | BZ14: 0 | CA14: =IF(AND(BX14=0,BZ14=0),0,IF(AND(BX14=0,BZ14>0),"Ejecucion Presupuesto No Programada",BZ14/BX14)) -> 0 | CB14: 0 | CC14: =IF(AND(BY14=0,CB14=0),0,IF(AND(BY14=0,CB14>0),"Ejecucion Presupuesto No Programada",CB14/BY14)) -> 0 | CD14: =IF(CB14>BY14,0,BY14-CB14) -> 0 | CE14: Durante el mes de junio de 2026, la OAP presentó una programación vigente por valor de $1.552.600.000, sin registrar ejecución presupuestal durante el periodo, equivalente al 0% de cumplimiento. Esta situación obedece a que, durante el mes objeto de seguimiento, no se adelantaron procesos contractuales asociados a las líneas de contratación programadas, debido a que las actividades previstas se encontraban en fase de planeación, estructuración técnica y gestión de los documentos precontractuales necesarios para su posterior trámite. En consecuencia, la ejecución de los recursos se proyecta para los siguientes meses de la vigencia, conforme al cronograma de contratación establecido y a las necesidades institucionales. | CG14: No se realizaron modificaciones | CV14: =AI14 -> 20 | CW14: =AJ14 -> 1552600000 | CX14: =J14+W14+AK14 -> 21 | CY14: =K14+X14+AL14 -> 1568600000 | CZ14: =L14+Y14+AM14 -> 19 | DA14: =IFERROR(CZ14/CX14,0) -> 0.9047619 | DB14: =N14+AA14+AO14 -> 1534250000 | DC14: =IFERROR(DB14/CY14,0) -> 0.97810149 | DD14: =P14+AD14+AQ14 -> 1092600000 | DE14: =BV14 -> 20 | DF14: =BW14 -> 1552600000 | DG14: =AX14+BK14+BX14 -> 0 | DH14: =AY14+BL14+BY14 -> 0 | DI14: =AZ14+BM14+BZ14 -> 1 | DJ14: =IFERROR(DI14/DG14,0) -> 0 | DK14: =BB14+BO14+CB14 -> 7938352 | DL14: =IFERROR(DK14/DH14,0) -> 0 | DM14: =BD14+BQ14+CD14 -> 0 | DN14: Durante el mes de enero de 2026 se evidenció variación en cinco (5) líneas de contratación. No obstante, se mantiene la programación y ejecución prevista dentro del Plan Anual de Adquisiciones para el periodo reportado. Así mismo, se registra avance en el cumplimiento de las actividades programadas, manteniéndose un porcentaje pendiente de ejecución conforme a la programación anual establecida. De igual manera, durante el periodo reportado no se realizaron modificaciones a la programación | DO14: Durante el mes de febrero de 2026 se contó con una programación de veinte (20) líneas de contratación. Sin embargo, no se registró programación presupuestal para el periodo reportado. Así mismo, se evidenció ejecución correspondiente a catorce (14) líneas de contratación, asociadas a ejecución presupuestal no programada dentro del periodo inicialmente establecido. De igual manera, no se realizaron modificaciones a la programación anual vigente. | DP14: Durante el mes de marzo de 2026 se mantuvo la programación de veinte (20) líneas de contratación dentro del Plan Anual de Adquisiciones. Así mismo, se registró una (1) línea asociada a programación presupuestal para el periodo reportado. No obstante, durante el mes no se evidenció ejecución de las actividades programadas, manteniéndose pendiente la ejecución correspondiente conforme a la programación establecida. De igual manera, no se realizaron modificaciones a la programación anual vigente. | DQ14: Durante el mes de abril de 2026 se mantuvo la programación de veinte (20) líneas de contratación dentro del Plan Anual de Adquisiciones. No obstante, para el periodo reportado no se encontraba prevista programación presupuestal. Así mismo, se registró ejecución correspondiente a una (1) línea de contratación, asociada a ejecución presupuestal no programada dentro del periodo inicialmente establecido. De igual manera, durante el periodo reportado no se realizaron modificaciones a la programación anual vigente. | DR14: Durante el mes de mayo de 2026, la Oficina Asesora de Planeación OAP contó con un presupuesto programado de $1.552.600.000, asociado a 20 líneas programadas. No obstante, no se registraron procesos de contratación ni ejecución presupuestal durante el período evaluado, por lo que la ejecución física y financiera fue del 0 %. En consecuencia, la totalidad de los recursos programados permaneció sin contratar. Se precisa que durante el mes no se realizaron modificaciones al Plan Anual de Adquisiciones PAA. | DS14: En junio de 2026 no se registró ejecución presupuestal del PAA de la Oficina Asesora de Planeación, debido a que las contrataciones programadas permanecieron en fase de estructuración precontractual. La gestión adelantada permitió consolidar los insumos necesarios para dar continuidad al cronograma de contratación y a la ejecución de los recursos en los próximos periodos de la vigencia. | DZ14: 27/07/2026 DPRV: Para efectos del presente seguimiento se tomó como criterio de evaluación la versión 14 del Plan Anual de Adquisiciones —PAA—, identificada por la Entidad como la versión vigente con corte al 30 de junio de 2026. A partir de esta versión se contrastó la programación contractual con la información reportada por las dependencias, los registros de ejecución y el monitoreo efectuado por la Oficina Asesora de Planeación. De acuerdo con la consolidación de la matriz de seguimiento, se registra un avance físico preliminar del 82,4 %, correspondiente a 439 líneas contratadas frente a 533 programadas, mientras que la ejecución presupuestal alcanza aproximadamente el 49,3 %, con $35.382.967.069 contratados de $71.776.491.590 programados. Estos resultados evidencian que, aunque se gestionó una proporción importante de las necesidades contractuales previstas, permanecen pendientes procesos con una participación presupuestal significativa, especialmente aquellos programados durante el segundo trimestre. Al desagregar la ejecución presupuestal por dependencia, los mayores rezagos se concentran principalmente en la Subdirección de Disposición Final, la Subdirección de Servicios Funerarios y Alumbrado Público —particularmente en el componente de Alumbrado Público— y la Subdirección Administrativa y Financiera; seguidas por la Subdirección de Asuntos Legales y el componente de Servicios Funerarios. Estas dependencias presentan las mayores diferencias acumuladas entre los recursos programados y los efectivamente contratados durante el semestre, asociadas principalmente a procesos de alta cuantía que permanecían en estructuración, trámite precontractual, reprogramación o pendientes de contratación. En consecuencia, se requiere priorizar su seguimiento durante el segundo semestre, estableciendo para cada proceso pendiente las causas del rezago, la etapa alcanzada y la fecha prevista para su contratación
B15: Oficina de Control Disciplinario Interno (OCDI) | C15: *Matriz de seguimiento presupuestal (OAP) *Informe de certificados de recursos registrados (emitido por la SAF) *Plan anual de adquisiciones publicado en SECOP II (Ultima version publicada del mes a reportar) | D15: 8 | E15: 674460000 | F15: 1 | G15: 60000000 | H15: =+D15+F15 -> 9 | I15: =+E15+G15 -> 734460000 | J15: 9 | K15: 734460000 | L15: 2 | M15: =+L15/J15 -> 0.22222222 | N15: 114500000 | O15: =+N15/K15 -> 0.15589685 | P15: =IF(N15>K15,0,K15-N15) -> 619960000 | Q15: La contratación de la OCDI se ha venido ejecutando conforme a lo planificado en el PAA. No se presentó ni subcontratación ni sobrecontratación. En cuanto al presupuesto aprobado y ejecutado, se precisa que el valor aprobado inicialmente para la OCI (vigencia 2026) | S15: No se realizaron modificaciones | U15: =H15 -> 9 | V15: =I15 -> 734460000 | W15: 0 | X15: 0 | Y15: 2 | Z15: =IF(AND(W15=0,Y15>0),"Ejecucion Presupuesto No Programada",Y15/W15) -> Ejecucion Presupuesto No Programada | AA15: 102500000 | AB15: =IF(AND(X15=0,AA15>0),"Ejecucion Presupuesto No Programada",AA15/X15) -> Ejecucion Presupuesto No Programada | AD15: =IF(AA15>X15,0,X15-AA15) -> 0 | AE15: La contratación de la OCI se ha venido ejecutando conforme a lo planificado en el PAA. No se presentó ni subcontratación ni sobrecontratación. | AG15: En febrero, se solicitó la inclusión de cuatro (5) líneas nuevas de necesidades de contratación por valor de $348.000.000 COP. | AI15: =H15 -> 9 | AJ15: =I15 -> 734460000 | AK15: 0 | AL15: 0 | AM15: 0 | AN15: =IF(AND(AK15=0,AM15=0),0,IF(AND(AK15=0,AM15>0),"Ejecucion Presupuesto No Programada",AM15/AK15)) -> 0 | AO15: 0 | AP15: =IF(AND(AL15=0,AO15=0),0,IF(AND(AL15=0,AO15>0),"Ejecucion Presupuesto No Programada",AO15/AL15)) -> 0 | AQ15: =IF(AO15>AL15,0,AL15-AO15) -> 0 | AR15: La Oficina de Control Interno Disciplinario en el mes de marzo no tiene programados objetos del PAA para contratación | AT15: No se realizaron modificaciones | AV15: 9 | AW15: 734460000 | AX15: 0 | AY15: 0 | AZ15: 0 | BA15: =IF(AND(AX15=0,AZ15=0),0,IF(AND(AX15=0,AZ15>0),"Ejecucion Presupuesto No Programada",AZ15/AX15)) -> 0 | BB15: 0 | BC15: =IF(AND(AY15=0,BB15=0),0,IF(AND(AY15=0,BB15>0),"Ejecucion Presupuesto No Programada",BB15/AY15)) -> 0 | BD15: =IF(BB15>AY15,0,AY15-BB15) -> 0 | BE15: La Oficina de Control Interno Disciplinario en el mes de abril no tiene progrmados objetos del PAA para contratación | BG15: No se realizaron modificaciones | BI15: 14 | BJ15: 1090460000 | BK15: 0 | BL15: 0 | BM15: 0 | BN15: =IF(AND(BK15=0,BM15=0),0,IF(AND(BK15=0,BM15>0),"Ejecucion Presupuesto No Programada",BM15/BK15)) -> 0 | BO15: 0 | BP15: =IF(AND(BL15=0,BO15=0),0,IF(AND(BL15=0,BO15>0),"Ejecucion Presupuesto No Programada",BO15/BL15)) -> 0 | BQ15: =IF(BO15>BL15,0,BL15-BO15) -> 0 | BR15: La Oficina de Control Interno Disciplinario en el mes de mayo no tiene progrmados objetos del PAA para contratación | BT15: No se realizaron modificaciones | BV15: 14 | BW15: 1090460000 | BX15: 5 | BY15: 356000000 | BZ15: 0 | CA15: =IF(AND(BX15=0,BZ15=0),0,IF(AND(BX15=0,BZ15>0),"Ejecucion Presupuesto No Programada",BZ15/BX15)) -> 0 | CB15: 0 | CC15: =IF(AND(BY15=0,CB15=0),0,IF(AND(BY15=0,CB15>0),"Ejecucion Presupuesto No Programada",CB15/BY15)) -> 0 | CD15: =IF(CB15>BY15,0,BY15-CB15) -> 356000000 | CE15: A corte de junio de 2026, OCDI registró una programación vigente de 14 líneas por valor de $1.090.460.000, de las cuales cinco (5) líneas, correspondientes a $356.000.000, se encontraban programadas para iniciar durante el periodo evaluado. Si bien no se registró ejecución contractual durante el mes (0%), los recursos permanecen programados y pendientes de contratación, debido a que los procesos se encontraban en etapa de estructuración y trámite precontractual, conforme a la planeación institucional. En consecuencia, la contratación proyectada permitirá atender las necesidades propias de la dependencia y fortalecer el ejercicio de la función disciplinaria, garantizando el cumplimiento de sus competencias y de los objetivos institucionales establecidos para la vigencia 2026. | CG15: No se realizaron modificaciones | CV15: =AI15 -> 9 | CW15: =AJ15 -> 734460000 | CX15: =J15+W15+AK15 -> 9 | CY15: =K15+X15+AL15 -> 734460000 | CZ15: =L15+Y15+AM15 -> 4 | DA15: =IFERROR(CZ15/CX15,0) -> 0.44444444 | DB15: =N15+AA15+AO15 -> 217000000 | DC15: =IFERROR(DB15/CY15,0) -> 0.29545516 | DD15: =P15+AD15+AQ15 -> 619960000 | DE15: =BV15 -> 14 | DF15: =BW15 -> 1090460000 | DG15: =AX15+BK15+BX15 -> 5 | DH15: =AY15+BL15+BY15 -> 356000000 | DI15: =AZ15+BM15+BZ15 -> 0 | DJ15: =IFERROR(DI15/DG15,0) -> 0 | DK15: =BB15+BO15+CB15 -> 0 | DL15: =IFERROR(DK15/DH15,0) -> 0 | DM15: =BD15+BQ15+CD15 -> 356000000 | DN15: En enero, la OCDI incorporó 1 línea nueva al PAA por $60.000.000, alcanzando un total de 9 líneas y $734.460.000. Se programaron 9 líneas, de las cuales se ejecutaron 2 (22%) por $114.500.000 (16%). Aunque la ejecución se reporta acorde a lo planificado, se mantiene un valor significativo de $619.960.000 en objetos no contratados. | DO15: En febrero no se programaron líneas dentro del PAA; sin embargo, se registró ejecución presupuestal no programada por $102.500.000, correspondiente a 2 líneas ejecutadas por fuera de la planeación. Durante el mes se solicitó la inclusión de 5 nuevas líneas por $348.000.000, como ajuste a las necesidades contractuales. | DP15: Durante el mes de marzo de 2026, la Oficina de Control Interno Disciplinario no contó con objetos contractuales programados dentro del Plan Anual de Adquisiciones para ejecución en dicho periodo. Así mismo, durante el periodo reportado no se realizaron modificaciones a la programación anual vigente. | DQ15: Durante el mes de abril de 2026, la Oficina de Control Interno Disciplinario no contó con objetos contractuales programados dentro del Plan Anual de Adquisiciones para ejecución en dicho periodo. Así mismo, durante el periodo reportado no se realizaron modificaciones a la programación anual vigente. | DR15: Durante el mes de mayo de 2026, la Oficina de Control Interno Disciplinario no tenía programados objetos de contratación dentro del Plan Anual de Adquisiciones PAA, por lo que no se registró ejecución en el periodo evaluado. Asimismo, se verificó que no se realizaron modificaciones al PAA, manteniéndose la programación inicialmente establecida. | DS15: Durante el mes de junio, la Oficina de Control Disciplinario Interno OCDI adelantó la gestión correspondiente al Plan Anual de Adquisiciones PAA, orientada a garantizar la adecuada planeación de los procesos contractuales requeridos para el cumplimiento de sus funciones misionales. La programación de la contratación responde a las necesidades identificadas por la dependencia y busca fortalecer la capacidad operativa para el desarrollo de las actuaciones disciplinarias, asegurando el cumplimiento de los principios de eficiencia, oportunidad y continuidad en la prestación del servicio. Estas acciones contribuyen a mantener articulada la planeación contractual con los objetivos institucionales y las necesidades de la Entidad. | DZ15: 27/07/2026 DPRV: Para efectos del presente seguimiento se tomó como criterio de evaluación la versión 14 del Plan Anual de Adquisiciones —PAA—, identificada por la Entidad como la versión vigente con corte al 30 de junio de 2026. A partir de esta versión se contrastó la programación contractual con la información reportada por las dependencias, los registros de ejecución y el monitoreo efectuado por la Oficina Asesora de Planeación. De acuerdo con la consolidación de la matriz de seguimiento, se registra un avance físico preliminar del 82,4 %, correspondiente a 439 líneas contratadas frente a 533 programadas, mientras que la ejecución presupuestal alcanza aproximadamente el 49,3 %, con $35.382.967.069 contratados de $71.776.491.590 programados. Estos resultados evidencian que, aunque se gestionó una proporción importante de las necesidades contractuales previstas, permanecen pendientes procesos con una participación presupuestal significativa, especialmente aquellos programados durante el segundo trimestre. Al desagregar la ejecución presupuestal por dependencia, los mayores rezagos se concentran principalmente en la Subdirección de Disposición Final, la Subdirección de Servicios Funerarios y Alumbrado Público —particularmente en el componente de Alumbrado Público— y la Subdirección Administrativa y Financiera; seguidas por la Subdirección de Asuntos Legales y el componente de Servicios Funerarios. Estas dependencias presentan las mayores diferencias acumuladas entre los recursos programados y los efectivamente contratados durante el semestre, asociadas principalmente a procesos de alta cuantía que permanecían en estructuración, trámite precontractual, reprogramación o pendientes de contratación. En consecuencia, se requiere priorizar su seguimiento durante el segundo semestre, estableciendo para cada proceso pendiente las causas del rezago, la etapa alcanzada y la fecha prevista para su contratación
B16: Oficina de Control Interno (OCI) | C16: *Matriz de seguimiento presupuestal (OAP) *Informe de certificados de recursos registrados (emitido por la SAF) *Plan anual de adquisiciones publicado en SECOP II (Ultima version publicada del mes a reportar) | D16: 3 | E16: 354000000 | F16: 1 | G16: -129000000 | H16: =+D16+F16 -> 4 | I16: =+E16+G16 -> 225000000 | J16: 4 | K16: 225000000 | L16: 0 | M16: =+L16/J16 -> 0 | N16: 0 | O16: =+N16/K16 -> 0 | P16: =IF(N16>K16,0,K16-N16) -> 225000000 | Q16: La contratación de la OCI se ha venido ejecutando conforme a lo planificado en el PAA. No se presentó ni subcontratación ni sobrecontratación. En cuanto al presupuesto aprobado y ejecutado, se precisa que el valor aprobado inicialmente para la OCI (vigencia 2026) fue de $251.750.000 COP, según lo indicado por la ordenadora del gasto; por lo que actualmente debe haber un saldo de $26.750.000 COP. | S16: No se presentaron modificaciones de las líneas de necesidades de contratación de la OCI. | U16: =H16 -> 4 | V16: =I16 -> 225000000 | W16: 0 | X16: 0 | Y16: 4 | Z16: =IF(AND(W16=0,Y16>0),"Ejecucion Presupuesto No Programada",Y16/W16) -> Ejecucion Presupuesto No Programada | AA16: 225000000 | AB16: =IF(AND(X16=0,AA16>0),"Ejecucion Presupuesto No Programada",AA16/X16) -> Ejecucion Presupuesto No Programada | AD16: =IF(AA16>X16,0,X16-AA16) -> 0 | AE16: La contratación de la OCI se ha venido ejecutando conforme a lo planificado en el PAA. No se presentó ni subcontratación ni sobrecontratación. | AG16: En febrero, se solicitó la inclusión de cuatro (4) líneas nuevas de necesidades de contratación por valor de $150.000.000 COP. | AI16: =H16 -> 4 | AJ16: =I16 -> 225000000 | AK16: 0 | AL16: 0 | AM16: 0 | AN16: =IF(AND(AK16=0,AM16=0),0,IF(AND(AK16=0,AM16>0),"Ejecucion Presupuesto No Programada",AM16/AK16)) -> 0 | AO16: 0 | AP16: =IF(AND(AL16=0,AO16=0),0,IF(AND(AL16=0,AO16>0),"Ejecucion Presupuesto No Programada",AO16/AL16)) -> 0 | AQ16: =IF(AO16>AL16,0,AL16-AO16) -> 0 | AR16: La contratación de la OCI se ha venido ejecutando conforme a lo planificado en el PAA. No se presentó ni subcontratación ni sobrecontratación. | AT16: No se realizaron modificaciones | AV16: 4 | AW16: 225000000 | AX16: 0 | AY16: 0 | AZ16: 0 | BA16: =IF(AND(AX16=0,AZ16=0),0,IF(AND(AX16=0,AZ16>0),"Ejecucion Presupuesto No Programada",AZ16/AX16)) -> 0 | BB16: 0 | BC16: =IF(AND(AY16=0,BB16=0),0,IF(AND(AY16=0,BB16>0),"Ejecucion Presupuesto No Programada",BB16/AY16)) -> 0 | BD16: =IF(BB16>AY16,0,AY16-BB16) -> 0 | BE16: La contratación de la OCI se ha venido ejecutando conforme a lo planificado en el PAA. No se presentó ni subcontratación ni sobrecontratación. | BG16: No se realizaron modificaciones | BI16: 4 | BJ16: 225000000 | BK16: 0 | BL16: 0 | BM16: 0 | BN16: =IF(AND(BK16=0,BM16=0),0,IF(AND(BK16=0,BM16>0),"Ejecucion Presupuesto No Programada",BM16/BK16)) -> 0 | BO16: 0 | BP16: =IF(AND(BL16=0,BO16=0),0,IF(AND(BL16=0,BO16>0),"Ejecucion Presupuesto No Programada",BO16/BL16)) -> 0 | BQ16: =IF(BO16>BL16,0,BL16-BO16) -> 0 | BR16: La contratación de la OCI se ha venido ejecutando conforme a lo planificado en el PAA. No se presentó ni subcontratación ni sobrecontratación. | BT16: No se realizaron modificaciones | BV16: 4 | BW16: 225000000 | BX16: 0 | BY16: 0 | BZ16: 0 | CA16: =IF(AND(BX16=0,BZ16=0),0,IF(AND(BX16=0,BZ16>0),"Ejecucion Presupuesto No Programada",BZ16/BX16)) -> 0 | CB16: 0 | CC16: =IF(AND(BY16=0,CB16=0),0,IF(AND(BY16=0,CB16>0),"Ejecucion Presupuesto No Programada",CB16/BY16)) -> 0 | CD16: =IF(CB16>BY16,0,BY16-CB16) -> 0 | CE16: La contratación de la OCI se ha venido ejecutando conforme a lo planificado en el PAA. No se presentó ni subcontratación ni sobrecontratación. | CG16: No se realizaron modificaciones | CV16: =AI16 -> 4 | CW16: =AJ16 -> 225000000 | CX16: =J16+W16+AK16 -> 4 | CY16: =K16+X16+AL16 -> 225000000 | CZ16: =L16+Y16+AM16 -> 4 | DA16: =IFERROR(CZ16/CX16,0) -> 1 | DB16: =N16+AA16+AO16 -> 225000000 | DC16: =IFERROR(DB16/CY16,0) -> 1 | DD16: =P16+AD16+AQ16 -> 225000000 | DE16: =BV16 -> 4 | DF16: =BW16 -> 225000000 | DG16: =AX16+BK16+BX16 -> 0 | DH16: =AY16+BL16+BY16 -> 0 | DI16: =AZ16+BM16+BZ16 -> 0 | DJ16: =IFERROR(DI16/DG16,0) -> 0 | DK16: =BB16+BO16+CB16 -> 0 | DL16: =IFERROR(DK16/DH16,0) -> 0 | DM16: =BD16+BQ16+CD16 -> 0 | DN16: En enero, la OCI presentó una reducción de 1 línea en el PAA por -$129.000.000, quedando con un total de 4 líneas y un presupuesto de $225.000.000. Se programaron 4 líneas, sin embargo, no se ejecutaron (0%), manteniéndose la totalidad del presupuesto ($225.000.000) sin contratar. La ejecución se reporta conforme a la planeación, sin evidencias de subcontratación o sobrecontratación. | DO16: En febrero no se programaron líneas dentro del PAA; no obstante, se registró ejecución presupuestal no programada por $225.000.000, correspondiente a 4 líneas ejecutadas por fuera de la planeación. Durante el periodo, se solicitó la inclusión de 4 nuevas líneas por $150.000.000, como ajuste a las necesidades contractuales. | DP16: En marzo no se programaron ni ejecutaron líneas de contratación, manteniéndose sin cambios el PAA (4 líneas por $225.000.000). | DQ16: Durante el mes reportado se mantuvo la programación de cuatro (4) líneas de contratación dentro del Plan Anual de Adquisiciones. No obstante, para el periodo correspondiente no se registró programación presupuestal ni ejecución de actividades asociadas. Así mismo, no se evidenciaron avances en ejecución durante el periodo reportado. De igual manera, no se realizaron modificaciones a la programación anual vigente. | DR16: Durante el mes de mayo de 2026, la contratación de la Oficina de Control Interno se ejecutó conforme a la planeación establecida en el Plan Anual de Adquisiciones PAA, sin evidenciar desviaciones frente a lo programado. Asimismo, no se presentaron situaciones de subcontratación ni sobrecontratación, lo que refleja una adecuada gestión y alineación entre la planificación y las necesidades contractuales de la dependencia. | DS16: En junio de 2026, la Oficina de Control Interno OCI, ejecutó las contrataciones programadas conforme a lo establecido en el Plan Anual de Adquisiciones PAA, sin evidenciar variaciones frente a la planeación inicial. En consecuencia, no se presentaron modificaciones al PAA durante el periodo evaluado. | DZ16: 27/07/2026 DPRV: Para efectos del presente seguimiento se tomó como criterio de evaluación la versión 14 del Plan Anual de Adquisiciones —PAA—, identificada por la Entidad como la versión vigente con corte al 30 de junio de 2026. A partir de esta versión se contrastó la programación contractual con la información reportada por las dependencias, los registros de ejecución y el monitoreo efectuado por la Oficina Asesora de Planeación. De acuerdo con la consolidación de la matriz de seguimiento, se registra un avance físico preliminar del 82,4 %, correspondiente a 439 líneas contratadas frente a 533 programadas, mientras que la ejecución presupuestal alcanza aproximadamente el 49,3 %, con $35.382.967.069 contratados de $71.776.491.590 programados. Estos resultados evidencian que, aunque se gestionó una proporción importante de las necesidades contractuales previstas, permanecen pendientes procesos con una participación presupuestal significativa, especialmente aquellos programados durante el segundo trimestre. Al desagregar la ejecución presupuestal por dependencia, los mayores rezagos se concentran principalmente en la Subdirección de Disposición Final, la Subdirección de Servicios Funerarios y Alumbrado Público —particularmente en el componente de Alumbrado Público— y la Subdirección Administrativa y Financiera; seguidas por la Subdirección de Asuntos Legales y el componente de Servicios Funerarios. Estas dependencias presentan las mayores diferencias acumuladas entre los recursos programados y los efectivamente contratados durante el semestre, asociadas principalmente a procesos de alta cuantía que permanecían en estructuración, trámite precontractual, reprogramación o pendientes de contratación. En consecuencia, se requiere priorizar su seguimiento durante el segundo semestre, estableciendo para cada proceso pendiente las causas del rezago, la etapa alcanzada y la fecha prevista para su contratación
B17: Oficina de Tecnologías de la Información y las Comunicaciones (TIC) | C17: *Matriz de seguimiento presupuestal (OAP) *Informe de certificados de recursos registrados (emitido por la SAF) *Plan anual de adquisiciones publicado en SECOP II (Ultima version publicada del mes a reportar) | D17: 26 | E17: 2927854411 | F17: 1 | G17: 3000000 | H17: =+D17+F17 -> 27 | I17: =+E17+G17 -> 2930854411 | J17: 12 | K17: 930854411 | L17: 8 | M17: =+L17/J17 -> 0.66666667 | N17: 625768800 | O17: =+N17/K17 -> 0.67225206 | P17: 0 | Q17: No aplica, ya que se contrato todo lo proyectado. Por favor revisar el numero de lineas iniciales | S17: No se realizaron modificaciones | U17: 13 | V17: 970854411 | W17: 1 | X17: 40000000 | Y17: 5 | Z17: =IF(AND(W17=0,Y17>0),"Ejecucion Presupuesto No Programada",Y17/W17) -> 5 | AA17: 272733000 | AB17: =IF(AND(X17=0,AA17>0),"Ejecucion Presupuesto No Programada",AA17/X17) -> 6.818325 | AD17: 0 | AE17: No aplica, ya que se contrato todo lo proyectado | AG17: Por motivos y ajustes presupuestales la OTIC realizó la modificación del PAA con el objetivo de que el desarrollo de las actividades quedara alineado con las fechas establecidas. | AI17: 30 | AJ17: 3116854411 | AK17: 1 | AL17: 43000000 | AM17: 0 | AN17: =IF(AND(AK17=0,AM17=0),0,IF(AND(AK17=0,AM17>0),"Ejecucion Presupuesto No Programada",AM17/AK17)) -> 0 | AO17: 0 | AP17: =IF(AND(AL17=0,AO17=0),0,IF(AND(AL17=0,AO17>0),"Ejecucion Presupuesto No Programada",AO17/AL17)) -> 0 | AQ17: =IF(AO17>AL17,0,AL17-AO17) -> 43000000 | AR17: Se presentaron retrazos en la generación del CDP y por temas de requerimientos técnicos se hizo necesario la modificación de PAA (incrementar presupuesto), lo cual ocaciona que el proceso se iniciara en marzo y que actualmente se encuentra en gestión. | AT17: Se aumenta el presupuesto del proceso TIC-021 por necesidades técnicas. | AV17: 30 | AW17: 3116854411 | AX17: 0 | AY17: 0 | AZ17: 0 | BA17: =IF(AND(AX17=0,AZ17=0),0,IF(AND(AX17=0,AZ17>0),"Ejecucion Presupuesto No Programada",AZ17/AX17)) -> 0 | BB17: 0 | BC17: =IF(AND(AY17=0,BB17=0),0,IF(AND(AY17=0,BB17>0),"Ejecucion Presupuesto No Programada",BB17/AY17)) -> 0 | BD17: =IF(BB17>AY17,0,AY17-BB17) -> 0 | BE17: Para el mes de Abril el PAA tiene registrados 3 procesos que inician. Los tres procesos finalizan su gestión en mayo 2026, Agradecemos que se tome la información de la Fecha estimada de presentación de ofertas (mes) del PAA | BG17: No se realizaron modificaciones | BI17: 30 | BJ17: 3116854411 | BK17: 1 | BL17: 30000000 | BM17: 1 | BN17: =IF(AND(BK17=0,BM17=0),0,IF(AND(BK17=0,BM17>0),"Ejecucion Presupuesto No Programada",BM17/BK17)) -> 1 | BO17: =30805530 -> 30805530 | BP17: =IF(AND(BL17=0,BO17=0),0,IF(AND(BL17=0,BO17>0),"Ejecucion Presupuesto No Programada",BO17/BL17)) -> 1.026851 | BQ17: =IF(BO17>BL17,0,BL17-BO17) -> 0 | BR17: Adicional al proceso programdo TIC-016 se adenlanto el proceso que se estaba gestionando desde marzo TIC-021 | BT17: No se realizaron modificaciones | BV17: 31 | BW17: 3155330411 | BX17: 1 | BY17: 63480000 | BZ17: 0 | CA17: =IF(AND(BX17=0,BZ17=0),0,IF(AND(BX17=0,BZ17>0),"Ejecucion Presupuesto No Programada",BZ17/BX17)) -> 0 | CB17: 0 | CC17: =IF(AND(BY17=0,CB17=0),0,IF(AND(BY17=0,CB17>0),"Ejecucion Presupuesto No Programada",CB17/BY17)) -> 0 | CD17: =IF(CB17>BY17,0,BY17-CB17) -> 63480000 | CE17: El proceso TIC -012 requirio modificaciones en el PAA que se realizaron en el mes de mayo y una posterior gestión financiera para anulación y generación nuevemente de CDP de fecha 26-06-2026 | CG17: Por necesidad del área se elimina la linea TIC-031 y se agrga la linea TIC-032 | CV17: =AI17 -> 30 | CW17: =AJ17 -> 3116854411 | CX17: =J17+W17+AK17 -> 14 | CY17: =K17+X17+AL17 -> 1013854411 | CZ17: =L17+Y17+AM17 -> 13 | DA17: =IFERROR(CZ17/CX17,0) -> 0.92857143 | DB17: =N17+AA17+AO17 -> 898501800 | DC17: =IFERROR(DB17/CY17,0) -> 0.88622369 | DD17: =P17+AD17+AQ17 -> 43000000 | DE17: =BV17 -> 31 | DF17: =BW17 -> 3155330411 | DG17: =AX17+BK17+BX17 -> 2 | DH17: =AY17+BL17+BY17 -> 93480000 | DI17: =AZ17+BM17+BZ17 -> 1 | DJ17: =IFERROR(DI17/DG17,0) -> 0.5 | DK17: =BB17+BO17+CB17 -> 30805530 | DL17: =IFERROR(DK17/DH17,0) -> 0.3295414 | DM17: =BD17+BQ17+CD17 -> 63480000 | DN17: En enero, TIC incorporó 1 línea nueva al PAA por $3.000.000, alcanzando un total de 27 líneas y un presupuesto de $2.930.854.411. Se programaron 12 líneas, de las cuales se ejecutaron 12 (100%) por $866.670.800 (93%). La ejecución fue alta y acorde a lo programado, sin presentar valores pendientes por contratar. | DO17: En febrero, el PAA se ajustó a 13 líneas por $970.854.411, programándose 1 línea por $40.000.000, la cual fue ejecutada en su totalidad (100% en líneas y 80% en recursos, $31.831.000). Durante el periodo se realizaron modificaciones al PAA por ajustes presupuestales, con el fin de alinear la ejecución de actividades con las fechas establecidas. | DP17: Para marzo, el PAA se incrementó a 30 líneas por $3.116.854.411, programándose 1 línea por $43.000.000, sin que se registrara ejecución (0%). La no ejecución se debió a retrasos en la generación del CDP y ajustes técnicos, lo que implicó modificaciones al PAA, incluyendo el aumento del presupuesto del proceso TIC-021. | DQ17: Durante el periodo, el PAA contempló el inicio de tres (3) procesos contractuales, los cuales se encuentran en curso y con finalización prevista para el mes de mayo de 2026. La diferencia en la ejecución frente a lo programado corresponde a recursos pendientes por comprometer, asociados a la gestión contractual en trámite. | DR17: Durante el mes de mayo de 2026 se adelantó la ejecución del proceso programado TIC-016 y, adicionalmente, se gestionó el proceso TIC-021, el cual venía siendo tramitado desde el mes de marzo. Lo anterior generó una ejecución superior a la programada para el periodo, evidenciando un cumplimiento del 200 % en el número de procesos adelantados y del 132 % en la ejecución de recursos. En consecuencia, se concluye que la variación presentada obedece a la incorporación y culminación de un proceso previamente gestionado, sin evidenciar inconsistencias en la planeación o en la ejecución del Plan Anual de Adquisiciones, por lo que el comportamiento observado se encuentra técnicamente justificado y soportado en la dinámica operativa de la dependencia. | DS17: Durante el mes de junio de 2026, la Oficina de Tecnologías de la Información y las Comunicaciones TIC continuó con la gestión de los procesos programados en el Plan Anual de Adquisiciones PAA. En este periodo no se realizaron modificaciones al PAA; sin embargo, se adelantaron las actuaciones administrativas y financieras necesarias para dar continuidad al proceso TIC-012, derivadas de los ajustes efectuados durante el mes de mayo. En este sentido, se gestionó la anulación y expedición de un nuevo Certificado de Disponibilidad Presupuestal CDP, emitido el 26 de junio de 2026, con el fin de garantizar la viabilidad del proceso contractual y su ejecución conforme a la planeación institucional y a las necesidades de la Entidad. | DZ17: 27/07/2026 DPRV: Para efectos del presente seguimiento se tomó como criterio de evaluación la versión 14 del Plan Anual de Adquisiciones —PAA—, identificada por la Entidad como la versión vigente con corte al 30 de junio de 2026. A partir de esta versión se contrastó la programación contractual con la información reportada por las dependencias, los registros de ejecución y el monitoreo efectuado por la Oficina Asesora de Planeación. De acuerdo con la consolidación de la matriz de seguimiento, se registra un avance físico preliminar del 82,4 %, correspondiente a 439 líneas contratadas frente a 533 programadas, mientras que la ejecución presupuestal alcanza aproximadamente el 49,3 %, con $35.382.967.069 contratados de $71.776.491.590 programados. Estos resultados evidencian que, aunque se gestionó una proporción importante de las necesidades contractuales previstas, permanecen pendientes procesos con una participación presupuestal significativa, especialmente aquellos programados durante el segundo trimestre. Al desagregar la ejecución presupuestal por dependencia, los mayores rezagos se concentran principalmente en la Subdirección de Disposición Final, la Subdirección de Servicios Funerarios y Alumbrado Público —particularmente en el componente de Alumbrado Público— y la Subdirección Administrativa y Financiera; seguidas por la Subdirección de Asuntos Legales y el componente de Servicios Funerarios. Estas dependencias presentan las mayores diferencias acumuladas entre los recursos programados y los efectivamente contratados durante el semestre, asociadas principalmente a procesos de alta cuantía que permanecían en estructuración, trámite precontractual, reprogramación o pendientes de contratación. En consecuencia, se requiere priorizar su seguimiento durante el segundo semestre, estableciendo para cada proceso pendiente las causas del rezago, la etapa alcanzada y la fecha prevista para su contratación
B18: Subdirección Administrativa y Financiera (SAF) | C18: *Matriz de seguimiento presupuestal (OAP) *Informe de certificados de recursos registrados (emitido por la SAF) *Plan anual de adquisiciones publicado en SECOP II (Ultima version publicada del mes a reportar) | D18: 82 | E18: 13827010800 | F18: 0 | G18: 0 | H18: =+D18+F18 -> 82 | I18: =+E18+G18 -> 13827010800 | J18: 45 | K18: 3044725000 | L18: 17 | M18: =+L18/J18 -> 0.37777778 | N18: 1423426584 | O18: =+N18/K18 -> 0.4675058 | P18: =IF(N18>K18,0,K18-N18) -> 1621298416 | Q18: SAF-050 Se ajusta de acuerdo a la necesidad de los procesos de la subdirección administrativa y financiera SAF-060 Se ajusta de acuerdo a la necesidad de los procesos de la subdirección administrativa y financiera SAF-067 Se ajusta en tiempo de duración del contrato SAF-068 Se ajusta en tiempo de duración del contrato SAF-070 Se ajusta en tiempo de duración del contrato SAF-071 Se ajusta de acuerdo a la necesidad de los procesos de la subdirección administrativa y financiera SAF-074 Se ajusta de acuerdo a la necesidad de los procesos de la subdirección administrativa y financiera SAF-043 Debido al ajuste del salario minimo se hace necesario modificar perfil. SAF-044 Debido al ajuste del salario minimo se hace necesario modificar perfil. SAF-046 Se ajusta en tiempo de duración del contrato SAF-051 Debido al ajuste del salario minimo se hace necesario modificar perfil. SAF-056 Debido al ajuste del salario minimo se hace necesario modificar perfil. SAF-059 Debido al ajuste del salario minimo se hace necesario modificar perfil. SAF-061 Se ajusta de acuerdo a la necesidad de los procesos de la subdirección administrativa y financiera SAF-069 Debido al ajuste del salario minimo se hace necesario modificar perfil. SAF-072 Debido al ajuste del salario minimo se hace necesario modificar perfil. SAF-074 Debido al ajuste del salario minimo se hace necesario modificar perfil.Se ajusta de acuerdo a la necesidad de los procesos de la subdirección administrativa y financiera | S18: Las modificaciones al PAA se efectuaron con el fin de garantizar la alineación entre la planeación y las necesidades contractuales | U18: =H18 -> 82 | V18: =I18 -> 13827010800 | W18: 7 | X18: 524785800 | Y18: 23 | Z18: =IF(AND(W18=0,Y18>0),"Ejecucion Presupuesto No Programada",Y18/W18) -> 3.2857143 | AA18: 1353290000 | AB18: =IF(AND(X18=0,AA18>0),"Ejecucion Presupuesto No Programada",AA18/X18) -> 2.5787474 | AD18: =IF(AA18>X18,0,X18-AA18) -> 0 | AE18: No se realizaron modificaciones | AG18: No se realizaron modificaciones | AI18: 84 | AJ18: 13748010800 | AK18: 13 | AL18: 2003000000 | AM18: 0 | AN18: =IF(AND(AK18=0,AM18=0),0,IF(AND(AK18=0,AM18>0),"Ejecucion Presupuesto No Programada",AM18/AK18)) -> 0 | AO18: 0 | AP18: =IF(AND(AL18=0,AO18=0),0,IF(AND(AL18=0,AO18>0),"Ejecucion Presupuesto No Programada",AO18/AL18)) -> 0 | AQ18: =IF(AO18>AL18,0,AL18-AO18) -> 2003000000 | AR18: *Proceso de contratación para cubrir las necesidades del servicio, ya que la planta del personal no es suficiente para cubrir las necesidades de la Entidad. *Proceso de contratación para cubrir las necesidades del servicio, ya que la planta del personal no es suficiente para cubrir las necesidades de la Entidad. *Se solicita la modificación teniendo en cuenta que el trámite se realizará a través de la modalidad de mínima cuantía y se ajustan el objeto y valor del contrato. *Se solicita la modificación teniendo en cuenta que el trámite se realizará a través de la modalidad de Selección abreviada-menor cuantía y se ajustan el objeto y valor del contrato. | AT18: No se realizaron modificaciones | AV18: 87 | AW18: 14186605209 | AX18: 4 | AY18: 380000000 | AZ18: 0 | BA18: =IF(AND(AX18=0,AZ18=0),0,IF(AND(AX18=0,AZ18>0),"Ejecucion Presupuesto No Programada",AZ18/AX18)) -> 0 | BB18: 0 | BC18: =IF(AND(AY18=0,BB18=0),0,IF(AND(AY18=0,BB18>0),"Ejecucion Presupuesto No Programada",BB18/AY18)) -> 0 | BD18: =IF(BB18>AY18,0,AY18-BB18) -> 380000000 | BE18: *Se solicita la modificación teniendo en cuenta que el trámite se realizará a través de la modalidad de Selección abreviada-menor cuantía y se ajustan el objeto y valor del contrato. *Se requiere para atender las necesidades de elementos de ferretería requeridos en las oficinas y sedes de la UAESP. *Se requiere para atender las necesidades de aseo de las oficinas y zonas comunes, así como atender a los funcionarios en el servicio de cafetería. Se ajusta el valor del contrato. *Se requiere para atender las necesidades de organización, clasificación, foliación, y manejo de la documentación física, conforme a la Ley 594 de 2000 y los lineamientos y procedimientos internos de gestión documental y talento humano. *Se requiere para atender las necesidades de organización, clasificación, foliación, y manejo de la documentación física, conforme a la Ley 594 de 2000 y los lineamientos y procedimientos internos de gestión documental y talento humano. | BG18: No se realizaron modificaciones | BI18: 77 | BJ18: 10243279409 | BK18: 2 | BL18: 922894409 | BM18: 0 | BN18: =IF(AND(BK18=0,BM18=0),0,IF(AND(BK18=0,BM18>0),"Ejecucion Presupuesto No Programada",BM18/BK18)) -> 0 | BO18: 0 | BP18: =IF(AND(BL18=0,BO18=0),0,IF(AND(BL18=0,BO18>0),"Ejecucion Presupuesto No Programada",BO18/BL18)) -> 0 | BQ18: =IF(BO18>BL18,0,BL18-BO18) -> 922894409 | BR18: SAF 001 - Se requiere ajustar los Códigos UNSPC, acorde con el objeto a contratar, y las fechas de inicio de proceso y presentación de ofertas, teniendo en cuenta que el contrato vigente para dicho objeto fue prorrogado hasta el 1 de agosto de 026.X2:X11 SAF 004 - Se requiere modificar la modalidad que debe adelantarse, la cual corresponde a Licitación Pública y en consecuencia, ajustar las fechas de inicio de proceso y presentación de ofertas. Asimismo, se modifica el valor del proceso de acuerdo a la necesidad y recursos actuales de la entidad. SAF 005 - Se modifica el objeto del proceso de acuerdo con la necesidad de la entidad. Se requiere ajustar las fechas de inicio de proceso y presentación de ofertas, teniendo en cuenta que el contrato vigente para dicho objeto fue prorrogado hasta el 1 de agosto de 2026. Asimismo, se modifica el valor del proceso de acuerdo con la necesidad y recursos actuales de la entidad. SAF 008 - Se requiere ajustar la modalidad de contratación acorde con el objeto y en consecuencia las fechas de inicio de proceso y presentación de ofertas. SAF 009 - Se requiere ajustar los Códigos UNSPC, acorde con el objeto a contratar, y las fechas de inicio de proceso y presentación de ofertas, de acuerdo con la necesidad y recursos actuales de la entidad. SAF 011 - Se modifica el objeto del proceso de acuerdo con la necesidad de la entidad. Se requiere ajustar las fechas de inicio de proceso y presentación de ofertas, y el valor del proceso de acuerdo con la necesidad y recursos actuales de la entidad. SAF 013 - Se requiere ajustar la modalidad de contratación acorde con el objeto y en consecuencia las fechas de inicio de proceso y presentación de ofertas. SAF 018 - Se requiere ajustar las fechas de inicio de proceso y presentación de ofertas, acorde con la necesidad actual de la entidad SAF 019 - Se requiere ajustar los Códigos UNSPC, acorde con el objeto a contratar, y las fechas de inicio de proceso y presentación de ofertas, acorde con la necesidad actual de la entidad SAF 021 - Se requiere ajustar las fechas de inicio de proceso y presentación de ofertas, acorde con la necesidad actual de la entidad SAF 022 - Se requiere ajustar las fechas de inicio de proceso y presentación de ofertas, acorde con la necesidad actual de la entidad SAF 023 - Se requiere ajustar las fechas de inicio de proceso y presentación de ofertas, acorde con la necesidad actual de la entidad SAF 024 - Se requiere ajustar las fechas de inicio de proceso y presentación de ofertas, acorde con la necesidad actual de la entidad SAF 029 - Se requiere ajustar las fechas de inicio de proceso y presentación de ofertas, acorde con la necesidad actual de la entidad SAF 032 - Se requiere ajustar las fechas de inicio de proceso y presentación de ofertas, acorde con la necesidad actual de la entidad SAF 034 - Se requiere ajustar las fechas de inicio de proceso y presentación de ofertas, acorde con la necesidad actual de la entidad SAF 003 - Eliminar líneas, lo anterior teniendo en cuenta que revisado con las dependencias de la Subdirección actualmente la necesidad correspondiente al proceso de selección indicado no es requerida por la entidad. SAF 006 - Eliminar líneas, lo anterior teniendo en cuenta que revisado con las dependencias de la Subdirección actualmente la necesidad correspondiente al proceso de selección indicado no es requerida por la entidad. SAF 012 - Eliminar líneas, lo anterior teniendo en cuenta que revisado con las dependencias de la Subdirección actualmente la necesidad correspondiente al proceso de selección indicado no es requerida por la entidad. SAF 015 - Eliminar líneas, lo anterior teniendo en cuenta que revisado con las dependencias de la Subdirección actualmente la necesidad correspondiente al proceso de selección indicado no es requerida por la entidad. SAF 017 - Eliminar líneas, lo anterior teniendo en cuenta que revisado con las dependencias de la Subdirección actualmente la necesidad correspondiente al proceso de selección indicado no es requerida por la entidad. SAF 020 - Eliminar líneas, lo anterior teniendo en cuenta que revisado con las dependencias de la Subdirección actualmente la necesidad correspondiente al proceso de selección indicado no es requerida por la entidad. SAF 025 - Eliminar líneas, lo anterior teniendo en cuenta que revisado con las dependencias de la Subdirección actualmente la necesidad correspondiente al proceso de selección indicado no es requerida por la entidad. SAF 031 - Eliminar líneas, lo anterior teniendo en cuenta que revisado con las dependencias de la Subdirección actualmente la necesidad correspondiente al proceso de selección indicado no es requerida por la entidad. SAF 033 - Eliminar líneas, lo anterior teniendo en cuenta que revisado con las dependencias de la Subdirección actualmente la necesidad correspondiente al proceso de selección indicado no es requerida por la entidad. SAF 051 - Eliminar líneas, lo anterior teniendo en cuenta que revisado con las dependencias de la Subdirección actualmente la necesidad correspondiente al proceso de selección indicado no es requerida por la entidad. SAF 085 - Eliminar líneas, lo anterior teniendo en cuenta que revisado con las dependencias de la Subdirección actualmente la necesidad correspondiente al proceso de selección indicado no es requerida por la entidad. | BT18: Las modificaciones al PAA se efectuaron con el fin de garantizar la alineación entre la planeación y las necesidades contractuales | BV18: 73 | BW18: 9804194409 | BX18: 16 | BY18: 2912900000 | BZ18: 2 | CA18: =IF(AND(BX18=0,BZ18=0),0,IF(AND(BX18=0,BZ18>0),"Ejecucion Presupuesto No Programada",BZ18/BX18)) -> 0.125 | CB18: 419000000 | CC18: =IF(AND(BY18=0,CB18=0),0,IF(AND(BY18=0,CB18>0),"Ejecucion Presupuesto No Programada",CB18/BY18)) -> 0.14384291 | CD18: =IF(CB18>BY18,0,BY18-CB18) -> 2493900000 | CE18: SAF-002 Se solicita modificación en fecha de inicio de proceso acorde con la necesidad y recursos de la entidad SAF-021 Se solicita modificación en la modalidad, valor y fecha de inicio de proceso, acorde con la necesidad y recursos de la entidad SAF-032 Se solicita la modificación del objeto contractual, código de las Naciones Unidas, fechas de inicio y ofertas, el plazo y valor acorde con las necesidades informadas por el grupo de apoyo logístico para el cumplimiento del Plan Estratégico de Seguridad Vial. SAF-034 Se solicita incluir Códigos UNSPC, de acuerdo a la revisión de los mismos en el aplicativo SAF-037 Se solicita modificación en el valor y fecha de inicio de proceso, acorde con la necesidad y recursos de la entidad SAF-088 Se solicita incluir esta línea de acuerdo a la necesidad actual de la entidad, se aclara que este proceso no requiere recursos presupuestales SAF-022 Se solicita la eliminación de la línea en el PAA, acorde con las necesidades y recursos actuales de la entidad SAF-023 Se solicita la eliminación de la línea en el PAA, acorde con las necesidades y recursos actuales de la entidad SAF-024 Se solicita la eliminación de la línea en el PAA, acorde con las necesidades y recursos actuales de la entidad SAF-030 Se solicita la eliminación de la línea en el PAA, acorde con las necesidades y recursos actuales de la entidad | CG18: Las modificaciones al PAA se efectuaron con el fin de garantizar la alineación entre la planeación y las necesidades contractuales | CV18: =AI18 -> 84 | CW18: =AJ18 -> 13748010800 | CX18: =J18+W18+AK18 -> 65 | CY18: =K18+X18+AL18 -> 5572510800 | CZ18: =L18+Y18+AM18 -> 40 | DA18: =IFERROR(CZ18/CX18,0) -> 0.61538462 | DB18: =N18+AA18+AO18 -> 2776716584 | DC18: =IFERROR(DB18/CY18,0) -> 0.49828824 | DD18: =P18+AD18+AQ18 -> 3624298416 | DE18: =BV18 -> 73 | DF18: =BW18 -> 9804194409 | DG18: =AX18+BK18+BX18 -> 22 | DH18: =AY18+BL18+BY18 -> 4215794409 | DI18: =AZ18+BM18+BZ18 -> 2 | DJ18: =IFERROR(DI18/DG18,0) -> 0.090909091 | DK18: =BB18+BO18+CB18 -> 419000000 | DL18: =IFERROR(DK18/DH18,0) -> 0.099388148 | DM18: =BD18+BQ18+CD18 -> 3796794409 | DN18: En enero, la SAF mantuvo 82 líneas en el PAA por un valor de $13.827.010.800. Se programaron 45 líneas por $3.044.725.000, de las cuales se ejecutaron 18 (40%) por $1.941.671.584 (64%). Se evidencia una ejecución parcial, con un valor de $1.103.053.416 correspondiente a objetos no contratados. Durante el periodo se realizaron ajustes puntuales en el PAA (SAF-050), orientados a las necesidades de los procesos. | DO18: En febrero se programaron 7 líneas por $524.785.800; sin embargo, se ejecutaron 23 líneas, lo que representa una sobre-ejecución (329%), por un valor de $1.353.290.000 (258%), evidenciando ejecución por fuera de lo programado. No se realizaron modificaciones al PAA durante el periodo. | DP18: Durante el periodo reportado se realizaron modificaciones al Plan Anual de Adquisiciones asociadas a procesos de contratación requeridos para atender las necesidades del servicio, teniendo en cuenta que la planta de personal de la Entidad no es suficiente para cubrir los requerimientos operativos y funcionales. Así mismo, se efectuaron ajustes relacionados con la modalidad de contratación inicialmente prevista, determinándose la realización de trámites mediante las modalidades de mínima cuantía y selección abreviada de menor cuantía, respectivamente. En consecuencia, se realizaron modificaciones en el objeto contractual y en los valores estimados de los procesos correspondientes. De igual manera, las modificaciones realizadas obedecen a necesidades de ajuste en la planeación contractual y buscan garantizar la adecuada ejecución de los procesos requeridos por la Entidad. | DQ18: Durante el mes de abril de 2026, la Subdirección Administrativa y Financiera SAF adelantó la actualización del Plan Anual de Adquisiciones PAA mediante ajustes orientados a optimizar la planeación contractual y garantizar la atención de las necesidades institucionales. Las modificaciones realizadas comprendieron la actualización de modalidades de selección, objetos contractuales y valores estimados, así como la incorporación de requerimientos asociados a la adquisición de elementos de ferretería, servicios de aseo y cafetería, y actividades de organización, clasificación, foliación y gestión documental, en cumplimiento de la Ley 594 de 2000 y de los lineamientos institucionales. Estas acciones fortalecieron la programación de la contratación y contribuyeron a mantener la alineación del PAA con los requerimientos operativos y administrativos de la Entidad | DR18: Durante el mes de mayo de 2026, la Subdirección Administrativa y Financiera SAF adelantó la actualización del Plan Anual de Adquisiciones PAA)con el propósito de mantener la planeación contractual alineada con las necesidades institucionales y la programación de la vigencia. Las acciones desarrolladas incluyeron la actualización de modalidades de selección, objetos contractuales, códigos UNSPSC, valores estimados y cronogramas de los procesos de contratación, así como la depuración de líneas que, tras la revisión técnica con las dependencias responsables, dejaron de ser requeridas. Estas modificaciones permitieron optimizar la programación contractual, fortalecer la gestión de los recursos y asegurar que el PAA reflejara de manera oportuna las necesidades operativas y administrativas de la Entidad, garantizando una adecuada planificación de los procesos de contratación para el cumplimiento de los objetivos institucionales. | DS18: Durante el mes de junio de 2026, la Subdirección Administrativa y Financiera SAF realizó ajustes al Plan Anual de Adquisiciones PAA con el propósito de mantener la programación contractual alineada con las necesidades institucionales y la disponibilidad de recursos de la Entidad. Las modificaciones comprendieron la actualización de modalidades de selección, objetos contractuales, códigos UNSPSC, valores estimados, plazos y cronogramas de los procesos de contratación, así como la incorporación de nuevas líneas requeridas para atender necesidades específicas, entre ellas las relacionadas con el cumplimiento del Plan Estratégico de Seguridad Vial. De igual manera, se efectuó la depuración de líneas que, conforme a la revisión técnica realizada, dejaron de responder a las necesidades actuales de la Entidad. Estas acciones permitieron fortalecer la planeación contractual, optimizar la gestión de los recursos y mantener actualizado el Plan Anual de Adquisiciones de acuerdo con los requerimientos institucionales y la programación de la vigencia. | DZ18: 27/07/2026 DPRV: Para efectos del presente seguimiento se tomó como criterio de evaluación la versión 14 del Plan Anual de Adquisiciones —PAA—, identificada por la Entidad como la versión vigente con corte al 30 de junio de 2026. A partir de esta versión se contrastó la programación contractual con la información reportada por las dependencias, los registros de ejecución y el monitoreo efectuado por la Oficina Asesora de Planeación. De acuerdo con la consolidación de la matriz de seguimiento, se registra un avance físico preliminar del 82,4 %, correspondiente a 439 líneas contratadas frente a 533 programadas, mientras que la ejecución presupuestal alcanza aproximadamente el 49,3 %, con $35.382.967.069 contratados de $71.776.491.590 programados. Estos resultados evidencian que, aunque se gestionó una proporción importante de las necesidades contractuales previstas, permanecen pendientes procesos con una participación presupuestal significativa, especialmente aquellos programados durante el segundo trimestre. Al desagregar la ejecución presupuestal por dependencia, los mayores rezagos se concentran principalmente en la Subdirección de Disposición Final, la Subdirección de Servicios Funerarios y Alumbrado Público —particularmente en el componente de Alumbrado Público— y la Subdirección Administrativa y Financiera; seguidas por la Subdirección de Asuntos Legales y el componente de Servicios Funerarios. Estas dependencias presentan las mayores diferencias acumuladas entre los recursos programados y los efectivamente contratados durante el semestre, asociadas principalmente a procesos de alta cuantía que permanecían en estructuración, trámite precontractual, reprogramación o pendientes de contratación. En consecuencia, se requiere priorizar su seguimiento durante el segundo semestre, estableciendo para cada proceso pendiente las causas del rezago, la etapa alcanzada y la fecha prevista para su contratación
B19: Subdirección de Aprovechamiento (SA) | C19: *Matriz de seguimiento presupuestal (OAP) *Informe de certificados de recursos registrados (emitido por la SAF) *Plan anual de adquisiciones publicado en SECOP II (Ultima version publicada del mes a reportar) | D19: 74 | E19: 5066102533 | F19: 0 | G19: -414624000 | H19: =+D19+F19 -> 74 | I19: =+E19+G19 -> 4651478533 | J19: 41 | K19: 2731152533 | L19: 25 | M19: =+L19/J19 -> 0.6097561 | N19: 1737889333 | O19: =+N19/K19 -> 0.63632086 | P19: =IF(N19>K19,0,K19-N19) -> 993263200 | Q19: La Subdirección de aporvechamiento no cuenta con Subcontratación. Los objetos faltantes corresponden a los procesos en gestión de contratación radicados en SAL. | S19: Se realizaron 4 modificaciónes al PAA en el mes de enero atendiendo las indicaciones de DG para el proceso de contración | U19: =H19 -> 74 | V19: =I19 -> 4651478533 | W19: 0 | X19: 0 | Y19: 16 | Z19: =IF(AND(W19=0,Y19>0),"Ejecucion Presupuesto No Programada",Y19/W19) -> Ejecucion Presupuesto No Programada | AA19: 931386667 | AB19: =IF(AND(X19=0,AA19>0),"Ejecucion Presupuesto No Programada",AA19/X19) -> Ejecucion Presupuesto No Programada | AD19: =IF(AA19>X19,0,X19-AA19) -> 0 | AE19: Se finalizo con el proceso de contratación radicada en enero y quedo acorde a lo presupuestado y programado | AG19: Se realizo una modifcación al PAA correspondientes dos lines que su contratación se ejecutara en el mes de julio de la presente vigencia | AI19: =H19 -> 74 | AJ19: =I19 -> 4651478533 | AK19: 0 | AL19: 0 | AM19: 0 | AN19: =IF(AND(AK19=0,AM19=0),0,IF(AND(AK19=0,AM19>0),"Ejecucion Presupuesto No Programada",AM19/AK19)) -> 0 | AO19: 0 | AP19: =IF(AND(AL19=0,AO19=0),0,IF(AND(AL19=0,AO19>0),"Ejecucion Presupuesto No Programada",AO19/AL19)) -> 0 | AQ19: =IF(AO19>AL19,0,AL19-AO19) -> 0 | AR19: la Subdirección de Aprovechamiento en el mes de marzo no tiene programados objetos del PAA para contratación y tampoco se realizaron modificaciones por parte del área | AT19: No se realizaron modificaciones | AV19: 74 | AW19: 4651478533 | AX19: 0 | AY19: 0 | AZ19: 0 | BA19: =IF(AND(AX19=0,AZ19=0),0,IF(AND(AX19=0,AZ19>0),"Ejecucion Presupuesto No Programada",AZ19/AX19)) -> 0 | BB19: 0 | BC19: =IF(AND(AY19=0,BB19=0),0,IF(AND(AY19=0,BB19>0),"Ejecucion Presupuesto No Programada",BB19/AY19)) -> 0 | BD19: =IF(BB19>AY19,0,AY19-BB19) -> 0 | BE19: la Subdirección de Aprovechamiento en el mes de abril no tiene programados objetos del PAA para contratación. | BG19: La Subdirección de Aprovechamiento en el mes de abril no solicito modificaciones al PAA | BI19: 74 | BJ19: 4651478533 | BK19: 0 | BL19: 0 | BM19: 0 | BN19: =IF(AND(BK19=0,BM19=0),0,IF(AND(BK19=0,BM19>0),"Ejecucion Presupuesto No Programada",BM19/BK19)) -> 0 | BO19: 0 | BP19: =IF(AND(BL19=0,BO19=0),0,IF(AND(BL19=0,BO19>0),"Ejecucion Presupuesto No Programada",BO19/BL19)) -> 0 | BQ19: =IF(BO19>BL19,0,BL19-BO19) -> 0 | BR19: la Subdirección de Aprovechamiento en el mes de mayo no tiene programados objetos del PAA para contratación. | BT19: La Subdirección de Aprovechamiento en el mes de mayo no solicito modificaciones al PAA | BV19: 92 | BW19: 5382778533 | BX19: 0 | BY19: 0 | BZ19: 0 | CA19: =IF(AND(BX19=0,BZ19=0),0,IF(AND(BX19=0,BZ19>0),"Ejecucion Presupuesto No Programada",BZ19/BX19)) -> 0 | CB19: 0 | CC19: =IF(AND(BY19=0,CB19=0),0,IF(AND(BY19=0,CB19>0),"Ejecucion Presupuesto No Programada",CB19/BY19)) -> 0 | CD19: =IF(CB19>BY19,0,BY19-CB19) -> 0 | CE19: En el mes de Junio se realizaron 37 modificaciones al PAA correspondientes los proceso de contratación que se deben adelantar a partir del mes de Julio, con el fin de cubrir las necesidades de la Subdirección en el segundo semestre •Modificación Líneas: 19 •Líneas nuevas: 18 •Total: 37 | CG19: La Subdirección de Aprovechamiento en el mes de junio no tiene programados objetos del PAA para contratación. | CV19: =AI19 -> 74 | CW19: =AJ19 -> 4651478533 | CX19: =J19+W19+AK19 -> 41 | CY19: =K19+X19+AL19 -> 2731152533 | CZ19: =L19+Y19+AM19 -> 41 | DA19: =IFERROR(CZ19/CX19,0) -> 1 | DB19: =N19+AA19+AO19 -> 2669276000 | DC19: =IFERROR(DB19/CY19,0) -> 0.97734417 | DD19: =P19+AD19+AQ19 -> 993263200 | DE19: =BV19 -> 92 | DF19: =BW19 -> 5382778533 | DG19: =AX19+BK19+BX19 -> 0 | DH19: =AY19+BL19+BY19 -> 0 | DI19: =AZ19+BM19+BZ19 -> 0 | DJ19: =IFERROR(DI19/DG19,0) -> 0 | DK19: =BB19+BO19+CB19 -> 0 | DL19: =IFERROR(DK19/DH19,0) -> 0 | DM19: =BD19+BQ19+CD19 -> 0 | DN19: En enero, la SA registró una reducción presupuestal de $414.624.000, manteniendo 74 líneas por un total de $4.651.478.533. Se programaron 41 líneas por $2.731.152.533, de las cuales se ejecutaron 25 (61%) por $1.737.889.333 (64%). La ejecución fue parcial, con $993.263.200 en objetos no contratados, asociados a procesos en gestión de contratación. Durante el mes se realizaron 4 modificaciones al PAA, en atención a lineamientos de la Dirección General. | DO19: En febrero no se programaron líneas dentro del PAA; sin embargo, se registró ejecución presupuestal no programada por $931.386.667, correspondiente a 16 líneas ejecutadas por fuera de la planeación. La ejecución corresponde a la finalización de procesos iniciados en enero. Adicionalmente, se realizó 1 modificación al PAA, relacionada con la reprogramación de líneas para ejecución en julio. | DP19: En marzo no se programaron ni ejecutaron líneas de contratación, manteniéndose sin cambios la estructura del PAA (74 líneas por $4.651.478.533). | DQ19: Para el mes de abril de 2026, la Subdirección de Aprovechamiento no presenta objetos contractuales programados en el Plan Anual de Adquisiciones (PAA), razón por la cual no se evidencia gestión contractual durante el periodo evaluado. Así mismo, no se registran solicitudes de modificación al PAA, lo que indica estabilidad en la planeación definida para la vigencia. No obstante, se recomienda verificar la coherencia entre la programación del PAA y las necesidades operativas de la dependencia, con el fin de asegurar una adecuada planificación y ejecución de las actividades en los periodos subsiguientes. | DR19: Para el mes de mayo de 2026, la Subdirección de Aprovechamiento no tenía programados objetos de contratación en el Plan Anual de Adquisiciones (PAA), por lo que no se presentó ejecución durante el periodo. Asimismo, se verificó que la dependencia no realizó solicitudes de modificación al PAA, manteniéndose la programación inicialmente establecida. Con base en lo anterior, SE concluye que la ausencia de ejecución contractual y presupuestal durante el periodo evaluado se encuentra debidamente justificada y es consistente con la planeación institucional establecida para la vigencia. | DS19: En junio de 2026, la Subdirección de Aprovechamiento no registró ejecución de líneas de contratación, debido a que no se encontraban programados procesos contractuales para el periodo evaluado dentro del Plan Anual de Adquisiciones PAA. No obstante, durante el mes se gestionaron 37 modificaciones al PAA, correspondientes a 19 ajustes de líneas existentes y la incorporación de 18 nuevas líneas, con el propósito de atender las necesidades de contratación previstas para el segundo semestre de la vigencia y dar inicio a los procesos contractuales a partir del mes de julio. | DZ19: 27/07/2026 DPRV: Para efectos del presente seguimiento se tomó como criterio de evaluación la versión 14 del Plan Anual de Adquisiciones —PAA—, identificada por la Entidad como la versión vigente con corte al 30 de junio de 2026. A partir de esta versión se contrastó la programación contractual con la información reportada por las dependencias, los registros de ejecución y el monitoreo efectuado por la Oficina Asesora de Planeación. De acuerdo con la consolidación de la matriz de seguimiento, se registra un avance físico preliminar del 82,4 %, correspondiente a 439 líneas contratadas frente a 533 programadas, mientras que la ejecución presupuestal alcanza aproximadamente el 49,3 %, con $35.382.967.069 contratados de $71.776.491.590 programados. Estos resultados evidencian que, aunque se gestionó una proporción importante de las necesidades contractuales previstas, permanecen pendientes procesos con una participación presupuestal significativa, especialmente aquellos programados durante el segundo trimestre. Al desagregar la ejecución presupuestal por dependencia, los mayores rezagos se concentran principalmente en la Subdirección de Disposición Final, la Subdirección de Servicios Funerarios y Alumbrado Público —particularmente en el componente de Alumbrado Público— y la Subdirección Administrativa y Financiera; seguidas por la Subdirección de Asuntos Legales y el componente de Servicios Funerarios. Estas dependencias presentan las mayores diferencias acumuladas entre los recursos programados y los efectivamente contratados durante el semestre, asociadas principalmente a procesos de alta cuantía que permanecían en estructuración, trámite precontractual, reprogramación o pendientes de contratación. En consecuencia, se requiere priorizar su seguimiento durante el segundo semestre, estableciendo para cada proceso pendiente las causas del rezago, la etapa alcanzada y la fecha prevista para su contratación
B20: Subdirección de Asuntos Legales (SAL) | C20: *Matriz de seguimiento presupuestal (OAP) *Informe de certificados de recursos registrados (emitido por la SAF) *Plan anual de adquisiciones publicado en SECOP II (Ultima version publicada del mes a reportar) | D20: 45 | E20: 5184424400 | F20: 1 | G20: 43446968 | H20: =+D20+F20 -> 46 | I20: =+E20+G20 -> 5227871368 | J20: 46 | K20: 5227871368 | L20: 32 | M20: =+L20/J20 -> 0.69565217 | N20: 2530602900 | O20: =+N20/K20 -> 0.4840599 | P20: =IF(N20>K20,0,K20-N20) -> 2697268468 | Q20: SAL- 013 y SAL-018 fueron objetos no contratados debido a que se realizó adición y prórroga. SAL-019 no contratado teniendo en cuenta que el presupuesto no alcanzó | S20: No se requirieron modificaciones al PAA | U20: =H20 -> 46 | V20: =I20 -> 5227871368 | W20: 0 | X20: 0 | Y20: 4 | Z20: =IF(AND(W20=0,Y20>0),"Ejecucion Presupuesto No Programada",Y20/W20) -> Ejecucion Presupuesto No Programada | AA20: 175324500 | AB20: =IF(AND(X20=0,AA20>0),"Ejecucion Presupuesto No Programada",AA20/X20) -> Ejecucion Presupuesto No Programada | AD20: =IF(AA20>X20,0,X20-AA20) -> 0 | AE20: SAL- 013 y SAL-018 fueron objetos no contratados debido a que se realizó adición y prórroga. SAL-019 no contratado teniendo en cuenta que el presupuesto no alcanzó | AG20: No se requirieron modificaciones al PAA | AI20: =H20 -> 46 | AJ20: =I20 -> 5227871368 | AK20: 0 | AL20: 0 | AM20: 0 | AN20: =IF(AND(AK20=0,AM20=0),0,IF(AND(AK20=0,AM20>0),"Ejecucion Presupuesto No Programada",AM20/AK20)) -> 0 | AO20: 0 | AP20: =IF(AND(AL20=0,AO20=0),0,IF(AND(AL20=0,AO20>0),"Ejecucion Presupuesto No Programada",AO20/AL20)) -> 0 | AQ20: =IF(AO20>AL20,0,AL20-AO20) -> 0 | AR20: SAL- 013 y SAL-018 fueron objetos no contratados debido a que se realizó adición y prórroga. SAL-019 no contratado teniendo en cuenta que el presupuesto no alcanzó | AT20: No se realizaron modificaciones al PAA | AV20: 46 | AW20: 5227871368 | AX20: 0 | AY20: 0 | AZ20: 0 | BA20: =IF(AND(AX20=0,AZ20=0),0,IF(AND(AX20=0,AZ20>0),"Ejecucion Presupuesto No Programada",AZ20/AX20)) -> 0 | BB20: 0 | BC20: =IF(AND(AY20=0,BB20=0),0,IF(AND(AY20=0,BB20>0),"Ejecucion Presupuesto No Programada",BB20/AY20)) -> 0 | BD20: =IF(BB20>AY20,0,AY20-BB20) -> 0 | BE20: SAL- 013 y SAL-018 fueron objetos no contratados debido a que se realizó adición y prórroga. SAL-019 no contratado teniendo en cuenta que el presupuesto no alcanzó | BG20: No se realizaron modificaciones | BI20: 46 | BJ20: 5227871368 | BK20: 0 | BL20: 0 | BM20: 0 | BN20: =IF(AND(BK20=0,BM20=0),0,IF(AND(BK20=0,BM20>0),"Ejecucion Presupuesto No Programada",BM20/BK20)) -> 0 | BO20: 0 | BP20: =IF(AND(BL20=0,BO20=0),0,IF(AND(BL20=0,BO20>0),"Ejecucion Presupuesto No Programada",BO20/BL20)) -> 0 | BQ20: =IF(BO20>BL20,0,BL20-BO20) -> 0 | BR20: Durante el seguimiento al Plan Anual de Adquisiciones PAA correspondiente al mes de mayo de 2026, se evidenció que la Subdirección de Asuntos Legales no remitió el reporte de la información requerida para el seguimiento mensual. En consecuencia, no fue posible verificar el estado de ejecución de las líneas de contratación ni contar con las observaciones que permitieran justificar el comportamiento registrado para el periodo. Se recomienda fortalecer la oportunidad en el reporte de la información y remitir los soportes correspondientes, con el fin de garantizar la trazabilidad de la gestión contractual, facilitar el seguimiento por parte de la Segunda Línea de Defensa y asegurar la adecuada articulación entre la planeación y la ejecución del Plan Anual de Adquisiciones. | BT20: No se realizaron modificaciones | BV20: 47 | BW20: 5268371368 | BX20: 1 | BY20: 40500000 | BZ20: 0 | CA20: =IF(AND(BX20=0,BZ20=0),0,IF(AND(BX20=0,BZ20>0),"Ejecucion Presupuesto No Programada",BZ20/BX20)) -> 0 | CB20: 0 | CC20: =IF(AND(BY20=0,CB20=0),0,IF(AND(BY20=0,CB20>0),"Ejecucion Presupuesto No Programada",CB20/BY20)) -> 0 | CD20: =IF(CB20>BY20,0,BY20-CB20) -> 40500000 | CE20: A corte de junio de 2026, SAL registró una programación vigente de 47 líneas por valor de $5.268.371.368. Durante el periodo evaluado se tenía prevista la ejecución de una (1) línea de contratación por valor de $40.500.000; sin embargo, al cierre del mes no se registró ejecución contractual, manteniéndose el 0% de avance y un saldo pendiente por el mismo valor. Esta situación obedece a que el proceso contractual se encontraba en etapa de gestión precontractual y surtía las actuaciones administrativas requeridas para su desarrollo, de conformidad con la planeación institucional. Se espera que la contratación avance en los meses siguientes, contribuyendo al fortalecimiento de la gestión jurídica y al cumplimiento de las funciones misionales de la dependencia. | CG20: No se realizaron modificaciones | CV20: =AI20 -> 46 | CW20: =AJ20 -> 5227871368 | CX20: =J20+W20+AK20 -> 46 | CY20: =K20+X20+AL20 -> 5227871368 | CZ20: =L20+Y20+AM20 -> 36 | DA20: =IFERROR(CZ20/CX20,0) -> 0.7826087 | DB20: =N20+AA20+AO20 -> 2705927400 | DC20: =IFERROR(DB20/CY20,0) -> 0.5175964 | DD20: =P20+AD20+AQ20 -> 2697268468 | DE20: =BV20 -> 47 | DF20: =BW20 -> 5268371368 | DG20: =AX20+BK20+BX20 -> 1 | DH20: =AY20+BL20+BY20 -> 40500000 | DI20: =AZ20+BM20+BZ20 -> 0 | DJ20: =IFERROR(DI20/DG20,0) -> 0 | DK20: =BB20+BO20+CB20 -> 0 | DL20: =IFERROR(DK20/DH20,0) -> 0 | DM20: =BD20+BQ20+CD20 -> 40500000 | DN20: En enero, la SAL incorporó 1 línea nueva al PAA por $43.446.968, alcanzando un total de 46 líneas y un presupuesto de $5.227.871.368. Se programaron 46 líneas, de las cuales se ejecutaron 36 (78%) por $3.287.281.775 (63%). Se evidencia una ejecución alta, aunque con $1.940.589.593 en objetos no contratados, asociados principalmente a procesos con adiciones, prórrogas y limitaciones presupuestales. | DO20: En febrero no se programaron líneas dentro del PAA; sin embargo, se registró ejecución presupuestal no programada por $367.472.500, correspondiente a 7 líneas ejecutadas por fuera de la planeación. No se realizaron modificaciones al PAA, y los objetos no contratados mantienen las mismas condiciones identificadas en enero. | DP20: Durante el periodo reportado se evidenció que los objetos SAL-013 y SAL-018 no fueron contratados, teniendo en cuenta que los contratos asociados fueron objeto de adición y prórroga, cubriendo las necesidades inicialmente previstas en el Plan Anual de Adquisiciones. Así mismo, el objeto SAL-019 no fue contratado debido a que la disponibilidad presupuestal resultó insuficiente para adelantar el respectivo proceso contractual. Se evidencia coherencia entre la justificación reportada y el estado de ejecución de los objetos relacionados en el PAA, observándose trazabilidad en las decisiones adoptadas frente a la gestión contractual y presupuestal de los procesos reportados. | DQ20: Durante el periodo reportado se evidenció que los objetos SAL-013 y SAL-018 no fueron contratados, teniendo en cuenta que se realizó adición y prórroga a los contratos relacionados. Así mismo, el objeto SAL-019 no fue contratado debido a insuficiencia presupuestal para adelantar el proceso correspondiente. De igual manera, durante el periodo reportado no se realizaron modificaciones al Plan Anual de Adquisiciones. | DR20: Durante el seguimiento al Plan Anual de Adquisiciones PAA correspondiente al mes de mayo de 2026, se evidenció que la Subdirección de Asuntos Legales no remitió el reporte de la información requerida para el seguimiento mensual. En consecuencia, no fue posible verificar el estado de ejecución de las líneas de contratación ni contar con las observaciones que permitieran justificar el comportamiento registrado para el periodo. Se recomienda fortalecer la oportunidad en el reporte de la información y remitir los soportes correspondientes, con el fin de garantizar la trazabilidad de la gestión contractual, facilitar el seguimiento por parte de la Segunda Línea de Defensa y asegurar la adecuada articulación entre la planeación y la ejecución del Plan Anual de Adquisiciones. | DS20: Durante el periodo la Subdirección de Asuntos Legales SAL adelantó la gestión correspondiente al Plan Anual de Adquisiciones PAA, orientada a garantizar la adecuada planeación de los procesos contractuales requeridos para el desarrollo de sus funciones. La contratación programada responde a las necesidades identificadas por la dependencia y se encuentra articulada con las actividades de estructuración y gestión precontractual necesarias para su ejecución. Estas acciones contribuyen al fortalecimiento de la gestión jurídica de la Entidad, asegurando la continuidad de los procesos, el cumplimiento de los objetivos institucionales y una adecuada planeación de los recursos durante la vigencia. | DZ20: 27/07/2026 DPRV: Para efectos del presente seguimiento se tomó como criterio de evaluación la versión 14 del Plan Anual de Adquisiciones —PAA—, identificada por la Entidad como la versión vigente con corte al 30 de junio de 2026. A partir de esta versión se contrastó la programación contractual con la información reportada por las dependencias, los registros de ejecución y el monitoreo efectuado por la Oficina Asesora de Planeación. De acuerdo con la consolidación de la matriz de seguimiento, se registra un avance físico preliminar del 82,4 %, correspondiente a 439 líneas contratadas frente a 533 programadas, mientras que la ejecución presupuestal alcanza aproximadamente el 49,3 %, con $35.382.967.069 contratados de $71.776.491.590 programados. Estos resultados evidencian que, aunque se gestionó una proporción importante de las necesidades contractuales previstas, permanecen pendientes procesos con una participación presupuestal significativa, especialmente aquellos programados durante el segundo trimestre. Al desagregar la ejecución presupuestal por dependencia, los mayores rezagos se concentran principalmente en la Subdirección de Disposición Final, la Subdirección de Servicios Funerarios y Alumbrado Público —particularmente en el componente de Alumbrado Público— y la Subdirección Administrativa y Financiera; seguidas por la Subdirección de Asuntos Legales y el componente de Servicios Funerarios. Estas dependencias presentan las mayores diferencias acumuladas entre los recursos programados y los efectivamente contratados durante el semestre, asociadas principalmente a procesos de alta cuantía que permanecían en estructuración, trámite precontractual, reprogramación o pendientes de contratación. En consecuencia, se requiere priorizar su seguimiento durante el segundo semestre, estableciendo para cada proceso pendiente las causas del rezago, la etapa alcanzada y la fecha prevista para su contratación
B21: Subdirección de Disposición Final de Residuos Solidos (SDF) | C21: *Matriz de seguimiento presupuestal (OAP) *Informe de certificados de recursos registrados (emitido por la SAF) *Plan anual de adquisiciones publicado en SECOP II (Ultima version publicada del mes a reportar) | D21: 49 | E21: 15494199000 | F21: 1 | G21: 63140000 | H21: =+D21+F21 -> 50 | I21: =+E21+G21 -> 15557339000 | J21: 33 | K21: 2347840000 | L21: 28 | M21: =+L21/J21 -> 0.84848485 | N21: 2027320000 | O21: =+N21/K21 -> 0.86348303 | P21: =IF(N21>K21,0,K21-N21) -> 320520000 | Q21: Para el mes de enero se tenian programadas 33 lineas de contratos de prestación de servicios, de los cuales losen enero se comprometieron a 28 contratos, 5 se comprometieron en el mes de febrero de 2026. Del valor programado se informa que la proyeccion de SDF de la linea SDF50 corresponde al valor de $48.000.000 y fue publicado por $56.000.000, el SDF23, fue publicado por el valor de $70.000.000 y fue contratado por $64.750.000 | S21: Se realizo la inclusión de una línea en el PAA, para adelantar la contratación de un perfil requerido | U21: =H21 -> 50 | V21: =I21 -> 15557339000 | W21: 2 | X21: 83000000 | Y21: 5 | Z21: =IF(AND(W21=0,Y21>0),"Ejecucion Presupuesto No Programada",Y21/W21) -> 2.5 | AA21: 307270000 | AB21: =IF(AND(X21=0,AA21>0),"Ejecucion Presupuesto No Programada",AA21/X21) -> 3.7020482 | AD21: =IF(AA21>X21,0,X21-AA21) -> 0 | AE21: Se finalizó con el proceso de contratación radicada en enero y quedo acorde a lo presupuestado y programado | AG21: N.A. | AI21: =H21 -> 50 | AJ21: =I21 -> 15557339000 | AK21: 5 | AL21: 2860000000 | AM21: 0 | AN21: =IF(AND(AK21=0,AM21=0),0,IF(AND(AK21=0,AM21>0),"Ejecucion Presupuesto No Programada",AM21/AK21)) -> 0 | AO21: 0 | AP21: =IF(AND(AL21=0,AO21=0),0,IF(AND(AL21=0,AO21>0),"Ejecucion Presupuesto No Programada",AO21/AL21)) -> 0 | AQ21: =IF(AO21>AL21,0,AL21-AO21) -> 2860000000 | AR21: En marzo se programaron 5 líneas por $2.860.000.000, sin que se registrara ejecución (0%). Se mantiene este valor como objeto no contratado, asociado a procesos en gestión para ejecución posterior. | AT21: No se realizaron modificaciones | AV21: 50 | AW21: 15557339000 | AX21: 4 | AY21: 8232999000 | AZ21: 0 | BA21: =IF(AND(AX21=0,AZ21=0),0,IF(AND(AX21=0,AZ21>0),"Ejecucion Presupuesto No Programada",AZ21/AX21)) -> 0 | BB21: 0 | BC21: =IF(AND(AY21=0,BB21=0),0,IF(AND(AY21=0,BB21>0),"Ejecucion Presupuesto No Programada",BB21/AY21)) -> 0 | BD21: =IF(BB21>AY21,0,AY21-BB21) -> 8232999000 | BE21: Durante el periodo reportado se mantuvo la programación de cincuenta (50) líneas de contratación dentro del Plan Anual de Adquisiciones. Así mismo, se registraron cuatro (4) líneas asociadas a programación presupuestal para el periodo correspondiente. No obstante, no se evidenció ejecución de las actividades programadas, manteniéndose pendiente la ejecución conforme a la programación establecida. De igual manera, durante el periodo reportado no se realizaron modificaciones a la programación anual vigente. | BG21: No se realizaron modificaciones | BI21: 50 | BJ21: 15097339000 | BK21: 0 | BL21: 0 | BM21: 0 | BN21: =IF(AND(BK21=0,BM21=0),0,IF(AND(BK21=0,BM21>0),"Ejecucion Presupuesto No Programada",BM21/BK21)) -> 0 | BO21: 0 | BP21: =IF(AND(BL21=0,BO21=0),0,IF(AND(BL21=0,BO21>0),"Ejecucion Presupuesto No Programada",BO21/BL21)) -> 0 | BQ21: =IF(BO21>BL21,0,BL21-BO21) -> 0 | BR21: Durante el seguimiento al Plan Anual de Adquisiciones PAA correspondiente al mes de mayo de 2026, se evidenció que la Subdirección de Disposición Final no remitió el reporte de la información requerida para el seguimiento mensual. En consecuencia, no fue posible verificar el estado de ejecución de las líneas de contratación programadas ni contar con las observaciones que justificaran la ausencia de ejecución durante el periodo. Se recomienda fortalecer la oportunidad en el reporte de la información y remitir los soportes correspondientes, con el fin de facilitar el seguimiento por parte de la Segunda Línea de Defensa y garantizar la adecuada trazabilidad entre la planeación y la ejecución del Plan Anual de Adquisiciones. | BT21: No se realizaron modificaciones | BV21: 61 | BW21: 15191003871 | BX21: 10 | BY21: 2031914666 | BZ21: 1 | CA21: =IF(AND(BX21=0,BZ21=0),0,IF(AND(BX21=0,BZ21>0),"Ejecucion Presupuesto No Programada",BZ21/BX21)) -> 0.1 | CB21: 238000000 | CC21: =IF(AND(BY21=0,CB21=0),0,IF(AND(BY21=0,CB21>0),"Ejecucion Presupuesto No Programada",CB21/BY21)) -> 0.1171309 | CD21: =IF(CB21>BY21,0,BY21-CB21) -> 1793914666 | CE21: A corte de junio de 2026, la Subdirección de Disposición Final registró una programación vigente de 61 líneas por valor de $15.191.003.871. Durante el periodo evaluado se encontraban programadas para contratación 10 líneas por un valor de $2.031.914.666, de las cuales se ejecutó una (1) línea por valor de $238.000.000, alcanzando un cumplimiento del 10% en número de líneas y del 12% en ejecución presupuestal del mes. El saldo pendiente de contratación corresponde a procesos que continúan en desarrollo conforme a la planeación institucional y a las etapas propias de la gestión precontractual, proyectándose su ejecución en los siguientes meses de la vigencia para garantizar el cumplimiento de las actividades y objetivos de la dependencia. | CG21: No se realizaron modificaciones | CV21: =AI21 -> 50 | CW21: =AJ21 -> 15557339000 | CX21: =J21+W21+AK21 -> 40 | CY21: =K21+X21+AL21 -> 5290840000 | CZ21: =L21+Y21+AM21 -> 33 | DA21: =IFERROR(CZ21/CX21,0) -> 0.825 | DB21: =N21+AA21+AO21 -> 2334590000 | DC21: =IFERROR(DB21/CY21,0) -> 0.44125129 | DD21: =P21+AD21+AQ21 -> 3180520000 | DE21: =BV21 -> 61 | DF21: =BW21 -> 15191003871 | DG21: =AX21+BK21+BX21 -> 14 | DH21: =AY21+BL21+BY21 -> 10264913666 | DI21: =AZ21+BM21+BZ21 -> 1 | DJ21: =IFERROR(DI21/DG21,0) -> 0.071428571 | DK21: =BB21+BO21+CB21 -> 238000000 | DL21: =IFERROR(DK21/DH21,0) -> 0.023185777 | DM21: =BD21+BQ21+CD21 -> 10026913666 | DN21: En enero, la SDF incorporó 1 línea nueva al PAA por $63.140.000, alcanzando un total de 50 líneas y un presupuesto de $15.557.339.000. Se programaron 33 líneas por $2.347.840.000, de las cuales se ejecutaron 28 (85%) por $2.027.320.000 (86%). La ejecución fue alta, quedando 5 líneas pendientes que fueron finalizadas en febrero. Se evidencian algunas variaciones entre valores proyectados y contratados en casos puntuales, sin afectar significativamente la ejecución general. | DO21: En febrero se programaron 2 líneas por $83.000.000; sin embargo, se ejecutaron 5 líneas, lo que representa una sobre-ejecución (250%), por $307.270.000 (370%), asociada a la finalización de procesos iniciados en enero. No se registraron modificaciones relevantes al PAA durante el periodo. | DP21: En marzo se programaron 5 líneas por $2.860.000.000, sin que se registrara ejecución (0%). Se mantiene este valor como objeto no contratado, asociado a procesos en gestión para ejecución posterior. | DQ21: Durante el periodo reportado se mantuvo la programación de cincuenta (50) líneas de contratación dentro del Plan Anual de Adquisiciones. Así mismo, se registraron cuatro (4) líneas asociadas a programación presupuestal para el periodo correspondiente. No obstante, no se evidenció ejecución de las actividades programadas, manteniéndose pendiente la ejecución conforme a la programación establecida. De igual manera, durante el periodo reportado no se realizaron modificaciones a la programación anual vigente. | DR21: Durante el seguimiento al Plan Anual de Adquisiciones PAA correspondiente al mes de mayo de 2026, se evidenció que la Subdirección de Disposición Final no remitió el reporte de la información requerida para el seguimiento mensual. En consecuencia, no fue posible verificar el estado de ejecución de las líneas de contratación programadas ni contar con las observaciones que justificaran la ausencia de ejecución durante el periodo. Se recomienda fortalecer la oportunidad en el reporte de la información y remitir los soportes correspondientes, con el fin de facilitar el seguimiento por parte de la Segunda Línea de Defensa y garantizar la adecuada trazabilidad entre la planeación y la ejecución del Plan Anual de Adquisiciones. | DS21: Durante el mes de junio, la Subdirección de Disposición Final adelantó la gestión correspondiente al Plan Anual de Adquisiciones PAA, desarrollando los procesos contractuales programados para atender las necesidades operativas y misionales de la dependencia. La contratación ejecutada durante el mes refleja el avance gradual de la programación establecida, mientras que los procesos pendientes continúan su trámite conforme a las etapas precontractuales y administrativas previstas. Estas acciones permiten fortalecer la planeación contractual, garantizar la continuidad de los servicios asociados a la disposición final de residuos y asegurar el cumplimiento de los objetivos institucionales definidos para la vigencia. | DZ21: 27/07/2026 DPRV: Para efectos del presente seguimiento se tomó como criterio de evaluación la versión 14 del Plan Anual de Adquisiciones —PAA—, identificada por la Entidad como la versión vigente con corte al 30 de junio de 2026. A partir de esta versión se contrastó la programación contractual con la información reportada por las dependencias, los registros de ejecución y el monitoreo efectuado por la Oficina Asesora de Planeación. De acuerdo con la consolidación de la matriz de seguimiento, se registra un avance físico preliminar del 82,4 %, correspondiente a 439 líneas contratadas frente a 533 programadas, mientras que la ejecución presupuestal alcanza aproximadamente el 49,3 %, con $35.382.967.069 contratados de $71.776.491.590 programados. Estos resultados evidencian que, aunque se gestionó una proporción importante de las necesidades contractuales previstas, permanecen pendientes procesos con una participación presupuestal significativa, especialmente aquellos programados durante el segundo trimestre. Al desagregar la ejecución presupuestal por dependencia, los mayores rezagos se concentran principalmente en la Subdirección de Disposición Final, la Subdirección de Servicios Funerarios y Alumbrado Público —particularmente en el componente de Alumbrado Público— y la Subdirección Administrativa y Financiera; seguidas por la Subdirección de Asuntos Legales y el componente de Servicios Funerarios. Estas dependencias presentan las mayores diferencias acumuladas entre los recursos programados y los efectivamente contratados durante el semestre, asociadas principalmente a procesos de alta cuantía que permanecían en estructuración, trámite precontractual, reprogramación o pendientes de contratación. En consecuencia, se requiere priorizar su seguimiento durante el segundo semestre, estableciendo para cada proceso pendiente las causas del rezago, la etapa alcanzada y la fecha prevista para su contratación
B22: Subdirección de Servicios Funerarios (SSF) | C22: *Matriz de seguimiento presupuestal (OAP) *Informe de certificados de recursos registrados (emitido por la SAF) *Plan anual de adquisiciones publicado en SECOP II (Ultima version publicada del mes a reportar) | D22: 32 | E22: 2351881000 | F22: 12 | G22: 96461403 | H22: =+D22+F22 -> 44 | I22: =+E22+G22 -> 2448342403 | J22: 33 | K22: 1844342403 | L22: 11 | M22: =+L22/J22 -> 0.33333333 | N22: 383006516 | O22: =+N22/K22 -> 0.20766562 | P22: =IF(N22>K22,0,K22-N22) -> 1461335887 | Q22: Para el mes de mes de enero de 2026 estaban pogramadas 33 lineas de contratación en el PAA de la dependencia, de las cuales 30 contratos se encuentran firmados y publicados en SECOP, por otra parte de las 3 lineas pendientes de contratación, 2 fueron reprogramadas para el mes de marzo de 2026 y 1 eliminada. | S22: Se solicitó 1 modificación al PAA en el mes de enero de 2026, atendiendo las necesidades de contratación de la dependencia | U22: =H22 -> 44 | V22: =I22 -> 2448342403 | W22: 0 | X22: 0 | Y22: 19 | Z22: =IF(AND(W22=0,Y22>0),"Ejecucion Presupuesto No Programada",Y22/W22) -> Ejecucion Presupuesto No Programada | AA22: 464954887 | AB22: =IF(AND(X22=0,AA22>0),"Ejecucion Presupuesto No Programada",AA22/X22) -> Ejecucion Presupuesto No Programada | AD22: =IF(AA22>X22,0,X22-AA22) -> 0 | AE22: En el mes de febrero de 2026 no se tenian lineas de contratación programadas | AG22: Se solicitó 1 modificación al PAA en el mes de enero de 2026, atendiendo las necesidades de contratación de la dependencia | AI22: =H22 -> 44 | AJ22: =I22 -> 2448342403 | AK22: 6 | AL22: 597181000 | AM22: 0 | AN22: =IF(AND(AK22=0,AM22=0),0,IF(AND(AK22=0,AM22>0),"Ejecucion Presupuesto No Programada",AM22/AK22)) -> 0 | AO22: 0 | AP22: =IF(AND(AL22=0,AO22=0),0,IF(AND(AL22=0,AO22>0),"Ejecucion Presupuesto No Programada",AO22/AL22)) -> 0 | AQ22: =IF(AO22>AL22,0,AL22-AO22) -> 597181000 | AR22: En el mes de marzo de 2026 no se tenian lineas de contratación programadas | AT22: En el mes de marzo de 2026 no se solicitaron modificaciones al PAA | AV22: 44 | AW22: 2448342403 | AX22: 0 | AY22: 0 | AZ22: 0 | BA22: =IF(AND(AX22=0,AZ22=0),0,IF(AND(AX22=0,AZ22>0),"Ejecucion Presupuesto No Programada",AZ22/AX22)) -> 0 | BB22: 0 | BC22: =IF(AND(AY22=0,BB22=0),0,IF(AND(AY22=0,BB22>0),"Ejecucion Presupuesto No Programada",BB22/AY22)) -> 0 | BD22: =IF(BB22>AY22,0,AY22-BB22) -> 0 | BE22: En el mes de abril de 2026 no se tenian lineas de contratación programadas | BG22: En el mes de abril de 2026 no se solicitaron modificaciones al PAA | BI22: 42 | BJ22: 2086342403 | BK22: 0 | BL22: 0 | BM22: 0 | BN22: =IF(AND(BK22=0,BM22=0),0,IF(AND(BK22=0,BM22>0),"Ejecucion Presupuesto No Programada",BM22/BK22)) -> 0 | BO22: 0 | BP22: =IF(AND(BL22=0,BO22=0),0,IF(AND(BL22=0,BO22>0),"Ejecucion Presupuesto No Programada",BO22/BL22)) -> 0 | BQ22: =IF(BO22>BL22,0,BL22-BO22) -> 0 | BR22: En el mes de mayo de 2026 no se tenian lineas de contratación programadas | BT22: Se solicitó 1 modificación al PAA en el mes de mayo de 2026, atendiendo las necesidades de contratación de la dependencia | BV22: 42 | BW22: 2086342403 | BX22: 2 | BY22: 730181000 | BZ22: 0 | CA22: =IF(AND(BX22=0,BZ22=0),0,IF(AND(BX22=0,BZ22>0),"Ejecucion Presupuesto No Programada",BZ22/BX22)) -> 0 | CB22: 0 | CC22: =IF(AND(BY22=0,CB22=0),0,IF(AND(BY22=0,CB22>0),"Ejecucion Presupuesto No Programada",CB22/BY22)) -> 0 | CD22: =IF(CB22>BY22,0,BY22-CB22) -> 730181000 | CE22: A corte de junio de 2026, lServicios Funerarios registró una programación vigente de 42 líneas por valor de $2.086.342.403. Durante el periodo evaluado se encontraban programadas dos (2) líneas de contratación por un valor de $730.181.000; sin embargo, al cierre del mes no se registró ejecución contractual, manteniéndose un cumplimiento del 0% tanto en número de líneas como en ejecución presupuestal. El valor programado continúa pendiente de contratación, dado que los procesos se encontraban en desarrollo de las actuaciones precontractuales y administrativas necesarias para su ejecución, conforme a la planeación institucional y al cronograma establecido para la vigencia. | CG22: No se realizaron modificaciones | CV22: =AI22 -> 44 | CW22: =AJ22 -> 2448342403 | CX22: =J22+W22+AK22 -> 39 | CY22: =K22+X22+AL22 -> 2441523403 | CZ22: =L22+Y22+AM22 -> 30 | DA22: =IFERROR(CZ22/CX22,0) -> 0.76923077 | DB22: =N22+AA22+AO22 -> 847961403 | DC22: =IFERROR(DB22/CY22,0) -> 0.34730832 | DD22: =P22+AD22+AQ22 -> 2058516887 | DE22: =BV22 -> 42 | DF22: =BW22 -> 2086342403 | DG22: =AX22+BK22+BX22 -> 2 | DH22: =AY22+BL22+BY22 -> 730181000 | DI22: =AZ22+BM22+BZ22 -> 0 | DJ22: =IFERROR(DI22/DG22,0) -> 0 | DK22: =BB22+BO22+CB22 -> 0 | DL22: =IFERROR(DK22/DH22,0) -> 0 | DM22: =BD22+BQ22+CD22 -> 730181000 | DN22: En enero, la SSF incorporó 12 líneas nuevas al PAA por $96.461.403, alcanzando un total de 44 líneas y un presupuesto de $2.448.342.403. Se programaron 33 líneas por $1.844.342.403, de las cuales se ejecutaron 11 (33%) por $383.006.516 (21%). Aunque se reporta la firma y publicación de 30 contratos, la ejecución presupuestal refleja rezagos. De las líneas no ejecutadas, 2 fueron reprogramadas para marzo y 1 eliminada. Se realizó 1 modificación al PAA en el periodo. | DO22: En febrero no se programaron líneas dentro del PAA; sin embargo, se registró ejecución presupuestal no programada por $464.954.887, correspondiente a 19 líneas ejecutadas por fuera de la planeación. Este comportamiento evidencia una ejecución derivada de procesos iniciados previamente. Se mantuvieron las condiciones del PAA sin cambios adicionales relevantes. | DP22: En marzo se programaron 6 líneas por $597.181.000, sin que se registrara ejecución (0%). Se mantiene este valor como objeto no contratado, asociado a procesos que continúan en gestión. | DQ22: Durante el periodo reportado se mantuvo la programación de cuarenta y cuatro (44) líneas de contratación dentro del Plan Anual de Adquisiciones. No obstante, para el periodo correspondiente no se registró programación presupuestal ni ejecución de actividades asociadas. Así mismo, no se evidenciaron avances en ejecución durante el periodo reportado. De igual manera, no se realizaron modificaciones a la programación anual vigente. | DR22: Durante el mes de mayo de 2026, Servicios Funerarios contó con un presupuesto programado acumulado de $2.086.342.403, correspondiente a 42 líneas programadas. Sin embargo, para el período evaluado no se tenían líneas de contratación programadas, por lo que no se registró contratación ni ejecución presupuestal, reflejando una ejecución física y financiera del 0 %. Así mismo, durante el mes se solicitó una (1) modificación al Plan Anual de Adquisiciones PAA, con el propósito de atender las necesidades de contratación y ajustar la planeación de acuerdo con los requerimientos identificados. | DS22: Durante el periodo evaluado, la Subdirección de Servicios Funerarios adelantó la gestión correspondiente al Plan Anual de Adquisiciones PAA, orientada a garantizar la adecuada planeación de los procesos contractuales requeridos para el cumplimiento de sus funciones misionales. Los procesos programados continuaron su desarrollo conforme a las etapas precontractuales y administrativas establecidas, con el fin de asegurar la oportunidad y continuidad en la prestación de los servicios a cargo de la dependencia. Estas acciones contribuyen al fortalecimiento de la gestión contractual, la adecuada administración de los recursos y el cumplimiento de los objetivos institucionales previstos para la vigencia. | DZ22: 27/07/2026 DPRV: Para efectos del presente seguimiento se tomó como criterio de evaluación la versión 14 del Plan Anual de Adquisiciones —PAA—, identificada por la Entidad como la versión vigente con corte al 30 de junio de 2026. A partir de esta versión se contrastó la programación contractual con la información reportada por las dependencias, los registros de ejecución y el monitoreo efectuado por la Oficina Asesora de Planeación. De acuerdo con la consolidación de la matriz de seguimiento, se registra un avance físico preliminar del 82,4 %, correspondiente a 439 líneas contratadas frente a 533 programadas, mientras que la ejecución presupuestal alcanza aproximadamente el 49,3 %, con $35.382.967.069 contratados de $71.776.491.590 programados. Estos resultados evidencian que, aunque se gestionó una proporción importante de las necesidades contractuales previstas, permanecen pendientes procesos con una participación presupuestal significativa, especialmente aquellos programados durante el segundo trimestre. Al desagregar la ejecución presupuestal por dependencia, los mayores rezagos se concentran principalmente en la Subdirección de Disposición Final, la Subdirección de Servicios Funerarios y Alumbrado Público —particularmente en el componente de Alumbrado Público— y la Subdirección Administrativa y Financiera; seguidas por la Subdirección de Asuntos Legales y el componente de Servicios Funerarios. Estas dependencias presentan las mayores diferencias acumuladas entre los recursos programados y los efectivamente contratados durante el semestre, asociadas principalmente a procesos de alta cuantía que permanecían en estructuración, trámite precontractual, reprogramación o pendientes de contratación. En consecuencia, se requiere priorizar su seguimiento durante el segundo semestre, estableciendo para cada proceso pendiente las causas del rezago, la etapa alcanzada y la fecha prevista para su contratación
B23: Subdirección de Alumbrado Público (SAP) | C23: *Matriz de seguimiento presupuestal (OAP) *Informe de certificados de recursos registrados (emitido por la SAF) *Plan anual de adquisiciones publicado en SECOP II (Ultima version publicada del mes a reportar) | D23: 30 | E23: 9834500000 | F23: 0 | G23: -148200000 | H23: =+D23+F23 -> 30 | I23: =+E23+G23 -> 9686300000 | J23: 18 | K23: 1594900000 | L23: 4 | M23: =+L23/J23 -> 0.22222222 | N23: 296450000 | O23: =+N23/K23 -> 0.18587372 | P23: =IF(N23>K23,0,K23-N23) -> 1298450000 | Q23: Para el mes de mes de enero de 2026 estaban pogramadas 18 lineas de contratación en el PAA de la dependencia, de las cuales 17 contratos se encuentran firmados y publicados en SECOP, por otra parte la linea pendiente de contratación fue eliminada. | S23: Se solicitaron 2 modificaciones al PAA en el mes de enero de 2026, atendiendo las necesidades de contratación de la dependencia | U23: =H23 -> 30 | V23: =I23 -> 9686300000 | W23: 0 | X23: 0 | Y23: 13 | Z23: =IF(AND(W23=0,Y23>0),"Ejecucion Presupuesto No Programada",Y23/W23) -> Ejecucion Presupuesto No Programada | AA23: 1117050000 | AB23: =IF(AND(X23=0,AA23>0),"Ejecucion Presupuesto No Programada",AA23/X23) -> Ejecucion Presupuesto No Programada | AD23: =IF(AA23>X23,0,X23-AA23) -> 0 | AE23: En el mes de febrero de 2026 no se tenian lineas de contratación programadas | AG23: Se solicitó 1 modificación al PAA en el mes de enero de 2026, atendiendo las necesidades de contratación de la dependencia | AI23: 28 | AJ23: 9988770000 | AK23: 1 | AL23: 8152470000 | AM23: 0 | AN23: =IF(AND(AK23=0,AM23=0),0,IF(AND(AK23=0,AM23>0),"Ejecucion Presupuesto No Programada",AM23/AK23)) -> 0 | AO23: 0 | AP23: =IF(AND(AL23=0,AO23=0),0,IF(AND(AL23=0,AO23>0),"Ejecucion Presupuesto No Programada",AO23/AL23)) -> 0 | AQ23: =IF(AO23>AL23,0,AL23-AO23) -> 8152470000 | AR23: En el mes de marzo de 2026 no se tenian lineas de contratación programadas | AT23: En el mes de marzo de 2026 no se solicitaron modificaciones al PAA | AV23: 29 | AW23: 12888770000 | AX23: 0 | AY23: 0 | AZ23: 0 | BA23: =IF(AND(AX23=0,AZ23=0),0,IF(AND(AX23=0,AZ23>0),"Ejecucion Presupuesto No Programada",AZ23/AX23)) -> 0 | BB23: 0 | BC23: =IF(AND(AY23=0,BB23=0),0,IF(AND(AY23=0,BB23>0),"Ejecucion Presupuesto No Programada",BB23/AY23)) -> 0 | BD23: =IF(BB23>AY23,0,AY23-BB23) -> 0 | BE23: En el mes de abril de 2026 no se tenian lineas de contratación programadas | BG23: Se solito 1 imodificación al PAA en el mes de abril de 2026, atendiendo las necesidades de contratación de la dependencia | BI23: 29 | BJ23: 12888770000 | BK23: 1 | BL23: 2900000000 | BM23: 0 | BN23: =IF(AND(BK23=0,BM23=0),0,IF(AND(BK23=0,BM23>0),"Ejecucion Presupuesto No Programada",BM23/BK23)) -> 0 | BO23: 0 | BP23: =IF(AND(BL23=0,BO23=0),0,IF(AND(BL23=0,BO23>0),"Ejecucion Presupuesto No Programada",BO23/BL23)) -> 0 | BQ23: =IF(BO23>BL23,0,BL23-BO23) -> 2900000000 | BR23: En el mes de mayo de 2026 se tenia una linea de contratación programada, la cual no fue contratando, se solicitará la reprogramación. | BT23: Se solicitó 1 modificación al PAA en el mes de enero de 2026, atendiendo las necesidades de contratación de la dependencia | BV23: 29 | BW23: 10038540000 | BX23: 1 | BY23: 49770000 | BZ23: 0 | CA23: =IF(AND(BX23=0,BZ23=0),0,IF(AND(BX23=0,BZ23>0),"Ejecucion Presupuesto No Programada",BZ23/BX23)) -> 0 | CB23: 0 | CC23: =IF(AND(BY23=0,CB23=0),0,IF(AND(BY23=0,CB23>0),"Ejecucion Presupuesto No Programada",CB23/BY23)) -> 0 | CD23: =IF(CB23>BY23,0,BY23-CB23) -> 49770000 | CE23: A corte de junio de 2026, Alumbrado Público registró una programación vigente de 29 líneas por valor de $10.038.540.000. Durante el periodo evaluado se encontraba programada la ejecución de una (1) línea de contratación por valor de $49.770.000; sin embargo, al cierre del mes no se registró ejecución contractual, manteniéndose un cumplimiento del 0% tanto en número de líneas como en ejecución presupuestal. El proceso programado continuó su trámite conforme a las etapas precontractuales y administrativas establecidas, por lo que su ejecución se proyecta para los meses siguientes de la vigencia, en concordancia con la planeación institucional y las necesidades de la subdirección. | CG23: No se realizaron modificaciones | CV23: =AI23 -> 28 | CW23: =AJ23 -> 9988770000 | CX23: =J23+W23+AK23 -> 19 | CY23: =K23+X23+AL23 -> 9747370000 | CZ23: =L23+Y23+AM23 -> 17 | DA23: =IFERROR(CZ23/CX23,0) -> 0.89473684 | DB23: =N23+AA23+AO23 -> 1413500000 | DC23: =IFERROR(DB23/CY23,0) -> 0.14501348 | DD23: =P23+AD23+AQ23 -> 9450920000 | DE23: =BV23 -> 29 | DF23: =BW23 -> 10038540000 | DG23: =AX23+BK23+BX23 -> 2 | DH23: =AY23+BL23+BY23 -> 2949770000 | DI23: =AZ23+BM23+BZ23 -> 0 | DJ23: =IFERROR(DI23/DG23,0) -> 0 | DK23: =BB23+BO23+CB23 -> 0 | DL23: =IFERROR(DK23/DH23,0) -> 0 | DM23: =BD23+BQ23+CD23 -> 2949770000 | DN23: En enero, la SAP registró una reducción presupuestal de $148.200.000, manteniendo un total de 30 líneas por $9.686.300.000. Se programaron 18 líneas por $1.594.900.000, de las cuales se ejecutaron 4 (22%) por $296.450.000 (19%). Aunque se reporta la firma y publicación de 17 contratos, la ejecución presupuestal refleja un bajo nivel frente a lo programado. Se eliminó 1 línea no contratada y se realizaron 2 modificaciones al PAA. | DO23: En febrero no se programaron líneas dentro del PAA; sin embargo, se registró ejecución presupuestal no programada por $1.123.650.000, correspondiente a 13 líneas ejecutadas por fuera de la planeación. Este comportamiento responde a la ejecución de procesos adelantados previamente. Se realizó 1 modificación al PAA en el periodo. | DP23: Para marzo, el PAA se ajustó a 28 líneas por $9.988.770.000, programándose 1 línea por $8.152.470.000, sin que se registrara ejecución (0%). Se mantiene este valor como objeto no contratado, asociado a procesos en gestión. | DQ23: Durante el periodo reportado se mantuvo la programación de veintinueve (29) líneas de contratación dentro del Plan Anual de Adquisiciones. No obstante, para el periodo correspondiente no se registró programación presupuestal ni ejecución de actividades asociadas. Así mismo, no se evidenciaron avances en ejecución durante el periodo reportado. De igual manera, no se realizaron modificaciones a la programación anual vigente. | DR23: Durante el mes de mayo de 2026, Alumbrado Público contó con un presupuesto programado acumulado de $12.888.770.000, correspondiente a 29 líneas programadas. Para el período evaluado se tenía prevista una (1) línea de contratación por valor de $2.900.000.000; sin embargo, esta no fue contratada, por lo que no se registró ejecución física ni presupuestal, manteniéndose una ejecución del 0 %. En consecuencia, el valor programado para la contratación, equivalente a $2.900.000.000, permanece pendiente de ejecución y será objeto de reprogramación conforme a las necesidades y cronogramas correspondientes. Adicionalmente, se informa que en el mes se solicitó una (1) modificación al Plan Anual de Adquisiciones (PAA), con el fin de atender las necesidades de contratación. | DS23: Durante el periodo evaluado, la Subdirección de Alumbrado Público adelantó la gestión correspondiente al Plan Anual de Adquisiciones PAA, orientada a garantizar la adecuada planeación de los procesos contractuales necesarios para el cumplimiento de sus funciones misionales. Los procesos programados continuaron su desarrollo conforme a las etapas técnicas, administrativas y precontractuales establecidas, asegurando la articulación de la contratación con las necesidades del servicio y la planeación institucional. Estas acciones contribuyen al fortalecimiento de la gestión contractual, la continuidad de los proyectos a cargo de la dependencia y el cumplimiento de los objetivos definidos para la vigencia. | DZ23: 27/07/2026 DPRV: Para efectos del presente seguimiento se tomó como criterio de evaluación la versión 14 del Plan Anual de Adquisiciones —PAA—, identificada por la Entidad como la versión vigente con corte al 30 de junio de 2026. A partir de esta versión se contrastó la programación contractual con la información reportada por las dependencias, los registros de ejecución y el monitoreo efectuado por la Oficina Asesora de Planeación. De acuerdo con la consolidación de la matriz de seguimiento, se registra un avance físico preliminar del 82,4 %, correspondiente a 439 líneas contratadas frente a 533 programadas, mientras que la ejecución presupuestal alcanza aproximadamente el 49,3 %, con $35.382.967.069 contratados de $71.776.491.590 programados. Estos resultados evidencian que, aunque se gestionó una proporción importante de las necesidades contractuales previstas, permanecen pendientes procesos con una participación presupuestal significativa, especialmente aquellos programados durante el segundo trimestre. Al desagregar la ejecución presupuestal por dependencia, los mayores rezagos se concentran principalmente en la Subdirección de Disposición Final, la Subdirección de Servicios Funerarios y Alumbrado Público —particularmente en el componente de Alumbrado Público— y la Subdirección Administrativa y Financiera; seguidas por la Subdirección de Asuntos Legales y el componente de Servicios Funerarios. Estas dependencias presentan las mayores diferencias acumuladas entre los recursos programados y los efectivamente contratados durante el semestre, asociadas principalmente a procesos de alta cuantía que permanecían en estructuración, trámite precontractual, reprogramación o pendientes de contratación. En consecuencia, se requiere priorizar su seguimiento durante el segundo semestre, estableciendo para cada proceso pendiente las causas del rezago, la etapa alcanzada y la fecha prevista para su contratación
B24: Subdirección Recolección, Barrido y Limpieza (RBL) | C24: *Matriz de seguimiento presupuestal (OAP) *Informe de certificados de recursos registrados (emitido por la SAF) *Plan anual de adquisiciones publicado en SECOP II (Ultima version publicada del mes a reportar) | D24: 140 | E24: 13342000000 | F24: 31 | G24: 3394095000 | H24: =+D24+F24 -> 171 | I24: =+E24+G24 -> 16736095000 | J24: 149 | K24: 15510675000 | L24: 112 | M24: =+L24/J24 -> 0.75167785 | N24: 11010595000 | O24: =+N24/K24 -> 0.70987207 | P24: =IF(N24>K24,0,K24-N24) -> 4500080000 | Q24: A corte del mes de enero de 2026, se incluyeron (171) líneas para contratación en el Plan Anual de Adquisiciones (PAA) y se adelantó el proceso de contratación de (149) objetos previamente solicitados. De estos, (147) se encuentran firmados y publicados en SECOP, mientras que (22) iniciarán su proceso de contratación en julio de la vigencia actual. | S24: Por su parte, las dos (2) líneas restantes del PAA (RBL- 009 y RBL- 021) se encuentran pendientes de modificación del objeto, la fecha estimada del proceso de selección y el valor estimado, previo al inicio de su trámite contractual. | U24: =H24 -> 171 | V24: =I24 -> 16736095000 | W24: 0 | X24: 0 | Y24: 74 | Z24: =IF(AND(W24=0,Y24>0),"Ejecucion Presupuesto No Programada",Y24/W24) -> Ejecucion Presupuesto No Programada | AA24: 7198680000 | AB24: =IF(AND(X24=0,AA24>0),"Ejecucion Presupuesto No Programada",AA24/X24) -> Ejecucion Presupuesto No Programada | AD24: =IF(AA24>X24,0,X24-AA24) -> 0 | AE24: A corte del mes de febrero de 2026, se tienen (171) líneas registradas en el Plan Anual de Adquisiciones (PAA), de las cuales (24) iniciarán su proceso de selección en el mes de julio, mientras que los (147) restantes fueron contratados en el mes de enero. | AG24: Así mismo, a corte del mismo periodo, se solicitó una (1) modificación al PAA, mediante la cual se ajustó la fecha estimada del proceso de selección de las líneas RBL- 009 y RBL- 021 | AI24: =H24 -> 171 | AJ24: =I24 -> 16736095000 | AK24: 0 | AL24: 0 | AM24: 0 | AN24: =IF(AND(AK24=0,AM24=0),0,IF(AND(AK24=0,AM24>0),"Ejecucion Presupuesto No Programada",AM24/AK24)) -> 0 | AP24: =IF(AND(AL24=0,AO24=0),0,IF(AND(AL24=0,AO24>0),"Ejecucion Presupuesto No Programada",AO24/AL24)) -> 0 | AQ24: =IF(AO24>AL24,0,AL24-AO24) -> 0 | AR24: De acuerdo con la version 7 dell Plan Anual de Adquisiciones (PAA), 24 lineas estan programadas para iniciar en el mes de julio, debido a la restricción de la ley de garantias electorales. | AT24: No se solicitaron modificaciones al PAA durante el periodo. | AV24: 171 | AW24: 16671095000 | AX24: 0 | AY24: 0 | AZ24: 0 | BA24: =IF(AND(AX24=0,AZ24=0),0,IF(AND(AX24=0,AZ24>0),"Ejecucion Presupuesto No Programada",AZ24/AX24)) -> 0 | BB24: 0 | BC24: =IF(AND(AY24=0,BB24=0),0,IF(AND(AY24=0,BB24>0),"Ejecucion Presupuesto No Programada",BB24/AY24)) -> 0 | BD24: =IF(BB24>AY24,0,AY24-BB24) -> 0 | BE24: A corte de abril de 2026, se encuentran pendientes 24 lineas estan programadas para iniciar en el mes de julio, debido a la restricción de la ley de garantias electorales. | BG24: A corte del mes de Abril de 2026, no se realizaron modificaciones del PAA | BI24: 171 | BJ24: 16671095000 | BK24: 0 | BL24: 0 | BM24: 0 | BN24: =IF(AND(BK24=0,BM24=0),0,IF(AND(BK24=0,BM24>0),"Ejecucion Presupuesto No Programada",BM24/BK24)) -> 0 | BO24: 0 | BP24: =IF(AND(BL24=0,BO24=0),0,IF(AND(BL24=0,BO24>0),"Ejecucion Presupuesto No Programada",BO24/BL24)) -> 0 | BQ24: =IF(BO24>BL24,0,BL24-BO24) -> 0 | BR24: A corte de mayo de 2026, se encuentran pendientes 24 lineas estan programadas para iniciar en el mes de julio, debido a la restricción de la ley de garantias electorales. | BT24: A corte del mes de mayo de 2026, no se realizaron modificaciones del PAA | BV24: 172 | BW24: 17004295000 | BX24: 1 | BY24: 63480000 | BZ24: 0 | CA24: =IF(AND(BX24=0,BZ24=0),0,IF(AND(BX24=0,BZ24>0),"Ejecucion Presupuesto No Programada",BZ24/BX24)) -> 0 | CB24: 0 | CC24: =IF(AND(BY24=0,CB24=0),0,IF(AND(BY24=0,CB24>0),"Ejecucion Presupuesto No Programada",CB24/BY24)) -> 0 | CD24: =IF(CB24>BY24,0,BY24-CB24) -> 63480000 | CE24: A corte de junio de 2026, se realizó una modificación al Plan Anual de Adquisiciones (PAA), mediante la inclusión de la línea No. 172, con esto se tendrian (172) lineas. En cuanto a la contratación de las 24 líneas pendientes, se avanza en la solicitud y recopilación de la documentación requerida para dar inicio a los procesos durante el mes de julio. | CG24: A corte de junio de 2026, se realizó una modificación al Plan Anual de Adquisiciones (PAA), mediante la inclusión de la línea No. 172. | CV24: =AI24 -> 171 | CW24: =AJ24 -> 16736095000 | CX24: =J24+W24+AK24 -> 149 | CY24: =K24+X24+AL24 -> 15510675000 | CZ24: =L24+Y24+AM24 -> 186 | DA24: =IFERROR(CZ24/CX24,0) -> 1.2483221 | DB24: =N24+AA24+AO24 -> 18209275000 | DC24: =IFERROR(DB24/CY24,0) -> 1.1739834 | DD24: =P24+AD24+AQ24 -> 4500080000 | DE24: =BV24 -> 172 | DF24: =BW24 -> 17004295000 | DG24: =AX24+BK24+BX24 -> 1 | DH24: =AY24+BL24+BY24 -> 63480000 | DI24: =AZ24+BM24+BZ24 -> 0 | DJ24: =IFERROR(DI24/DG24,0) -> 0 | DK24: =BB24+BO24+CB24 -> 0 | DL24: =IFERROR(DK24/DH24,0) -> 0 | DM24: =BD24+BQ24+CD24 -> 63480000 | DN24: En enero, RBL incorporó 31 líneas nuevas al PAA por $3.394.095.000, alcanzando un total de 171 líneas y un presupuesto de $16.736.095.000. Se programaron 149 líneas por $15.510.675.000, de las cuales se ejecutaron 112 (75%) por $11.010.595.000 (71%). La ejecución fue alta, con 147 contratos firmados y publicados, mientras que 22 líneas fueron programadas para iniciar en julio. Adicionalmente, 2 líneas quedaron pendientes de ajustes en su estructuración. | DO24: En febrero no se programaron líneas dentro del PAA; sin embargo, se registró ejecución presupuestal no programada por $7.198.680.000, correspondiente a 74 líneas ejecutadas por fuera de la planeación. Esta ejecución corresponde principalmente a la finalización de procesos adelantados en enero. Durante el periodo se realizó 1 modificación al PAA, ajustando fechas y condiciones de algunas líneas. | DP24: En marzo no se programaron ni ejecutaron líneas de contratación. Se mantiene el total de 171 líneas, de las cuales 24 están programadas para iniciar en julio, debido a restricciones normativas (ley de garantías). No se realizaron modificaciones al PAA durante el periodo. | DQ24: A corte de abril de 2026, se encuentran pendientes 24 líneas, las cuales están programadas para iniciar en el mes de julio, debido a las restricciones establecidas por la Ley de Garantías Electorales. Así mismo, se informa que durante el mes de abril de 2026 no se realizaron modificaciones al Plan Anual de Adquisiciones PA). | DR24: Con fecha de corte del mes de mayo de 2026, las 24 líneas de contratación programadas para esta dependencia se encuentran previstas para iniciar en el mes de julio, debido a las restricciones derivadas de la Ley de Garantías Electorales. En consecuencia, no se registra ejecución durante el periodo evaluado. Asimismo, se verificó que no se realizaron modificaciones al Plan Anual de Adquisiciones PAA, manteniéndose la programación inicialmente establecida. | DS24: En junio de 2026, la Subdirección de Recolección, Barrido y Limpieza RBL, continuó con la gestión de las contrataciones programadas en el Plan Anual de Adquisiciones PAA. Se evidenció que 24 líneas de contratación permanecen pendientes de inicio, debido a la restricción establecida por la Ley de Garantías Electorales, proyectándose su ejecución a partir del mes de julio. Durante el periodo evaluado no se realizaron modificaciones al PAA. | DZ24: 27/07/2026 DPRV: Para efectos del presente seguimiento se tomó como criterio de evaluación la versión 14 del Plan Anual de Adquisiciones —PAA—, identificada por la Entidad como la versión vigente con corte al 30 de junio de 2026. A partir de esta versión se contrastó la programación contractual con la información reportada por las dependencias, los registros de ejecución y el monitoreo efectuado por la Oficina Asesora de Planeación. De acuerdo con la consolidación de la matriz de seguimiento, se registra un avance físico preliminar del 82,4 %, correspondiente a 439 líneas contratadas frente a 533 programadas, mientras que la ejecución presupuestal alcanza aproximadamente el 49,3 %, con $35.382.967.069 contratados de $71.776.491.590 programados. Estos resultados evidencian que, aunque se gestionó una proporción importante de las necesidades contractuales previstas, permanecen pendientes procesos con una participación presupuestal significativa, especialmente aquellos programados durante el segundo trimestre. Al desagregar la ejecución presupuestal por dependencia, los mayores rezagos se concentran principalmente en la Subdirección de Disposición Final, la Subdirección de Servicios Funerarios y Alumbrado Público —particularmente en el componente de Alumbrado Público— y la Subdirección Administrativa y Financiera; seguidas por la Subdirección de Asuntos Legales y el componente de Servicios Funerarios. Estas dependencias presentan las mayores diferencias acumuladas entre los recursos programados y los efectivamente contratados durante el semestre, asociadas principalmente a procesos de alta cuantía que permanecían en estructuración, trámite precontractual, reprogramación o pendientes de contratación. En consecuencia, se requiere priorizar su seguimiento durante el segundo semestre, estableciendo para cada proceso pendiente las causas del rezago, la etapa alcanzada y la fecha prevista para su contratación
B25: Totales | D25: =IFERROR(SUM(D8:D24),0) -> 543 | E25: =IFERROR(SUM(E12:E24),0) -> 72788861144 | F25: =IFERROR(SUM(F8:F24),0) -> 53 | G25: =IFERROR(SUM(G8:G24),0) -> 3659405371 | H25: =IFERROR(SUM(H8:H24),0) -> 596 | I25: =IFERROR(SUM(I8:I24),0) -> 76448266515 | J25: =IFERROR(SUM(J8:J24),0) -> 441 | K25: =IFERROR(SUM(K8:K24),0) -> 38278935715 | L25: =IFERROR(SUM(L8:L24),0) -> 246 | M25: =+L25/J25 -> 0.55782313 | N25: =IFERROR(SUM(N8:N24),0) -> 20913559133 | O25: =+N25/K25 -> 0.54634641 | P25: =IFERROR(SUM(P8:P24),0) -> 17060290971 | U25: =IFERROR(SUM(U8:U24),0) -> 582 | V25: =IFERROR(SUM(V8:V24),0) -> 74488266515 | W25: =IFERROR(SUM(W8:W24),0) -> 11 | X25: =IFERROR(SUM(X8:X24),0) -> 697785800 | Y25: =IFERROR(SUM(Y8:Y24),0) -> 188 | Z25: =+Y25/W25 -> 17.090909 | AA25: =IFERROR(SUM(AA12:AA24),0) -> 13773664054 | AB25: =IFERROR(SUM(AB8:AB24),0) -> 0 | AD25: =IFERROR(SUM(AD8:AD24),0) -> 0 | AI25: =IFERROR(SUM(AI12:AI24),0) -> 593 | AJ25: =IFERROR(SUM(AJ12:AJ24),0) -> 76570486515 | AK25: =IFERROR(SUM(AK12:AK24),0) -> 31 | AL25: =IFERROR(SUM(AL12:AL24),0) -> 13942651000 | AM25: =IFERROR(SUM(AM12:AM24),0) -> 0 | AN25: =+AM25/AK25 -> 0 | AO25: =IFERROR(SUM(AD12:AD24),0) -> 0 | AP25: =IFERROR(SUM(AP12:AP24),0) -> 0 | AQ25: =IFERROR(SUM(AQ12:AQ24),0) -> 13942651000 | AV25: =IFERROR(SUM(AV12:AV24),0) -> 595 | AW25: =IFERROR(SUM(AW12:AW24),0) -> 79794080924 | AX25: =IFERROR(SUM(AX12:AX24),0) -> 8 | AY25: =IFERROR(SUM(AY12:AY24),0) -> 8612999000 | AZ25: =IFERROR(SUM(AZ12:AZ24),0) -> 1 | BA25: =+AZ25/AX25 -> 0.125 | BB25: =IFERROR(SUM(BB12:BB24),0) -> 7938352 | BC25: =IFERROR(SUM(BC12:BC24),0) -> 0 | BD25: =IFERROR(SUM(BD12:BD24),0) -> 8612999000 | BI25: =IFERROR(SUM(BI12:BI24),0) -> 586 | BJ25: =IFERROR(SUM(BJ12:BJ24),0) -> 75155655124 | BK25: =IFERROR(SUM(BK12:BK24),0) -> 4 | BL25: =IFERROR(SUM(BL12:BL24),0) -> 3852894409 | BM25: =IFERROR(SUM(BM12:BM24),0) -> 1 | BN25: =+BM25/BK25 -> 0.25 | BO25: =IFERROR(SUM(BO12:BO24),0) -> 30805530 | BP25: =IFERROR(SUM(BP12:BP24),0) -> 1.026851 | BQ25: =IFERROR(SUM(BQ12:BQ24),0) -> 3822894409 | BV25: =IFERROR(SUM(BV12:BV24),0) -> 614 | BW25: =IFERROR(SUM(BW12:BW24),0) -> 73103480995 | BX25: =IFERROR(SUM(BX12:BX24),0) -> 38 | BY25: =IFERROR(SUM(BY12:BY24),0) -> 6391225666 | BZ25: =IFERROR(SUM(BZ12:BZ24),0) -> 3 | CA25: =+BZ25/BX25 -> 0.078947368 | CB25: =IFERROR(SUM(CB12:CB24),0) -> 657000000 | CC25: =IFERROR(SUM(CC12:CC24),0) -> 0.26097381 | CD25: =IFERROR(SUM(CD12:CD24),0) -> 5734225666 | CV25: =+SUM(CV12:CV24) -> 593 | CW25: =+SUM(CW12:CW24) -> 76570486515 | CX25: =+SUM(CX12:CX24) -> 483 | CY25: =+SUM(CY12:CY24) -> 52919372515 | CZ25: =+SUM(CZ12:CZ24) -> 434 | DE25: =+SUM(DE12:DE24) -> 614 | DF25: =+SUM(DF12:DF24) -> 73103480995 | DG25: =+SUM(DG12:DG24) -> 50 | DH25: =+SUM(DH12:DH24) -> 18857119075 | DI25: =+SUM(DI12:DI24) -> 5
Z27: enero | AA27: febrero | AB27: acumulado
Y28: Programado | Z28: =K25/I25 -> 0.50071686 | AA28: =X25/V25 -> 0.0093677277 | AB28: =AA28+Z28 -> 0.51008458
Y29: Ejecutado | Z29: =+N25/I25 -> 0.27356486 | AA29: =AA25/V25 -> 0.18491052 | AB29: =AA29+Z29 -> 0.45847538 | CM29: =+CY25/CW25 -> 0.69111971
AA30: =+X25/V25 -> 0.0093677277
Z35: Enero | AA35: Febrero | AB35: Marzo | AC35: Abril | AD35: Mayo | AE35: Junio | AF35: Acumulado
X36: Presupuesto Programadas / ejecutadas | Y36: Programado | Z36: =K25/I25 -> 0.50071686 | AA36: =X25/V25 -> 0.0093677277 | AB36: =AL25/AJ25 -> 0.1820891 | AC36: =AY25/AW25 -> 0.10794032 | AD36: =BI25/BJ25 -> 7.7971511e-09 | AE36: =BV25/BW25 -> 8.3990528e-09 | AF36: =Z36+AA36+AB36+AC36+AD36+AE36 -> 0.80011403
Y37: Ejecutado | Z37: =N25/I25 -> 0.27356486 | AA37: =AA25/V25 -> 0.18491052 | AB37: =AO25/AJ25 -> 0 | AC37: =BB25/AW25 -> 9.9485474e-05 | AD37: =BO25/BJ25 -> 0.00040988971 | AE37: =CB25/BW25 -> 0.0089872601 | AF37: =Z37+AA37+AB37+AC37+AD37+AE37 -> 0.46797201
X38: Lineas Programadas / ejecutadas | Y38: Programado | Z38: =L25/D25 -> 0.45303867 | AA38: =Y25/U25 -> 0.32302405 | AB38: =AM25/AI25 -> 0 | AC38: =AZ25/AV25 -> 0.0016806723 | AD38: =BM25/BI25 -> 0.0017064846 | AE38: =BZ25/BV25 -> 0.0048859935 | AF38: =Z38+AA38+AB38+AC38+AD38+AE38 -> 0.78433588
Y39: Ejecutado | Z39: =N25/I25 -> 0.27356486 | AA39: =AA25/V25 -> 0.18491052 | AB39: =AO25/AJ25 -> 0 | AC39: =BB25/AW25 -> 9.9485474e-05 | AD39: =BO25/BJ25 -> 0.00040988971 | AE39: =CB25/BW25 -> 0.0089872601 | AF39: =Z39+AA39+AB39+AC39+AD39+AE39 -> 0.46797201 | AG39: esto es ejecutado vs el pa del mes
Z40: =N25 -> 20913559133 | AA40: =AA25 -> 13773664054 | AB40: =AO25 -> 0 | AC40: =BB25 -> 7938352 | AD40: =BO25 -> 30805530 | AE40: =CB25 -> 657000000 | AF40: =SUM(Z40:AE40) -> 35382967069 | AG40: valor ejecutado acumulado en $
AF41: =BW25 -> 73103480995 | AG41: valor del PAA V13
AF42: =AF40/AF41 -> 0.48401207 | AG42: % EJECUTADO VS EL ULTIMO PAA V13

Sheet PINAR
B1: Plan Institucional de Archivos de la Entidad -PINAR
B3: OBJETIVO:
C5: • Plan Institucional de Archivos de la Entidad -PINAR
C7: OBJETIVO:
B9: ODS APLICABLE | C9: OBJETIVOS ESTRATEGICOS PLAN DE DESARROLLO | D9: PROGRAMA PLAN DE DESARROLLO | E9: META PLAN DE DESARROLLO | F9: ACTIVIDADES PROYECTO DE INVERSION. | G9: METAS PROYECTO DE INVERSION. | H9: OBJETIVO ESTRATÉGICO | I9: META DEL PLAN ESTRATÉGICO ASOCIADA AL OBJETIVO ESTRATÉGICO | J9: ACTIVIDAD PRINCIPAL | L9: FRECUENCIA DE ACTIVIDAD | X9: Responsables | Y9: Indicador | Z9: Producto o Entregable | AA9: Total Programado (Porcentaje) | AB9: Programación y Seguimiento de Actividades | CX9: Nivel de cumplimiento | CY9: Relación de solicitud de modificación | CZ9: Seguimiento Segunda Línea de Defensa | DL9: Seguimiento Tercera Línea de Defensa
AB10: Enero | AH10: Febrero | AN10: Marzo | AT10: Abril | AZ10: Mayo | BF10: Junio | BL10: Julio | BR10: Agosto | BX10: Septiembre | CD10: Octubre | CJ10: Noviembre | CP10: Diciembre | CV10: Ejecutado acumulado | CW10: Ejecutado acumulado % | CZ10: Enero | DA10: Febrero | DB10: Marzo | DC10: Abril | DD10: Mayo | DE10: Junio | DF10: Julio | DG10: Agosto | DH10: Septiembre | DI10: Octubre | DJ10: Noviembre | DK10: Diciembre
L11: ENERO | M11: FEBRERO | N11: MARZO | O11: ABRIL | P11: MAYO | Q11: JUNIO | R11: JULIO | S11: AGOSTO | T11: SEPTIEMBRE | U11: OCTUBRE | V11: NOVIEMBRE | W11: DICIEMBRE | AB11: Programado mes | AC11: Programado mes % | AD11: Ejecutado mes | AE11: Ejecutado mes % | AF11: Análisis cualitativo (Logros, dificultades y avance del presupuesto) | AG11: Evidencias | AH11: Programado mes | AI11: Programado mes % | AJ11: Ejecutado mes | AK11: Ejecutado mes % | AL11: Análisis cualitativo (Logros, dificultades y avance del presupuesto) | AM11: Evidencias | AN11: Programado mes | AO11: Programado mes % | AP11: Ejecutado mes | AQ11: Ejecutado mes % | AR11: Análisis cualitativo (Logros, dificultades y avance del presupuesto) | AS11: Evidencias | AT11: Programado mes | AU11: Programado mes % | AV11: Ejecutado mes | AW11: Ejecutado mes % | AX11: Análisis cualitativo (Logros, dificultades y avance del presupuesto) | AY11: Evidencias | AZ11: Programado mes | BA11: Programado mes % | BB11: Ejecutado mes | BC11: Ejecutado mes % | BD11: Análisis cualitativo (Logros, dificultades y avance del presupuesto) | BE11: Evidencias | BF11: Programado mes | BG11: Programado mes % | BH11: Ejecutado mes | BI11: Ejecutado mes % | BJ11: Análisis cualitativo (Logros, dificultades y avance del presupuesto) | BK11: Evidencias | BL11: Programado mes | BM11: Programado mes % | BN11: Ejecutado mes | BO11: Ejecutado mes % | BP11: Análisis cualitativo (Logros, dificultades y avance del presupuesto) | BQ11: Evidencias | BR11: Programado mes | BS11: Programado mes % | BT11: Ejecutado mes | BU11: Ejecutado mes % | BV11: Análisis cualitativo (Logros, dificultades y avance del presupuesto) | BW11: Evidencias | BX11: Programado mes | BY11: Programado mes % | BZ11: Ejecutado mes | CA11: Ejecutado mes % | CB11: Análisis cualitativo (Logros, dificultades y avance del presupuesto) | CC11: Evidencias | CD11: Programado mes | CE11: Programado mes % | CF11: Ejecutado mes | CG11: Ejecutado mes % | CH11: Análisis cualitativo (Logros, dificultades y avance del presupuesto) | CI11: Evidencias | CJ11: Programado mes | CK11: Programado mes % | CL11: Ejecutado mes | CM11: Ejecutado mes % | CN11: Análisis cualitativo (Logros, dificultades y avance del presupuesto) | CO11: Evidencias | CP11: Programado mes | CQ11: Programado mes % | CR11: Ejecutado mes | CS11: Ejecutado mes % | CT11: Análisis cualitativo (Logros, dificultades y avance del presupuesto) | CU11: Evidencias
B12: 8. Promover el crecimiento económico sostenido, inclusivo y sostenible, el empleo pleno y productivo y el trabajo decente para todos | C12: 5. Bogotá confía en su gobierno | D12: 5.33. Fortalecimiento institucional para un gobierno confiable | E12: 2292 Fortalecer el 100% de la capacidad de gestión de las entidades del Sector Hábitat que promueva la innovación gubernamental la eficiencia administrativa y operativa como generadores de confianza ciudadana (Secretaría de Hábitat CVP Renobo UAESP) | F12: 8228 Fortalecimiento de los procesos de planificación y gestión de la UAESP Bogotá D.C. | G12: 2- Fortalecimiento del 100% de los procesos de apoyo con actividades priorizadas y efectivas. | H12: Desarrollo del Capital Humano y Gestión del Conocimiento Institucional | I12: 2- Fortalecimiento del 100% de los procesos de apoyo con actividades priorizadas y efectivas. | J12: Actualizar el Plan Institucional de Archivos (PINAR) para la vigencia 2026 – 2028 | W12: 1 | X12: SAF – Gestión Documental | Y12: Plan Actualizado | Z12: Documento del Plan Institucional de Archivos Actualizado | AA12: 0.1 | AB12: =+L12 -> 0 | AC12: =IFERROR(AB12/SUM($L12:$W12)*100,0) -> 0 | AE12: =IFERROR(AD12/SUM($L12:$W12)*100,0) -> 0 | AH12: =+M12 -> 0 | AI12: =IFERROR(AH12/SUM($L12:$W12)*100,0) -> 0 | AK12: =IFERROR(AJ12/SUM($L12:$W12)*100,0) -> 0 | AN12: =+N12 -> 0 | AO12: =IFERROR(AN12/SUM($L12:$W12)*100,0) -> 0 | AQ12: =IFERROR(AP12/SUM($L12:$W12)*100,0) -> 0 | AT12: =+O12 -> 0 | AU12: =IFERROR(AT12/SUM($L12:$W12)*100,0) -> 0 | AW12: =IFERROR(AV12/SUM($L12:$W12)*100,0) -> 0 | AZ12: =+P12 -> 0 | BA12: =IFERROR(AZ12/SUM($L12:$W12)*100,0) -> 0 | BC12: =IFERROR(BB12/SUM($L12:$W12)*100,0) -> 0 | BF12: =+Q12 -> 0 | BG12: =IFERROR(BF12/SUM($L12:$W12)*100,0) -> 0 | BI12: =IFERROR(BH12/SUM($L12:$W12)*100,0) -> 0 | BL12: =+R12 -> 0 | BM12: =IFERROR(BL12/SUM($L12:$W12)*100,0) -> 0 | BO12: =IFERROR(BN12/SUM($L12:$W12)*100,0) -> 0 | BR12: =+S12 -> 0 | BS12: =IFERROR(BR12/SUM($L12:$W12)*100,0) -> 0 | BU12: =IFERROR(BT12/SUM($L12:$W12)*100,0) -> 0 | BX12: =+T12 -> 0 | BY12: =IFERROR(BX12/SUM($L12:$W12)*100,0) -> 0 | CA12: =IFERROR(BZ12/SUM($L12:$W12)*100,0) -> 0 | CD12: =+U12 -> 0 | CE12: =IFERROR(CD12/SUM($L12:$W12)*100,0) -> 0 | CG12: =IFERROR(CF12/SUM($L12:$W12)*100,0) -> 0 | CJ12: =+V12 -> 0 | CK12: =IFERROR(CJ12/SUM($L12:$W12)*100,0) -> 0 | CM12: =IFERROR(CL12/SUM($L12:$W12)*100,0) -> 0 | CP12: =+W12 -> 1 | CQ12: =IFERROR(CP12/SUM($L12:$W12)*100,0) -> 100 | CS12: =IFERROR(CR12/SUM($L12:$W12)*100,0) -> 0 | CV12: =SUM(CR12,CL12,CF12,BZ12,BT12,BN12,BH12,BB12,AV12,AP12,AJ12,AD12) -> 0 | CW12: =SUM(CS12,CM12,CG12,CA12,BU12,BO12,BI12,BC12,AW12,AQ12,AK12,AE12)/100 -> 0 | CZ12: 19-02-2026: No se programaron actividades. | DA12: 06-03-2026: No se programaron actividades. | DB12: 07-04-2026: No se programaron actividades. | DC12: 05-05-2026: No se programaron actividades. | DD12: 02-06-2026: No se programaron actividades. | DE12: 06-07-2026: No se programaron actividades. | DL12: 27/07/2026 DPRV: Para el primer semestre de la vigencia 2026, la actividad no presenta programación ni meta de ejecución, de conformidad con el cronograma establecido en el Plan de Acción Institucional. En consecuencia, durante el periodo evaluado no era exigible la presentación de avances o evidencias
B13: 8. Promover el crecimiento económico sostenido, inclusivo y sostenible, el empleo pleno y productivo y el trabajo decente para todos | C13: 5. Bogotá confía en su gobierno | D13: 5.33. Fortalecimiento institucional para un gobierno confiable | E13: 2292 Fortalecer el 100% de la capacidad de gestión de las entidades del Sector Hábitat que promueva la innovación gubernamental la eficiencia administrativa y operativa como generadores de confianza ciudadana (Secretaría de Hábitat CVP Renobo UAESP) | F13: 8228 Fortalecimiento de los procesos de planificación y gestión de la UAESP Bogotá D.C. | G13: 2- Fortalecimiento del 100% de los procesos de apoyo con actividades priorizadas y efectivas. | H13: Desarrollo del Capital Humano y Gestión del Conocimiento Institucional | I13: 2- Fortalecimiento del 100% de los procesos de apoyo con actividades priorizadas y efectivas. | J13: Aprobar por el CIGD y publicar el Plan Institucional de Archivos (PINAR) | W13: 1 | X13: SAF – Gestión Documental | Y13: Plan Aprobado y Publicado | Z13: Acta de Aprobación del PINAR y Evidencia de Publicación | AA13: 0.1 | AB13: =+L13 -> 0 | AC13: =IFERROR(AB13/SUM($L13:$W13)*100,0) -> 0 | AE13: =IFERROR(AD13/SUM($L13:$W13)*100,0) -> 0 | AH13: =+M13 -> 0 | AI13: =IFERROR(AH13/SUM($L13:$W13)*100,0) -> 0 | AK13: =IFERROR(AJ13/SUM($L13:$W13)*100,0) -> 0 | AN13: =+N13 -> 0 | AO13: =IFERROR(AN13/SUM($L13:$W13)*100,0) -> 0 | AQ13: =IFERROR(AP13/SUM($L13:$W13)*100,0) -> 0 | AT13: =+O13 -> 0 | AU13: =IFERROR(AT13/SUM($L13:$W13)*100,0) -> 0 | AW13: =IFERROR(AV13/SUM($L13:$W13)*100,0) -> 0 | AZ13: =+P13 -> 0 | BA13: =IFERROR(AZ13/SUM($L13:$W13)*100,0) -> 0 | BC13: =IFERROR(BB13/SUM($L13:$W13)*100,0) -> 0 | BF13: =+Q13 -> 0 | BG13: =IFERROR(BF13/SUM($L13:$W13)*100,0) -> 0 | BI13: =IFERROR(BH13/SUM($L13:$W13)*100,0) -> 0 | BL13: =+R13 -> 0 | BM13: =IFERROR(BL13/SUM($L13:$W13)*100,0) -> 0 | BO13: =IFERROR(BN13/SUM($L13:$W13)*100,0) -> 0 | BR13: =+S13 -> 0 | BS13: =IFERROR(BR13/SUM($L13:$W13)*100,0) -> 0 | BU13: =IFERROR(BT13/SUM($L13:$W13)*100,0) -> 0 | BX13: =+T13 -> 0 | BY13: =IFERROR(BX13/SUM($L13:$W13)*100,0) -> 0 | CA13: =IFERROR(BZ13/SUM($L13:$W13)*100,0) -> 0 | CD13: =+U13 -> 0 | CE13: =IFERROR(CD13/SUM($L13:$W13)*100,0) -> 0 | CG13: =IFERROR(CF13/SUM($L13:$W13)*100,0) -> 0 | CJ13: =+V13 -> 0 | CK13: =IFERROR(CJ13/SUM($L13:$W13)*100,0) -> 0 | CM13: =IFERROR(CL13/SUM($L13:$W13)*100,0) -> 0 | CP13: =+W13 -> 1 | CQ13: =IFERROR(CP13/SUM($L13:$W13)*100,0) -> 100 | CS13: =IFERROR(CR13/SUM($L13:$W13)*100,0) -> 0 | CV13: =SUM(CR13,CL13,CF13,BZ13,BT13,BN13,BH13,BB13,AV13,AP13,AJ13,AD13) -> 0 | CW13: =SUM(CS13,CM13,CG13,CA13,BU13,BO13,BI13,BC13,AW13,AQ13,AK13,AE13)/100 -> 0 | CZ13: 19-02-2026: No se programaron actividades. | DA13: 06-03-2026: No se programaron actividades. | DB13: 07-04-2026: No se programaron actividades. | DC13: 05-05-2026: No se programaron actividades. | DD13: 02-06-2026: No se programaron actividades. | DE13: 06-07-2026: No se programaron actividades. | DL13: 27/07/2026 DPRV: Para el primer semestre de la vigencia 2026, la actividad no presenta programación ni meta de ejecución, de conformidad con el cronograma establecido en el Plan de Acción Institucional. En consecuencia, durante el periodo evaluado no era exigible la presentación de avances o evidencias
B14: 8. Promover el crecimiento económico sostenido, inclusivo y sostenible, el empleo pleno y productivo y el trabajo decente para todos | C14: 5. Bogotá confía en su gobierno | D14: 5.33. Fortalecimiento institucional para un gobierno confiable | E14: 2292 Fortalecer el 100% de la capacidad de gestión de las entidades del Sector Hábitat que promueva la innovación gubernamental la eficiencia administrativa y operativa como generadores de confianza ciudadana (Secretaría de Hábitat CVP Renobo UAESP) | F14: 8228 Fortalecimiento de los procesos de planificación y gestión de la UAESP Bogotá D.C. | G14: 2- Fortalecimiento del 100% de los procesos de apoyo con actividades priorizadas y efectivas. | H14: Desarrollo del Capital Humano y Gestión del Conocimiento Institucional | I14: 2- Fortalecimiento del 100% de los procesos de apoyo con actividades priorizadas y efectivas. | J14: Actualizar las 12 Tablas de Retención Documental - TRD y sus componentes | R14: 1 | X14: SAF – Gestión Documental | Y14: 12 Tablas Actualizadas | Z14: Tablas de Retencion Documental | AA14: 0.1 | AB14: =+L14 -> 0 | AC14: =IFERROR(AB14/SUM($L14:$W14)*100,0) -> 0 | AE14: =IFERROR(AD14/SUM($L14:$W14)*100,0) -> 0 | AH14: =+M14 -> 0 | AI14: =IFERROR(AH14/SUM($L14:$W14)*100,0) -> 0 | AK14: =IFERROR(AJ14/SUM($L14:$W14)*100,0) -> 0 | AN14: =+N14 -> 0 | AO14: =IFERROR(AN14/SUM($L14:$W14)*100,0) -> 0 | AQ14: =IFERROR(AP14/SUM($L14:$W14)*100,0) -> 0 | AT14: =+O14 -> 0 | AU14: =IFERROR(AT14/SUM($L14:$W14)*100,0) -> 0 | AW14: =IFERROR(AV14/SUM($L14:$W14)*100,0) -> 0 | AZ14: =+P14 -> 0 | BA14: =IFERROR(AZ14/SUM($L14:$W14)*100,0) -> 0 | BC14: =IFERROR(BB14/SUM($L14:$W14)*100,0) -> 0 | BF14: =+Q14 -> 0 | BI14: =IFERROR(BH14/SUM($L14:$W14)*100,0) -> 0 | BL14: =+R14 -> 1 | BM14: =IFERROR(BL14/SUM($L14:$W14)*100,0) -> 100 | BO14: =IFERROR(BN14/SUM($L14:$W14)*100,0) -> 0 | BR14: =+S14 -> 0 | BS14: =IFERROR(BR14/SUM($L14:$W14)*100,0) -> 0 | BU14: =IFERROR(BT14/SUM($L14:$W14)*100,0) -> 0 | BX14: =+T14 -> 0 | BY14: =IFERROR(BX14/SUM($L14:$W14)*100,0) -> 0 | CA14: =IFERROR(BZ14/SUM($L14:$W14)*100,0) -> 0 | CD14: =+U14 -> 0 | CE14: =IFERROR(CD14/SUM($L14:$W14)*100,0) -> 0 | CG14: =IFERROR(CF14/SUM($L14:$W14)*100,0) -> 0 | CJ14: =+V14 -> 0 | CK14: =IFERROR(CJ14/SUM($L14:$W14)*100,0) -> 0 | CM14: =IFERROR(CL14/SUM($L14:$W14)*100,0) -> 0 | CP14: =+W14 -> 0 | CQ14: =IFERROR(CP14/SUM($L14:$W14)*100,0) -> 0 | CS14: =IFERROR(CR14/SUM($L14:$W14)*100,0) -> 0 | CV14: =SUM(CR14,CL14,CF14,BZ14,BT14,BN14,BH14,BB14,AV14,AP14,AJ14,AD14) -> 0 | CW14: =SUM(CS14,CM14,CG14,CA14,BU14,BO14,BI14,BC14,AW14,AQ14,AK14,AE14)/100 -> 0 | CZ14: 19-02-2026: No se programaron actividades. | DA14: 06-03-2026: No se programaron actividades. | DB14: 07-04-2026: No se programaron actividades. | DC14: 05-05-2026: No se programaron actividades. | DD14: 02-06-2026: No se programaron actividades. | DE14: 06-07-2026: No se programaron actividades. | DL14: 27/07/2026 DPRV: Para el primer semestre de la vigencia 2026, la actividad no presenta programación ni meta de ejecución, de conformidad con el cronograma establecido en el Plan de Acción Institucional. En consecuencia, durante el periodo evaluado no era exigible la presentación de avances o evidencias
B15: 8. Promover el crecimiento económico sostenido, inclusivo y sostenible, el empleo pleno y productivo y el trabajo decente para todos | C15: 5. Bogotá confía en su gobierno | D15: 5.33. Fortalecimiento institucional para un gobierno confiable | E15: 2292 Fortalecer el 100% de la capacidad de gestión de las entidades del Sector Hábitat que promueva la innovación gubernamental la eficiencia administrativa y operativa como generadores de confianza ciudadana (Secretaría de Hábitat CVP Renobo UAESP) | F15: 8228 Fortalecimiento de los procesos de planificación y gestión de la UAESP Bogotá D.C. | G15: 2- Fortalecimiento del 100% de los procesos de apoyo con actividades priorizadas y efectivas. | H15: Desarrollo del Capital Humano y Gestión del Conocimiento Institucional | I15: 2- Fortalecimiento del 100% de los procesos de apoyo con actividades priorizadas y efectivas. | J15: Aprobar por el CIGD las Tablas de Retención Documental - TRD 2da Versión | W15: 1 | X15: SAF – Gestión Documental | Y15: Tablas Aprobadas | Z15: Acta de Aprobacion | AA15: 0.1 | AB15: =+L15 -> 0 | AC15: =IFERROR(AB15/SUM($L15:$W15)*100,0) -> 0 | AE15: =IFERROR(AD15/SUM($L15:$W15)*100,0) -> 0 | AH15: =+M15 -> 0 | AI15: =IFERROR(AH15/SUM($L15:$W15)*100,0) -> 0 | AK15: =IFERROR(AJ15/SUM($L15:$W15)*100,0) -> 0 | AN15: =+N15 -> 0 | AO15: =IFERROR(AN15/SUM($L15:$W15)*100,0) -> 0 | AQ15: =IFERROR(AP15/SUM($L15:$W15)*100,0) -> 0 | AT15: =+O15 -> 0 | AU15: =IFERROR(AT15/SUM($L15:$W15)*100,0) -> 0 | AW15: =IFERROR(AV15/SUM($L15:$W15)*100,0) -> 0 | AZ15: =+P15 -> 0 | BA15: =IFERROR(AZ15/SUM($L15:$W15)*100,0) -> 0 | BC15: =IFERROR(BB15/SUM($L15:$W15)*100,0) -> 0 | BF15: =+Q15 -> 0 | BG15: =IFERROR(BF15/SUM($L15:$W15)*100,0) -> 0 | BI15: =IFERROR(BH15/SUM($L15:$W15)*100,0) -> 0 | BL15: =+R15 -> 0 | BM15: =IFERROR(BL15/SUM($L15:$W15)*100,0) -> 0 | BO15: =IFERROR(BN15/SUM($L15:$W15)*100,0) -> 0 | BR15: =+S15 -> 0 | BS15: =IFERROR(BR15/SUM($L15:$W15)*100,0) -> 0 | BU15: =IFERROR(BT15/SUM($L15:$W15)*100,0) -> 0 | BX15: =+T15 -> 0 | BY15: =IFERROR(BX15/SUM($L15:$W15)*100,0) -> 0 | CA15: =IFERROR(BZ15/SUM($L15:$W15)*100,0) -> 0 | CD15: =+U15 -> 0 | CE15: =IFERROR(CD15/SUM($L15:$W15)*100,0) -> 0 | CG15: =IFERROR(CF15/SUM($L15:$W15)*100,0) -> 0 | CJ15: =+V15 -> 0 | CK15: =IFERROR(CJ15/SUM($L15:$W15)*100,0) -> 0 | CM15: =IFERROR(CL15/SUM($L15:$W15)*100,0) -> 0 | CP15: =+W15 -> 1 | CQ15: =IFERROR(CP15/SUM($L15:$W15)*100,0) -> 100 | CS15: =IFERROR(CR15/SUM($L15:$W15)*100,0) -> 0 | CV15: =SUM(CR15,CL15,CF15,BZ15,BT15,BN15,BH15,BB15,AV15,AP15,AJ15,AD15) -> 0 | CW15: =SUM(CS15,CM15,CG15,CA15,BU15,BO15,BI15,BC15,AW15,AQ15,AK15,AE15)/100 -> 0 | CZ15: 19-02-2026: No se programaron actividades. | DA15: 06-03-2026: No se programaron actividades. | DB15: 07-04-2026: No se programaron actividades. | DC15: 05-05-2026: No se programaron actividades. | DD15: 02-06-2026: No se programaron actividades. | DE15: 06-07-2026: No se programaron actividades. | DL15: 27/07/2026 DPRV: Para el primer semestre de la vigencia 2026, la actividad no presenta programación ni meta de ejecución, de conformidad con el cronograma establecido en el Plan de Acción Institucional. En consecuencia, durante el periodo evaluado no era exigible la presentación de avances o evidencias
B16: 8. Promover el crecimiento económico sostenido, inclusivo y sostenible, el empleo pleno y productivo y el trabajo decente para todos | C16: 5. Bogotá confía en su gobierno | D16: 5.33. Fortalecimiento institucional para un gobierno confiable | E16: 2292 Fortalecer el 100% de la capacidad de gestión de las entidades del Sector Hábitat que promueva la innovación gubernamental la eficiencia administrativa y operativa como generadores de confianza ciudadana (Secretaría de Hábitat CVP Renobo UAESP) | F16: 8228 Fortalecimiento de los procesos de planificación y gestión de la UAESP Bogotá D.C. | G16: 2- Fortalecimiento del 100% de los procesos de apoyo con actividades priorizadas y efectivas. | H16: Desarrollo del Capital Humano y Gestión del Conocimiento Institucional | I16: 2- Fortalecimiento del 100% de los procesos de apoyo con actividades priorizadas y efectivas. | J16: Realizar seguimientos a cada una de las dependencias de la UAESP sobre la organización de los archivos de gestión. | N16: 12 | Q16: 12 | T16: 12 | W16: 12 | X16: SAF – Gestión Documental | Y16: Seguimiento a la organización de los archivos de gestión =Numero de seguimientos realizados/ Numero de seguimientos programados | Z16: Actas de seguimiento por cada una de las dependencias | AA16: 0.6 | AB16: =+L16 -> 0 | AC16: =IFERROR(AB16/SUM($L16:$W16)*100,0) -> 0 | AE16: =IFERROR(AD16/SUM($L16:$W16)*100,0) -> 0 | AH16: =+M16 -> 0 | AI16: =IFERROR(AH16/SUM($L16:$W16)*100,0) -> 0 | AK16: =IFERROR(AJ16/SUM($L16:$W16)*100,0) -> 0 | AN16: =+N16 -> 12 | AO16: =IFERROR(AN16/SUM($L16:$W16)*100,0) -> 25 | AP16: 12 | AQ16: =IFERROR(AP16/SUM($L16:$W16)*100,0) -> 25 | AR16: Se realizarón mesas de trabajo con las áreas para realizar el seguimiento en la organizacón de los archivos | AS16: Actas Seguimiento Gestión Documental | AT16: =+O16 -> 0 | AU16: =IFERROR(AT16/SUM($L16:$W16)*100,0) -> 0 | AW16: =IFERROR(AV16/SUM($L16:$W16)*100,0) -> 0 | AZ16: =+P16 -> 0 | BA16: =IFERROR(AZ16/SUM($L16:$W16)*100,0) -> 0 | BC16: =IFERROR(BB16/SUM($L16:$W16)*100,0) -> 0 | BF16: =+Q16 -> 12 | BG16: =IFERROR(BF16/SUM($L16:$W16)*100,0) -> 25 | BH16: 12 | BI16: 25 | BJ16: Se realizaron mesas de trabajo con las áreas para realizar el seguimiento en la organziación de los archivos | BK16: Actas de Reunión Seguimiento Documental | BL16: =+R16 -> 0 | BM16: =IFERROR(BL16/SUM($L16:$W16)*100,0) -> 0 | BO16: =IFERROR(BN16/SUM($L16:$W16)*100,0) -> 0 | BR16: =+S16 -> 0 | BS16: =IFERROR(BR16/SUM($L16:$W16)*100,0) -> 0 | BU16: =IFERROR(BT16/SUM($L16:$W16)*100,0) -> 0 | BX16: =+T16 -> 12 | BY16: =IFERROR(BX16/SUM($L16:$W16)*100,0) -> 25 | CA16: =IFERROR(BZ16/SUM($L16:$W16)*100,0) -> 0 | CD16: =+U16 -> 0 | CE16: =IFERROR(CD16/SUM($L16:$W16)*100,0) -> 0 | CG16: =IFERROR(CF16/SUM($L16:$W16)*100,0) -> 0 | CJ16: =+V16 -> 0 | CK16: =IFERROR(CJ16/SUM($L16:$W16)*100,0) -> 0 | CM16: =IFERROR(CL16/SUM($L16:$W16)*100,0) -> 0 | CP16: =+W16 -> 12 | CQ16: =IFERROR(CP16/SUM($L16:$W16)*100,0) -> 25 | CS16: =IFERROR(CR16/SUM($L16:$W16)*100,0) -> 0 | CV16: =SUM(CR16,CL16,CF16,BZ16,BT16,BN16,BH16,BB16,AV16,AP16,AJ16,AD16) -> 24 | CW16: =SUM(CS16,CM16,CG16,CA16,BU16,BO16,BI16,BC16,AW16,AQ16,AK16,AE16)/100 -> 0.5 | CZ16: 19-02-2026: No se programaron actividades. | DA16: 06-03-2026: No se programaron actividades. | DB16: 13-04-2026: Se dio cumplimiento a la actividad programada conforme a lo establecido en la planificación establecida. | DC16: 05-05-2026: No se programaron actividades. | DD16: 02-06-2026: No se programaron actividades. | DE16: 08-07- 2026: Se dio cumplimiento a la actividad programada conforme a lo establecido en la planificación establecida. | DL16: 27/07/2026 Se evidencia que se cargaron 12 actas de reunión para cada trimestre. Sin embargo, Precisar la formulación de la actividad, el indicador y la programación, de manera que se identifique claramente si la meta de 12 corresponde a doce (12) dependencias diferentes de la UAESP o a doce (12) mesas de trabajo, considerando que pueden realizarse varias mesas con una misma dependencia. Esta definición debe reflejarse en el denominador del indicador y en el producto esperado, con el fin de evitar interpretaciones distintas al momento de reportar y validar el cumplimiento. En caso de que la meta corresponda a dependencias, deberá demostrarse la cobertura de las doce dependencias programadas; si corresponde a mesas de trabajo, deberán establecerse los criterios para contabilizarlas y precisar si varias mesas realizadas con una misma dependencia pueden computarse de manera independiente.
